Workbook

Sheet Смета по ТСН-2001
A1: КАК ДОБАВИТЬ В ШАПКУ ДОКУМЕНТА ШАБЛОН ТАКОГО ВИДА:
K2: Форма № 1б
B4: "СОГЛАСОВАНО" | G4: "УТВЕРЖДАЮ"
B5: ООО " "
B6: Генеральный директор
B7: ____________________С.И.Иванов
B8: =CONCATENATE("______________________ ", IF([1]Source!AL12<>"", [1]Source!AL12, "")) -> ______________________ | G8: =CONCATENATE("______________________ ", IF([1]Source!AH12<>"", [1]Source!AH12, "")) -> ______________________
B9: "_____"________________ 2013 г. | G9: "_____"________________ 2013 г.
A13: КАК ДОБАВИТЬ ПОДПИСИ В ШАБЛОН ТАКОГО ВИДА:
C15: Коммерческий директор | G15: Генеральный директор
C17: ОАО " " | G17: ООО " "
C20: __________________________Петров А.П. | G20: __________________________Иванов С.И.

Sheet Source
A1: 0 | B1: Smeta.RU (495) 974-1589 | D1: _PS_ | F1: 0 | G1: 0 | H1: 0 | I1: Smeta.RU | K1: 1 | L1: 44960
A12: 1 | B12: 442 | C12: 0 | D12: =ROW(A415) -> 415 | E12: 0 | F12: Новый объект | G12: 555 | I12: 0 | O12: 0 | P12: 0 | Q12: 0 | R12: 175 | S12: 169 | V12: 0 | BH12: Сметные нормы списания | BI12: Коды ОКП для ТСН-2001 | BJ12: 1 | BK12: 1 | BL12: 0 | BM12: 0 | BN12: 1 | BO12: 0 | BP12: 6 | BQ12: 2 | BR12: 1 | BS12: 1 | BT12: 0 | BU12: 0 | BV12: 0 | BW12: 0 | BX12: 0 | BY12: ТСН 2001- Ремонт | BZ12: Типовой расчет для ТСН-2001 (Ремонт) | CA12: ТСН-2001 | CB12: ТСН-2001 | CC12: ТСН-2001 | CD12: ТСН-2001 | CE12: Поправки для ТСН-2001 | CF12: 0 | CG12: 0 | CH12: 8 | EC12: 0
A15: 15 | B15: 1
A18: 52 | B18: =B415 -> 442 | C18: =C415 -> 1 | D18: =D415 -> 12 | E18: =E415 -> 0 | F18: =F415 -> Новый объект | G18: =G415 -> 555 | O18: =O415 -> 181776.26 | P18: =P415 -> 175852.49 | Q18: =Q415 -> 506.33 | R18: =R415 -> 77.63 | S18: =S415 -> 5417.44 | T18: =T415 -> 0 | U18: =U415 -> 459.32293 | V18: =V415 -> 0 | ... DN18: =DN415 -> 0
A20: 3 | B20: 1 | D20: =ROW(A393) -> 393 | G20: ТЕКУЩИЙ РЕМОНТ В ПОМЕЩЕНИИ №555, КОРПУС 1 | I20: 0 | K20: -1 | V20: 0 | BX20: 0 | CF20: 0 | CG20: 0
A22: 52 | B22: =B393 -> 1 | C22: =C393 -> 3 | D22: =D393 -> 20 | E22: =E393 -> 0 | F22: =F393 | G22: =G393 -> ТЕКУЩИЙ РЕМОНТ В ПОМЕЩЕНИИ №555, КОРПУС 1 | O22: =O393 -> 181776.26 | P22: =P393 -> 175852.49 | Q22: =Q393 -> 506.33 | R22: =R393 -> 77.63 | S22: =S393 -> 5417.44 | T22: =T393 -> 0 | U22: =U393 -> 459.32293 | V22: =V393 -> 0 | ... DN22: =DN393 -> 0
A24: 4 | B24: 1 | D24: =ROW(A49) -> 49 | F24: РАЗДЕЛ 1. | G24: ДЕМОНТАЖНЫЕ РАБОТЫ | I24: 0 | K24: -1 | V24: 0 | BX24: 0 | CJ24: 0
A26: 52 | B26: =B49 -> 1 | C26: =C49 -> 4 | D26: =D49 -> 24 | E26: =E49 -> 0 | F26: =F49 -> РАЗДЕЛ 1. | G26: =G49 -> ДЕМОНТАЖНЫЕ РАБОТЫ | O26: =O49 -> 655.96 | P26: =P49 -> 0 | Q26: =Q49 -> 1.84 | R26: =R49 -> 0.26 | S26: =S49 -> 654.12 | T26: =T49 -> 0 | U26: =U49 -> 61.52557 | V26: =V49 -> 0 | ... DN26: =DN49 -> 0
A28: 17 | B28: 1 | C28: =ROW(SmtRes!A2) -> 2 | D28: =ROW(EtalonRes!A2) -> 2 | E28: 1 | F28: 6.56-12-1 | G28: ДЕМОНТАЖ ДВЕРНЫХ КОРОБОК В КАМЕННЫХ СТЕНАХ С ОТБИВКОЙ ШТУКАТУРКИ В ОТКОСАХ | H28: 100 шт. | I28: 0.01 | J28: 0 | O28: =ROUND(CP28,2) -> 20.62 | P28: =ROUND(CQ28*I28,2) -> 0 | Q28: =ROUND(CR28*I28,2) -> 0 | R28: =ROUND(CS28*I28,2) -> 0 | S28: =ROUND(CT28*I28,2) -> 20.62 | T28: =ROUND(CU28*I28,2) -> 0 | U28: =CV28*I28 -> 1.9603 | V28: =CW28*I28 -> 0 | W28: =ROUND(CX28*I28,2) -> 0 | X28: =ROUND(CY28,2) -> 16.5 | Y28: =ROUND(CZ28,2) -> 11.34 | AA28: 22529512 | AB28: =ROUND((AC28+AD28+AF28),6) -> 2062.24 | AC28: =ROUND((ES28),6) -> 0 | AD28: =ROUND((((ET28)-(EU28))+AE28),6) -> 0 | AE28: =ROUND((EU28),6) -> 0 | AF28: =ROUND((EV28),6) -> 2062.24 | AG28: =ROUND((AP28),6) -> 0 | AH28: =(EW28) -> 196.03 | AI28: =(EX28) -> 0 | AJ28: =ROUND((AS28),6) -> 0 | AK28: 2062.24 | AL28: 0 | AM28: 0 | AN28: 0 | AO28: 2062.24 | AP28: 0 | AQ28: 196.03 | AR28: 0 | AS28: 0 | AT28: 80 | AU28: 55 | AV28: 1 | AW28: 1 | AZ28: 1 | BA28: 1 | BB28: 1 | BC28: 1 | BH28: 0 | BI28: 1 | BJ28: ТСН-2001.6. База. Сб.56, т.12, поз.1 | BM28: 431 | BN28: 0 | BP28: 0 | BQ28: 60 | BS28: 1 | BT28: 1 | BU28: 1 | BV28: 1 | BW28: 1 | BX28: 1 | BZ28: 80 | CA28: 55 | CF28: 0 | CG28: 0 | CM28: 0 | CO28: 0 | CP28: =(P28+Q28+S28) -> 20.62 | CQ28: =((AC28*AW28))*BC28 -> 0 | CR28: =((AD28*AV28))*BB28 -> 0 | CS28: =((AE28*AV28))*BS28 -> 0 | CT28: =((AF28*AV28))*BA28 -> 2062.24 | CU28: =AG28 -> 0 | CV28: =(AH28*AV28) -> 196.03 | CW28: =AI28 -> 0 | CX28: =AJ28 -> 0 | CY28: =((S28*BZ28)/100) -> 16.496 | CZ28: =((S28*CA28)/100) -> 11.341 | DN28: 0 | DO28: 0 | DP28: 1 | DQ28: 1 | DU28: 1010 | DV28: 100 шт. | DW28: 100 шт. | DX28: 100 | EE28: 21121121 | EF28: 60 | EG28: Ремонтно-строительные работы | EH28: 0 | EJ28: 1 | EK28: 431 | EL28: ТСН-2001.6-56. 56-12...56-15 | EM28: ТСН-2001.6-56-3 | EQ28: 0 | ER28: 2062.24 | ES28: 0 | ET28: 0 | EU28: 0 | EV28: 2062.24 | EW28: 196.03 | EX28: 0 | EY28: 0 | EZ28: 0 | FQ28: 0 | FR28: =ROUND(IF(AND(BH28=3,BI28=3),P28,0),2) -> 0 | FS28: 0 | FX28: 80 | FY28: 55 | GG28: 2 | GH28: 1 | GI28: -2 | GJ28: 0 | GK28: =ROUND(R28*(R12)/100,2) -> 0 | GL28: =ROUND(IF(AND(BH28=3,BI28=3,FS28<>0),P28,0),2) -> 0 | GM28: =O28+X28+Y28+GK28 -> 48.46 | GN28: =ROUND(IF(OR(BI28=0,BI28=1),O28+X28+Y28+GK28,0),2) -> 48.46 | GO28: =ROUND(IF(BI28=2,O28+X28+Y28+GK28,0),2) -> 0 | GP28: =ROUND(IF(BI28=4,O28+X28+Y28+GK28,0),2) -> 0 | GR28: 0
A29: 17 | B29: 1 | C29: =ROW(SmtRes!A4) -> 4 | D29: =ROW(EtalonRes!A4) -> 4 | E29: 1 | F29: =F28 -> 6.56-12-1 | G29: =G28 -> ДЕМОНТАЖ ДВЕРНЫХ КОРОБОК В КАМЕННЫХ СТЕНАХ С ОТБИВКОЙ ШТУКАТУРКИ В ОТКОСАХ | H29: =H28 -> 100 шт. | I29: =I28 -> 0.01 | J29: =J28 -> 0 | O29: =ROUND(CP29,2) -> 292.43 | P29: =ROUND(CQ29*I29,2) -> 0 | Q29: =ROUND(CR29*I29,2) -> 0 | R29: =ROUND(CS29*I29,2) -> 0 | S29: =ROUND(CT29*I29,2) -> 292.43 | T29: =ROUND(CU29*I29,2) -> 0 | U29: =CV29*I29 -> 1.9603 | V29: =CW29*I29 -> 0 | W29: =ROUND(CX29*I29,2) -> 0 | X29: =ROUND(CY29,2) -> 210.55 | Y29: =ROUND(CZ29,2) -> 128.67 | AA29: 22529510 | AB29: =ROUND((AC29+AD29+AF29),6) -> 2062.24 | AC29: =ROUND((ES29),6) -> 0 | AD29: =ROUND((((ET29)-(EU29))+AE29),6) -> 0 | AE29: =ROUND((EU29),6) -> 0 | AF29: =ROUND((EV29),6) -> 2062.24 | AG29: =ROUND((AP29),6) -> 0 | AH29: =(EW29) -> 196.03 | AI29: =(EX29) -> 0 | AJ29: =ROUND((AS29),6) -> 0 | AK29: 2062.24 | AL29: 0 | AM29: 0 | AN29: 0 | AO29: 2062.24 | AP29: 0 | AQ29: 196.03 | AR29: 0 | AS29: 0 | AT29: 72 | AU29: 44 | AV29: 1 | AW29: 1 | AZ29: 1 | BA29: 14.18 | BB29: 1 | BC29: 1 | BH29: 0 | BI29: 1 | BJ29: =BJ28 -> ТСН-2001.6. База. Сб.56, т.12, поз.1 | BM29: 431 | BN29: 0 | BO29: 6.56-12-1 | BP29: 1 | BQ29: 60 | BS29: 14.18 | BT29: 1 | BU29: 1 | BV29: 1 | BW29: 1 | BX29: 1 | BZ29: 72 | CA29: 44 | CF29: 0 | CG29: 0 | CM29: 0 | CO29: 0 | CP29: =(P29+Q29+S29) -> 292.43 | CQ29: =((AC29*AW29))*BC29 -> 0 | CR29: =((AD29*AV29))*BB29 -> 0 | CS29: =((AE29*AV29))*BS29 -> 0 | CT29: =((AF29*AV29))*BA29 -> 29242.563 | CU29: =AG29 -> 0 | CV29: =(AH29*AV29) -> 196.03 | CW29: =AI29 -> 0 | CX29: =AJ29 -> 0 | CY29: =S29*(BZ29/100) -> 210.5496 | CZ29: =S29*(CA29/100) -> 128.6692 | DN29: 80 | DO29: 55 | DP29: 1.047 | DQ29: 1 | DU29: =DU28 -> 1010 | DV29: =DV28 -> 100 шт. | DW29: =DW28 -> 100 шт. | DX29: =DX28 -> 100 | DY29: =DY28 -> 0 | DZ29: =DZ28 -> 0 | EA29: =EA28 -> 0 | EB29: =EB28 -> 0 | ... EM29: =EM28 -> ТСН-2001.6-56-3 | EQ29: 0 | ER29: 2062.24 | ES29: 0 | ET29: 0 | EU29: 0 | EV29: 2062.24 | EW29: 196.03 | EX29: 0 | EY29: 0 | FQ29: 0 | FR29: =ROUND(IF(AND(BH29=3,BI29=3),P29,0),2) -> 0 | FS29: 0 | FX29: 72 | FY29: 44 | GG29: 2 | GH29: 1 | GI29: 2 | GJ29: 0 | GK29: =ROUND(R29*(S12)/100,2) -> 0 | GL29: =ROUND(IF(AND(BH29=3,BI29=3,FS29<>0),P29,0),2) -> 0 | GM29: =O29+X29+Y29+GK29 -> 631.65 | GN29: =ROUND(IF(OR(BI29=0,BI29=1),O29+X29+Y29+GK29,0),2) -> 631.65 | GO29: =ROUND(IF(BI29=2,O29+X29+Y29+GK29,0),2) -> 0 | GP29: =ROUND(IF(BI29=4,O29+X29+Y29+GK29,0),2) -> 0 | GR29: 0
A30: 17 | B30: 1 | C30: =ROW(SmtRes!A6) -> 6 | D30: =ROW(EtalonRes!A6) -> 6 | E30: 2 | F30: 6.56-14-1 | G30: СНЯТИЕ НАЛИЧНИКОВ | H30: 100 м | I30: 0.1 | J30: 0 | O30: =ROUND(CP30,2) -> 4.38 | P30: =ROUND(CQ30*I30,2) -> 0 | Q30: =ROUND(CR30*I30,2) -> 0 | R30: =ROUND(CS30*I30,2) -> 0 | S30: =ROUND(CT30*I30,2) -> 4.38 | T30: =ROUND(CU30*I30,2) -> 0 | U30: =CV30*I30 -> 0.421 | V30: =CW30*I30 -> 0 | W30: =ROUND(CX30*I30,2) -> 0 | X30: =ROUND(CY30,2) -> 3.5 | Y30: =ROUND(CZ30,2) -> 2.41 | AA30: 22529512 | AB30: =ROUND((AC30+AD30+AF30),6) -> 43.83 | AC30: =ROUND((ES30),6) -> 0 | AD30: =ROUND((((ET30)-(EU30))+AE30),6) -> 0 | AE30: =ROUND((EU30),6) -> 0 | AF30: =ROUND((EV30),6) -> 43.83 | AG30: =ROUND((AP30),6) -> 0 | AH30: =(EW30) -> 4.21 | AI30: =(EX30) -> 0 | AJ30: =ROUND((AS30),6) -> 0 | AK30: 43.83 | AL30: 0 | AM30: 0 | AN30: 0 | AO30: 43.83 | AP30: 0 | AQ30: 4.21 | AR30: 0 | AS30: 0 | AT30: 80 | AU30: 55 | AV30: 1 | AW30: 1 | AZ30: 1 | BA30: 1 | BB30: 1 | BC30: 1 | BH30: 0 | BI30: 1 | BJ30: ТСН-2001.6. База. Сб.56, т.14, поз.1 | BM30: 431 | BN30: 0 | BP30: 0 | BQ30: 60 | BS30: 1 | BT30: 1 | BU30: 1 | BV30: 1 | BW30: 1 | BX30: 1 | BZ30: 80 | CA30: 55 | CF30: 0 | CG30: 0 | CM30: 0 | CO30: 0 | CP30: =(P30+Q30+S30) -> 4.38 | CQ30: =((AC30*AW30))*BC30 -> 0 | CR30: =((AD30*AV30))*BB30 -> 0 | CS30: =((AE30*AV30))*BS30 -> 0 | CT30: =((AF30*AV30))*BA30 -> 43.83 | CU30: =AG30 -> 0 | CV30: =(AH30*AV30) -> 4.21 | CW30: =AI30 -> 0 | CX30: =AJ30 -> 0 | CY30: =((S30*BZ30)/100) -> 3.504 | CZ30: =((S30*CA30)/100) -> 2.409 | DN30: 0 | DO30: 0 | DP30: 1 | DQ30: 1 | DU30: 1003 | DV30: 100 м | DW30: 100 м | DX30: 100 | EE30: 21121121 | EF30: 60 | EG30: Ремонтно-строительные работы | EH30: 0 | EJ30: 1 | EK30: 431 | EL30: ТСН-2001.6-56. 56-12...56-15 | EM30: ТСН-2001.6-56-3 | EQ30: 0 | ER30: 43.83 | ES30: 0 | ET30: 0 | EU30: 0 | EV30: 43.83 | EW30: 4.21 | EX30: 0 | EY30: 0 | EZ30: 0 | FQ30: 0 | FR30: =ROUND(IF(AND(BH30=3,BI30=3),P30,0),2) -> 0 | FS30: 0 | FX30: 80 | FY30: 55 | GG30: 2 | GH30: 1 | GI30: -2 | GJ30: 0 | GK30: =ROUND(R30*(R12)/100,2) -> 0 | GL30: =ROUND(IF(AND(BH30=3,BI30=3,FS30<>0),P30,0),2) -> 0 | GM30: =O30+X30+Y30+GK30 -> 10.29 | GN30: =ROUND(IF(OR(BI30=0,BI30=1),O30+X30+Y30+GK30,0),2) -> 10.29 | GO30: =ROUND(IF(BI30=2,O30+X30+Y30+GK30,0),2) -> 0 | GP30: =ROUND(IF(BI30=4,O30+X30+Y30+GK30,0),2) -> 0 | GR30: 0
A31: 17 | B31: 1 | C31: =ROW(SmtRes!A8) -> 8 | D31: =ROW(EtalonRes!A8) -> 8 | E31: 2 | F31: =F30 -> 6.56-14-1 | G31: =G30 -> СНЯТИЕ НАЛИЧНИКОВ | H31: =H30 -> 100 м | I31: =I30 -> 0.1 | J31: =J30 -> 0 | O31: =ROUND(CP31,2) -> 62.15 | P31: =ROUND(CQ31*I31,2) -> 0 | Q31: =ROUND(CR31*I31,2) -> 0 | R31: =ROUND(CS31*I31,2) -> 0 | S31: =ROUND(CT31*I31,2) -> 62.15 | T31: =ROUND(CU31*I31,2) -> 0 | U31: =CV31*I31 -> 0.421 | V31: =CW31*I31 -> 0 | W31: =ROUND(CX31*I31,2) -> 0 | X31: =ROUND(CY31,2) -> 44.75 | Y31: =ROUND(CZ31,2) -> 27.35 | AA31: 22529510 | AB31: =ROUND((AC31+AD31+AF31),6) -> 43.83 | AC31: =ROUND((ES31),6) -> 0 | AD31: =ROUND((((ET31)-(EU31))+AE31),6) -> 0 | AE31: =ROUND((EU31),6) -> 0 | AF31: =ROUND((EV31),6) -> 43.83 | AG31: =ROUND((AP31),6) -> 0 | AH31: =(EW31) -> 4.21 | AI31: =(EX31) -> 0 | AJ31: =ROUND((AS31),6) -> 0 | AK31: 43.83 | AL31: 0 | AM31: 0 | AN31: 0 | AO31: 43.83 | AP31: 0 | AQ31: 4.21 | AR31: 0 | AS31: 0 | AT31: 72 | AU31: 44 | AV31: 1 | AW31: 1 | AZ31: 1 | BA31: 14.18 | BB31: 1 | BC31: 1 | BH31: 0 | BI31: 1 | BJ31: =BJ30 -> ТСН-2001.6. База. Сб.56, т.14, поз.1 | BM31: 431 | BN31: 0 | BO31: 6.56-14-1 | BP31: 1 | BQ31: 60 | BS31: 14.18 | BT31: 1 | BU31: 1 | BV31: 1 | BW31: 1 | BX31: 1 | BZ31: 72 | CA31: 44 | CF31: 0 | CG31: 0 | CM31: 0 | CO31: 0 | CP31: =(P31+Q31+S31) -> 62.15 | CQ31: =((AC31*AW31))*BC31 -> 0 | CR31: =((AD31*AV31))*BB31 -> 0 | CS31: =((AE31*AV31))*BS31 -> 0 | CT31: =((AF31*AV31))*BA31 -> 621.5094 | CU31: =AG31 -> 0 | CV31: =(AH31*AV31) -> 4.21 | CW31: =AI31 -> 0 | CX31: =AJ31 -> 0 | CY31: =S31*(BZ31/100) -> 44.748 | CZ31: =S31*(CA31/100) -> 27.346 | DN31: 80 | DO31: 55 | DP31: 1.047 | DQ31: 1 | DU31: =DU30 -> 1003 | DV31: =DV30 -> 100 м | DW31: =DW30 -> 100 м | DX31: =DX30 -> 100 | DY31: =DY30 -> 0 | DZ31: =DZ30 -> 0 | EA31: =EA30 -> 0 | EB31: =EB30 -> 0 | ... EM31: =EM30 -> ТСН-2001.6-56-3 | EQ31: 0 | ER31: 43.83 | ES31: 0 | ET31: 0 | EU31: 0 | EV31: 43.83 | EW31: 4.21 | EX31: 0 | EY31: 0 | FQ31: 0 | FR31: =ROUND(IF(AND(BH31=3,BI31=3),P31,0),2) -> 0 | FS31: 0 | FX31: 72 | FY31: 44 | GG31: 2 | GH31: 1 | GI31: 2 | GJ31: 0 | GK31: =ROUND(R31*(S12)/100,2) -> 0 | GL31: =ROUND(IF(AND(BH31=3,BI31=3,FS31<>0),P31,0),2) -> 0 | GM31: =O31+X31+Y31+GK31 -> 134.25 | GN31: =ROUND(IF(OR(BI31=0,BI31=1),O31+X31+Y31+GK31,0),2) -> 134.25 | GO31: =ROUND(IF(BI31=2,O31+X31+Y31+GK31,0),2) -> 0 | GP31: =ROUND(IF(BI31=4,O31+X31+Y31+GK31,0),2) -> 0 | GR31: 0
A32: 17 | B32: 1 | C32: =ROW(SmtRes!A9) -> 9 | D32: =ROW(EtalonRes!A9) -> 9 | E32: 3 | F32: 6.56-38-1 | G32: РАЗБОРКА ДЕРЕВЯННЫХ ЗАПОЛНЕНИЙ ПРОЕМОВ ОКОННЫХ С ПОДОКОННЫМИ ДОСКАМИ | H32: 100 м2 | I32: 0.018 | J32: 0 | O32: =ROUND(CP32,2) -> 31.56 | P32: =ROUND(CQ32*I32,2) -> 0 | Q32: =ROUND(CR32*I32,2) -> 0 | R32: =ROUND(CS32*I32,2) -> 0 | S32: =ROUND(CT32*I32,2) -> 31.56 | T32: =ROUND(CU32*I32,2) -> 0 | U32: =CV32*I32 -> 2.97702 | V32: =CW32*I32 -> 0 | W32: =ROUND(CX32*I32,2) -> 0 | X32: =ROUND(CY32,2) -> 25.25 | Y32: =ROUND(CZ32,2) -> 17.36 | AA32: 22529512 | AB32: =ROUND((AC32+AD32+AF32),6) -> 1753.13 | AC32: =ROUND((ES32),6) -> 0 | AD32: =ROUND((((ET32)-(EU32))+AE32),6) -> 0 | AE32: =ROUND((EU32),6) -> 0 | AF32: =ROUND((EV32),6) -> 1753.13 | AG32: =ROUND((AP32),6) -> 0 | AH32: =(EW32) -> 165.39 | AI32: =(EX32) -> 0 | AJ32: =ROUND((AS32),6) -> 0 | AK32: 1753.13 | AL32: 0 | AM32: 0 | AN32: 0 | AO32: 1753.13 | AP32: 0 | AQ32: 165.39 | AR32: 0 | AS32: 0 | AT32: 80 | AU32: 55 | AV32: 1 | AW32: 1 | AZ32: 1 | BA32: 1 | BB32: 1 | BC32: 1 | BH32: 0 | BI32: 1 | BJ32: ТСН-2001.6. База. Сб.56, т.38, поз.1 | BM32: 438 | BN32: 0 | BP32: 0 | BQ32: 60 | BS32: 1 | BT32: 1 | BU32: 1 | BV32: 1 | BW32: 1 | BX32: 1 | BZ32: 80 | CA32: 55 | CF32: 0 | CG32: 0 | CM32: 0 | CO32: 0 | CP32: =(P32+Q32+S32) -> 31.56 | CQ32: =((AC32*AW32))*BC32 -> 0 | CR32: =((AD32*AV32))*BB32 -> 0 | CS32: =((AE32*AV32))*BS32 -> 0 | CT32: =((AF32*AV32))*BA32 -> 1753.13 | CU32: =AG32 -> 0 | CV32: =(AH32*AV32) -> 165.39 | CW32: =AI32 -> 0 | CX32: =AJ32 -> 0 | CY32: =((S32*BZ32)/100) -> 25.248 | CZ32: =((S32*CA32)/100) -> 17.358 | DN32: 0 | DO32: 0 | DP32: 1 | DQ32: 1 | DU32: 1005 | DV32: 100 м2 | DW32: 100 м2 | DX32: 100 | EE32: 21121128 | EF32: 60 | EG32: Ремонтно-строительные работы | EH32: 0 | EJ32: 1 | EK32: 438 | EL32: ТСН-2001.6-56. 56-38 | EM32: ТСН-2001.6-56-10 | EQ32: 0 | ER32: 1753.13 | ES32: 0 | ET32: 0 | EU32: 0 | EV32: 1753.13 | EW32: 165.39 | EX32: 0 | EY32: 0 | EZ32: 0 | FQ32: 0 | FR32: =ROUND(IF(AND(BH32=3,BI32=3),P32,0),2) -> 0 | FS32: 0 | FX32: 80 | FY32: 55 | GG32: 2 | GH32: 1 | GI32: -2 | GJ32: 0 | GK32: =ROUND(R32*(R12)/100,2) -> 0 | GL32: =ROUND(IF(AND(BH32=3,BI32=3,FS32<>0),P32,0),2) -> 0 | GM32: =O32+X32+Y32+GK32 -> 74.17 | GN32: =ROUND(IF(OR(BI32=0,BI32=1),O32+X32+Y32+GK32,0),2) -> 74.17 | GO32: =ROUND(IF(BI32=2,O32+X32+Y32+GK32,0),2) -> 0 | GP32: =ROUND(IF(BI32=4,O32+X32+Y32+GK32,0),2) -> 0 | GR32: 0
A33: 17 | B33: 1 | C33: =ROW(SmtRes!A10) -> 10 | D33: =ROW(EtalonRes!A10) -> 10 | E33: 3 | F33: =F32 -> 6.56-38-1 | G33: =G32 -> РАЗБОРКА ДЕРЕВЯННЫХ ЗАПОЛНЕНИЙ ПРОЕМОВ ОКОННЫХ С ПОДОКОННЫМИ ДОСКАМИ | H33: =H32 -> 100 м2 | I33: =I32 -> 0.018 | J33: =J32 -> 0 | O33: =ROUND(CP33,2) -> 447.47 | P33: =ROUND(CQ33*I33,2) -> 0 | Q33: =ROUND(CR33*I33,2) -> 0 | R33: =ROUND(CS33*I33,2) -> 0 | S33: =ROUND(CT33*I33,2) -> 447.47 | T33: =ROUND(CU33*I33,2) -> 0 | U33: =CV33*I33 -> 2.97702 | V33: =CW33*I33 -> 0 | W33: =ROUND(CX33*I33,2) -> 0 | X33: =ROUND(CY33,2) -> 322.18 | Y33: =ROUND(CZ33,2) -> 196.89 | AA33: 22529510 | AB33: =ROUND((AC33+AD33+AF33),6) -> 1753.13 | AC33: =ROUND((ES33),6) -> 0 | AD33: =ROUND((((ET33)-(EU33))+AE33),6) -> 0 | AE33: =ROUND((EU33),6) -> 0 | AF33: =ROUND((EV33),6) -> 1753.13 | AG33: =ROUND((AP33),6) -> 0 | AH33: =(EW33) -> 165.39 | AI33: =(EX33) -> 0 | AJ33: =ROUND((AS33),6) -> 0 | AK33: 1753.13 | AL33: 0 | AM33: 0 | AN33: 0 | AO33: 1753.13 | AP33: 0 | AQ33: 165.39 | AR33: 0 | AS33: 0 | AT33: 72 | AU33: 44 | AV33: 1 | AW33: 1 | AZ33: 1 | BA33: 14.18 | BB33: 1 | BC33: 1 | BH33: 0 | BI33: 1 | BJ33: =BJ32 -> ТСН-2001.6. База. Сб.56, т.38, поз.1 | BM33: 438 | BN33: 0 | BO33: 6.56-38-1 | BP33: 1 | BQ33: 60 | BS33: 14.18 | BT33: 1 | BU33: 1 | BV33: 1 | BW33: 1 | BX33: 1 | BZ33: 72 | CA33: 44 | CF33: 0 | CG33: 0 | CM33: 0 | CO33: 0 | CP33: =(P33+Q33+S33) -> 447.47 | CQ33: =((AC33*AW33))*BC33 -> 0 | CR33: =((AD33*AV33))*BB33 -> 0 | CS33: =((AE33*AV33))*BS33 -> 0 | CT33: =((AF33*AV33))*BA33 -> 24859.383 | CU33: =AG33 -> 0 | CV33: =(AH33*AV33) -> 165.39 | CW33: =AI33 -> 0 | CX33: =AJ33 -> 0 | CY33: =S33*(BZ33/100) -> 322.1784 | CZ33: =S33*(CA33/100) -> 196.8868 | DN33: 80 | DO33: 55 | DP33: 1.047 | DQ33: 1 | DU33: =DU32 -> 1005 | DV33: =DV32 -> 100 м2 | DW33: =DW32 -> 100 м2 | DX33: =DX32 -> 100 | DY33: =DY32 -> 0 | DZ33: =DZ32 -> 0 | EA33: =EA32 -> 0 | EB33: =EB32 -> 0 | ... EM33: =EM32 -> ТСН-2001.6-56-10 | EQ33: 0 | ER33: 1753.13 | ES33: 0 | ET33: 0 | EU33: 0 | EV33: 1753.13 | EW33: 165.39 | EX33: 0 | EY33: 0 | FQ33: 0 | FR33: =ROUND(IF(AND(BH33=3,BI33=3),P33,0),2) -> 0 | FS33: 0 | FX33: 72 | FY33: 44 | GG33: 2 | GH33: 1 | GI33: 2 | GJ33: 0 | GK33: =ROUND(R33*(S12)/100,2) -> 0 | GL33: =ROUND(IF(AND(BH33=3,BI33=3,FS33<>0),P33,0),2) -> 0 | GM33: =O33+X33+Y33+GK33 -> 966.54 | GN33: =ROUND(IF(OR(BI33=0,BI33=1),O33+X33+Y33+GK33,0),2) -> 966.54 | GO33: =ROUND(IF(BI33=2,O33+X33+Y33+GK33,0),2) -> 0 | GP33: =ROUND(IF(BI33=4,O33+X33+Y33+GK33,0),2) -> 0 | GR33: 0
A34: 17 | B34: 1 | C34: =ROW(SmtRes!A12) -> 12 | D34: =ROW(EtalonRes!A12) -> 12 | E34: 4 | F34: 6.55-1-6 | G34: РАЗБОРКА ДЕРЕВЯННЫХ ПЕРЕГОРОДОК КАРКАСНЫХ, ОБШИТЫХ ДРЕВЕСНОВОЛОКНИСТЫМИ ПЛИТАМИ | H34: 100 м2 | I34: 0.217 | J34: 0 | O34: =ROUND(CP34,2) -> 117.47 | P34: =ROUND(CQ34*I34,2) -> 0 | Q34: =ROUND(CR34*I34,2) -> 0 | R34: =ROUND(CS34*I34,2) -> 0 | S34: =ROUND(CT34*I34,2) -> 117.47 | T34: =ROUND(CU34*I34,2) -> 0 | U34: =CV34*I34 -> 11.49449 | V34: =CW34*I34 -> 0 | W34: =ROUND(CX34*I34,2) -> 0 | X34: =ROUND(CY34,2) -> 93.98 | Y34: =ROUND(CZ34,2) -> 64.61 | AA34: 22529512 | AB34: =ROUND((AC34+AD34+AF34),6) -> 541.35 | AC34: =ROUND((ES34),6) -> 0 | AD34: =ROUND((((ET34)-(EU34))+AE34),6) -> 0 | AE34: =ROUND((EU34),6) -> 0 | AF34: =ROUND((EV34),6) -> 541.35 | AG34: =ROUND((AP34),6) -> 0 | AH34: =(EW34) -> 52.97 | AI34: =(EX34) -> 0 | AJ34: =ROUND((AS34),6) -> 0 | AK34: 541.35 | AL34: 0 | AM34: 0 | AN34: 0 | AO34: 541.35 | AP34: 0 | AQ34: 52.97 | AR34: 0 | AS34: 0 | AT34: 80 | AU34: 55 | AV34: 1 | AW34: 1 | AZ34: 1 | BA34: 1 | BB34: 1 | BC34: 1 | BH34: 0 | BI34: 1 | BJ34: ТСН-2001.6. База. Сб.55, т.1, поз.6 | BM34: 427 | BN34: 0 | BP34: 0 | BQ34: 60 | BS34: 1 | BT34: 1 | BU34: 1 | BV34: 1 | BW34: 1 | BX34: 1 | BZ34: 80 | CA34: 55 | CF34: 0 | CG34: 0 | CM34: 0 | CO34: 0 | CP34: =(P34+Q34+S34) -> 117.47 | CQ34: =((AC34*AW34))*BC34 -> 0 | CR34: =((AD34*AV34))*BB34 -> 0 | CS34: =((AE34*AV34))*BS34 -> 0 | CT34: =((AF34*AV34))*BA34 -> 541.35 | CU34: =AG34 -> 0 | CV34: =(AH34*AV34) -> 52.97 | CW34: =AI34 -> 0 | CX34: =AJ34 -> 0 | CY34: =((S34*BZ34)/100) -> 93.976 | CZ34: =((S34*CA34)/100) -> 64.6085 | DN34: 0 | DO34: 0 | DP34: 1 | DQ34: 1 | DU34: 1005 | DV34: 100 м2 | DW34: 100 м2 | DX34: 100 | EE34: 21121117 | EF34: 60 | EG34: Ремонтно-строительные работы | EH34: 0 | EJ34: 1 | EK34: 427 | EL34: ТСН-2001.6-55. 55-1...55-4 | EM34: ТСН-2001.6-55-1 | EQ34: 0 | ER34: 541.35 | ES34: 0 | ET34: 0 | EU34: 0 | EV34: 541.35 | EW34: 52.97 | EX34: 0 | EY34: 0 | EZ34: 0 | FQ34: 0 | FR34: =ROUND(IF(AND(BH34=3,BI34=3),P34,0),2) -> 0 | FS34: 0 | FX34: 80 | FY34: 55 | GG34: 2 | GH34: 1 | GI34: -2 | GJ34: 0 | GK34: =ROUND(R34*(R12)/100,2) -> 0 | GL34: =ROUND(IF(AND(BH34=3,BI34=3,FS34<>0),P34,0),2) -> 0 | GM34: =O34+X34+Y34+GK34 -> 276.06 | GN34: =ROUND(IF(OR(BI34=0,BI34=1),O34+X34+Y34+GK34,0),2) -> 276.06 | GO34: =ROUND(IF(BI34=2,O34+X34+Y34+GK34,0),2) -> 0 | GP34: =ROUND(IF(BI34=4,O34+X34+Y34+GK34,0),2) -> 0 | GR34: 0
A35: 17 | B35: 1 | C35: =ROW(SmtRes!A14) -> 14 | D35: =ROW(EtalonRes!A14) -> 14 | E35: 4 | F35: =F34 -> 6.55-1-6 | G35: =G34 -> РАЗБОРКА ДЕРЕВЯННЫХ ПЕРЕГОРОДОК КАРКАСНЫХ, ОБШИТЫХ ДРЕВЕСНОВОЛОКНИСТЫМИ ПЛИТАМИ | H35: =H34 -> 100 м2 | I35: =I34 -> 0.217 | J35: =J34 -> 0 | O35: =ROUND(CP35,2) -> 1665.77 | P35: =ROUND(CQ35*I35,2) -> 0 | Q35: =ROUND(CR35*I35,2) -> 0 | R35: =ROUND(CS35*I35,2) -> 0 | S35: =ROUND(CT35*I35,2) -> 1665.77 | T35: =ROUND(CU35*I35,2) -> 0 | U35: =CV35*I35 -> 11.49449 | V35: =CW35*I35 -> 0 | W35: =ROUND(CX35*I35,2) -> 0 | X35: =ROUND(CY35,2) -> 1199.35 | Y35: =ROUND(CZ35,2) -> 732.94 | AA35: 22529510 | AB35: =ROUND((AC35+AD35+AF35),6) -> 541.35 | AC35: =ROUND((ES35),6) -> 0 | AD35: =ROUND((((ET35)-(EU35))+AE35),6) -> 0 | AE35: =ROUND((EU35),6) -> 0 | AF35: =ROUND((EV35),6) -> 541.35 | AG35: =ROUND((AP35),6) -> 0 | AH35: =(EW35) -> 52.97 | AI35: =(EX35) -> 0 | AJ35: =ROUND((AS35),6) -> 0 | AK35: 541.35 | AL35: 0 | AM35: 0 | AN35: 0 | AO35: 541.35 | AP35: 0 | AQ35: 52.97 | AR35: 0 | AS35: 0 | AT35: 72 | AU35: 44 | AV35: 1 | AW35: 1 | AZ35: 1 | BA35: 14.18 | BB35: 1 | BC35: 1 | BH35: 0 | BI35: 1 | BJ35: =BJ34 -> ТСН-2001.6. База. Сб.55, т.1, поз.6 | BM35: 427 | BN35: 0 | BO35: 6.55-1-6 | BP35: 1 | BQ35: 60 | BS35: 14.18 | BT35: 1 | BU35: 1 | BV35: 1 | BW35: 1 | BX35: 1 | BZ35: 72 | CA35: 44 | CF35: 0 | CG35: 0 | CM35: 0 | CO35: 0 | CP35: =(P35+Q35+S35) -> 1665.77 | CQ35: =((AC35*AW35))*BC35 -> 0 | CR35: =((AD35*AV35))*BB35 -> 0 | CS35: =((AE35*AV35))*BS35 -> 0 | CT35: =((AF35*AV35))*BA35 -> 7676.343 | CU35: =AG35 -> 0 | CV35: =(AH35*AV35) -> 52.97 | CW35: =AI35 -> 0 | CX35: =AJ35 -> 0 | CY35: =S35*(BZ35/100) -> 1199.3544 | CZ35: =S35*(CA35/100) -> 732.9388 | DN35: 80 | DO35: 55 | DP35: 1.047 | DQ35: 1 | DU35: =DU34 -> 1005 | DV35: =DV34 -> 100 м2 | DW35: =DW34 -> 100 м2 | DX35: =DX34 -> 100 | DY35: =DY34 -> 0 | DZ35: =DZ34 -> 0 | EA35: =EA34 -> 0 | EB35: =EB34 -> 0 | ... EM35: =EM34 -> ТСН-2001.6-55-1 | EQ35: 0 | ER35: 541.35 | ES35: 0 | ET35: 0 | EU35: 0 | EV35: 541.35 | EW35: 52.97 | EX35: 0 | EY35: 0 | FQ35: 0 | FR35: =ROUND(IF(AND(BH35=3,BI35=3),P35,0),2) -> 0 | FS35: 0 | FX35: 72 | FY35: 44 | GG35: 2 | GH35: 1 | GI35: 2 | GJ35: 0 | GK35: =ROUND(R35*(S12)/100,2) -> 0 | GL35: =ROUND(IF(AND(BH35=3,BI35=3,FS35<>0),P35,0),2) -> 0 | GM35: =O35+X35+Y35+GK35 -> 3598.06 | GN35: =ROUND(IF(OR(BI35=0,BI35=1),O35+X35+Y35+GK35,0),2) -> 3598.06 | GO35: =ROUND(IF(BI35=2,O35+X35+Y35+GK35,0),2) -> 0 | GP35: =ROUND(IF(BI35=4,O35+X35+Y35+GK35,0),2) -> 0 | GR35: 0
A36: 17 | B36: 1 | C36: =ROW(SmtRes!A17) -> 17 | D36: =ROW(EtalonRes!A17) -> 17 | E36: 5 | F36: 6.65-22-1 | G36: РАЗБОРКА ВЕНТИЛЯЦИОННЫХ КОРОБОВ | H36: 100 м2 | I36: 0.32 | J36: 0 | O36: =ROUND(CP36,2) -> 301.05 | P36: =ROUND(CQ36*I36,2) -> 0 | Q36: =ROUND(CR36*I36,2) -> 1.45 | R36: =ROUND(CS36*I36,2) -> 0.06 | S36: =ROUND(CT36*I36,2) -> 299.6 | T36: =ROUND(CU36*I36,2) -> 0 | U36: =CV36*I36 -> 28 | V36: =CW36*I36 -> 0 | W36: =ROUND(CX36*I36,2) -> 0 | X36: =ROUND(CY36,2) -> 239.68 | Y36: =ROUND(CZ36,2) -> 164.78 | AA36: 22529512 | AB36: =ROUND((AC36+AD36+AF36),6) -> 940.78 | AC36: =ROUND((ES36),6) -> 0 | AD36: =ROUND((((ET36)-(EU36))+AE36),6) -> 4.53 | AE36: =ROUND((EU36),6) -> 0.19 | AF36: =ROUND((EV36),6) -> 936.25 | AG36: =ROUND((AP36),6) -> 0 | AH36: =(EW36) -> 87.5 | AI36: =(EX36) -> 0 | AJ36: =ROUND((AS36),6) -> 0 | AK36: 940.78 | AL36: 0 | AM36: 4.53 | AN36: 0.19 | AO36: 936.25 | AP36: 0 | AQ36: 87.5 | AR36: 0 | AS36: 0 | AT36: 80 | AU36: 55 | AV36: 1 | AW36: 1 | AZ36: 1 | BA36: 1 | BB36: 1 | BC36: 1 | BH36: 0 | BI36: 1 | BJ36: ТСН-2001.6. База. Сб.65, т.22, поз.1 | BM36: 620 | BN36: 0 | BP36: 0 | BQ36: 60 | BS36: 1 | BT36: 1 | BU36: 1 | BV36: 1 | BW36: 1 | BX36: 1 | BZ36: 80 | CA36: 55 | CF36: 0 | CG36: 0 | CM36: 0 | CO36: 0 | CP36: =(P36+Q36+S36) -> 301.05 | CQ36: =((AC36*AW36))*BC36 -> 0 | CR36: =((AD36*AV36))*BB36 -> 4.53 | CS36: =((AE36*AV36))*BS36 -> 0.19 | CT36: =((AF36*AV36))*BA36 -> 936.25 | CU36: =AG36 -> 0 | CV36: =(AH36*AV36) -> 87.5 | CW36: =AI36 -> 0 | CX36: =AJ36 -> 0 | CY36: =((S36*BZ36)/100) -> 239.68 | CZ36: =((S36*CA36)/100) -> 164.78 | DN36: 0 | DO36: 0 | DP36: 1 | DQ36: 1 | DU36: 1005 | DV36: 100 м2 | DW36: 100 м2 | DX36: 100 | EE36: 21121310 | EF36: 60 | EG36: Ремонтно-строительные работы | EH36: 0 | EJ36: 1 | EK36: 620 | EL36: ТСН-2001.6-65. 65-22, 65-23 | EM36: ТСН-2001.6-65-5 | EQ36: 0 | ER36: 940.78 | ES36: 0 | ET36: 4.53 | EU36: 0.19 | EV36: 936.25 | EW36: 87.5 | EX36: 0 | EY36: 0 | EZ36: 0 | FQ36: 0 | FR36: =ROUND(IF(AND(BH36=3,BI36=3),P36,0),2) -> 0 | FS36: 0 | FX36: 80 | FY36: 55 | GG36: 2 | GH36: 1 | GI36: -2 | GJ36: 0 | GK36: =ROUND(R36*(R12)/100,2) -> 0.11 | GL36: =ROUND(IF(AND(BH36=3,BI36=3,FS36<>0),P36,0),2) -> 0 | GM36: =O36+X36+Y36+GK36 -> 705.62 | GN36: =ROUND(IF(OR(BI36=0,BI36=1),O36+X36+Y36+GK36,0),2) -> 705.62 | GO36: =ROUND(IF(BI36=2,O36+X36+Y36+GK36,0),2) -> 0 | GP36: =ROUND(IF(BI36=4,O36+X36+Y36+GK36,0),2) -> 0 | GR36: 0
A37: 17 | B37: 1 | C37: =ROW(SmtRes!A20) -> 20 | D37: =ROW(EtalonRes!A20) -> 20 | E37: 5 | F37: =F36 -> 6.65-22-1 | G37: =G36 -> РАЗБОРКА ВЕНТИЛЯЦИОННЫХ КОРОБОВ | H37: =H36 -> 100 м2 | I37: =I36 -> 0.32 | J37: =J36 -> 0 | O37: =ROUND(CP37,2) -> 4262.93 | P37: =ROUND(CQ37*I37,2) -> 0 | Q37: =ROUND(CR37*I37,2) -> 14.6 | R37: =ROUND(CS37*I37,2) -> 0.86 | S37: =ROUND(CT37*I37,2) -> 4248.33 | T37: =ROUND(CU37*I37,2) -> 0 | U37: =CV37*I37 -> 28 | V37: =CW37*I37 -> 0 | W37: =ROUND(CX37*I37,2) -> 0 | X37: =ROUND(CY37,2) -> 3058.8 | Y37: =ROUND(CZ37,2) -> 1869.27 | AA37: 22529510 | AB37: =ROUND((AC37+AD37+AF37),6) -> 940.78 | AC37: =ROUND((ES37),6) -> 0 | AD37: =ROUND((((ET37)-(EU37))+AE37),6) -> 4.53 | AE37: =ROUND((EU37),6) -> 0.19 | AF37: =ROUND((EV37),6) -> 936.25 | AG37: =ROUND((AP37),6) -> 0 | AH37: =(EW37) -> 87.5 | AI37: =(EX37) -> 0 | AJ37: =ROUND((AS37),6) -> 0 | AK37: 940.78 | AL37: 0 | AM37: 4.53 | AN37: 0.19 | AO37: 936.25 | AP37: 0 | AQ37: 87.5 | AR37: 0 | AS37: 0 | AT37: 72 | AU37: 44 | AV37: 1 | AW37: 1 | AZ37: 1 | BA37: 14.18 | BB37: 10.07 | BC37: 1 | BH37: 0 | BI37: 1 | BJ37: =BJ36 -> ТСН-2001.6. База. Сб.65, т.22, поз.1 | BM37: 620 | BN37: 0 | BO37: 6.65-22-1 | BP37: 1 | BQ37: 60 | BS37: 14.18 | BT37: 1 | BU37: 1 | BV37: 1 | BW37: 1 | BX37: 1 | BZ37: 72 | CA37: 44 | CF37: 0 | CG37: 0 | CM37: 0 | CO37: 0 | CP37: =(P37+Q37+S37) -> 4262.93 | CQ37: =((AC37*AW37))*BC37 -> 0 | CR37: =((AD37*AV37))*BB37 -> 45.6171 | CS37: =((AE37*AV37))*BS37 -> 2.6942 | CT37: =((AF37*AV37))*BA37 -> 13276.025 | CU37: =AG37 -> 0 | CV37: =(AH37*AV37) -> 87.5 | CW37: =AI37 -> 0 | CX37: =AJ37 -> 0 | CY37: =S37*(BZ37/100) -> 3058.7976 | CZ37: =S37*(CA37/100) -> 1869.2652 | DN37: 80 | DO37: 55 | DP37: 1.047 | DQ37: 1 | DU37: =DU36 -> 1005 | DV37: =DV36 -> 100 м2 | DW37: =DW36 -> 100 м2 | DX37: =DX36 -> 100 | DY37: =DY36 -> 0 | DZ37: =DZ36 -> 0 | EA37: =EA36 -> 0 | EB37: =EB36 -> 0 | ... EM37: =EM36 -> ТСН-2001.6-65-5 | EQ37: 0 | ER37: 940.78 | ES37: 0 | ET37: 4.53 | EU37: 0.19 | EV37: 936.25 | EW37: 87.5 | EX37: 0 | EY37: 0 | FQ37: 0 | FR37: =ROUND(IF(AND(BH37=3,BI37=3),P37,0),2) -> 0 | FS37: 0 | FX37: 72 | FY37: 44 | GG37: 2 | GH37: 1 | GI37: 2 | GJ37: 0 | GK37: =ROUND(R37*(S12)/100,2) -> 1.45 | GL37: =ROUND(IF(AND(BH37=3,BI37=3,FS37<>0),P37,0),2) -> 0 | GM37: =O37+X37+Y37+GK37 -> 9192.45 | GN37: =ROUND(IF(OR(BI37=0,BI37=1),O37+X37+Y37+GK37,0),2) -> 9192.45 | GO37: =ROUND(IF(BI37=2,O37+X37+Y37+GK37,0),2) -> 0 | GP37: =ROUND(IF(BI37=4,O37+X37+Y37+GK37,0),2) -> 0 | GR37: 0
A38: 17 | B38: 1 | C38: =ROW(SmtRes!A22) -> 22 | D38: =ROW(EtalonRes!A22) -> 22 | E38: 6 | F38: 6.57-3-1 | G38: РАЗБОРКА ДЕРЕВЯННЫХ ПЛИНТУСОВ | H38: 100 м | I38: 0.168 | J38: 0 | O38: =ROUND(CP38,2) -> 6.47 | P38: =ROUND(CQ38*I38,2) -> 0 | Q38: =ROUND(CR38*I38,2) -> 0 | R38: =ROUND(CS38*I38,2) -> 0 | S38: =ROUND(CT38*I38,2) -> 6.47 | T38: =ROUND(CU38*I38,2) -> 0 | U38: =CV38*I38 -> 0.63336 | V38: =CW38*I38 -> 0 | W38: =ROUND(CX38*I38,2) -> 0 | X38: =ROUND(CY38,2) -> 5.18 | Y38: =ROUND(CZ38,2) -> 3.56 | AA38: 22529512 | AB38: =ROUND((AC38+AD38+AF38),6) -> 38.53 | AC38: =ROUND((ES38),6) -> 0 | AD38: =ROUND((((ET38)-(EU38))+AE38),6) -> 0 | AE38: =ROUND((EU38),6) -> 0 | AF38: =ROUND((EV38),6) -> 38.53 | AG38: =ROUND((AP38),6) -> 0 | AH38: =(EW38) -> 3.77 | AI38: =(EX38) -> 0 | AJ38: =ROUND((AS38),6) -> 0 | AK38: 38.53 | AL38: 0 | AM38: 0 | AN38: 0 | AO38: 38.53 | AP38: 0 | AQ38: 3.77 | AR38: 0 | AS38: 0 | AT38: 80 | AU38: 55 | AV38: 1 | AW38: 1 | AZ38: 1 | BA38: 1 | BB38: 1 | BC38: 1 | BH38: 0 | BI38: 1 | BJ38: ТСН-2001.6. База. Сб.57, т.3, поз.1 | BM38: 439 | BN38: 0 | BP38: 0 | BQ38: 60 | BS38: 1 | BT38: 1 | BU38: 1 | BV38: 1 | BW38: 1 | BX38: 1 | BZ38: 80 | CA38: 55 | CF38: 0 | CG38: 0 | CM38: 0 | CO38: 0 | CP38: =(P38+Q38+S38) -> 6.47 | CQ38: =((AC38*AW38))*BC38 -> 0 | CR38: =((AD38*AV38))*BB38 -> 0 | CS38: =((AE38*AV38))*BS38 -> 0 | CT38: =((AF38*AV38))*BA38 -> 38.53 | CU38: =AG38 -> 0 | CV38: =(AH38*AV38) -> 3.77 | CW38: =AI38 -> 0 | CX38: =AJ38 -> 0 | CY38: =((S38*BZ38)/100) -> 5.176 | CZ38: =((S38*CA38)/100) -> 3.5585 | DN38: 0 | DO38: 0 | DP38: 1 | DQ38: 1 | DU38: 1003 | DV38: 100 м | DW38: 100 м | DX38: 100 | EE38: 21121129 | EF38: 60 | EG38: Ремонтно-строительные работы | EH38: 0 | EJ38: 1 | EK38: 439 | EL38: ТСН-2001.6-57. 57-1...57-5 | EM38: ТСН-2001.6-57-1 | EQ38: 0 | ER38: 38.53 | ES38: 0 | ET38: 0 | EU38: 0 | EV38: 38.53 | EW38: 3.77 | EX38: 0 | EY38: 0 | EZ38: 0 | FQ38: 0 | FR38: =ROUND(IF(AND(BH38=3,BI38=3),P38,0),2) -> 0 | FS38: 0 | FX38: 80 | FY38: 55 | GG38: 2 | GH38: 1 | GI38: -2 | GJ38: 0 | GK38: =ROUND(R38*(R12)/100,2) -> 0 | GL38: =ROUND(IF(AND(BH38=3,BI38=3,FS38<>0),P38,0),2) -> 0 | GM38: =O38+X38+Y38+GK38 -> 15.21 | GN38: =ROUND(IF(OR(BI38=0,BI38=1),O38+X38+Y38+GK38,0),2) -> 15.21 | GO38: =ROUND(IF(BI38=2,O38+X38+Y38+GK38,0),2) -> 0 | GP38: =ROUND(IF(BI38=4,O38+X38+Y38+GK38,0),2) -> 0 | GR38: 0
A39: 17 | B39: 1 | C39: =ROW(SmtRes!A24) -> 24 | D39: =ROW(EtalonRes!A24) -> 24 | E39: 6 | F39: =F38 -> 6.57-3-1 | G39: =G38 -> РАЗБОРКА ДЕРЕВЯННЫХ ПЛИНТУСОВ | H39: =H38 -> 100 м | I39: =I38 -> 0.168 | J39: =J38 -> 0 | O39: =ROUND(CP39,2) -> 91.79 | P39: =ROUND(CQ39*I39,2) -> 0 | Q39: =ROUND(CR39*I39,2) -> 0 | R39: =ROUND(CS39*I39,2) -> 0 | S39: =ROUND(CT39*I39,2) -> 91.79 | T39: =ROUND(CU39*I39,2) -> 0 | U39: =CV39*I39 -> 0.63336 | V39: =CW39*I39 -> 0 | W39: =ROUND(CX39*I39,2) -> 0 | X39: =ROUND(CY39,2) -> 66.09 | Y39: =ROUND(CZ39,2) -> 40.39 | AA39: 22529510 | AB39: =ROUND((AC39+AD39+AF39),6) -> 38.53 | AC39: =ROUND((ES39),6) -> 0 | AD39: =ROUND((((ET39)-(EU39))+AE39),6) -> 0 | AE39: =ROUND((EU39),6) -> 0 | AF39: =ROUND((EV39),6) -> 38.53 | AG39: =ROUND((AP39),6) -> 0 | AH39: =(EW39) -> 3.77 | AI39: =(EX39) -> 0 | AJ39: =ROUND((AS39),6) -> 0 | AK39: 38.53 | AL39: 0 | AM39: 0 | AN39: 0 | AO39: 38.53 | AP39: 0 | AQ39: 3.77 | AR39: 0 | AS39: 0 | AT39: 72 | AU39: 44 | AV39: 1 | AW39: 1 | AZ39: 1 | BA39: 14.18 | BB39: 1 | BC39: 1 | BH39: 0 | BI39: 1 | BJ39: =BJ38 -> ТСН-2001.6. База. Сб.57, т.3, поз.1 | BM39: 439 | BN39: 0 | BO39: 6.57-3-1 | BP39: 1 | BQ39: 60 | BS39: 14.18 | BT39: 1 | BU39: 1 | BV39: 1 | BW39: 1 | BX39: 1 | BZ39: 72 | CA39: 44 | CF39: 0 | CG39: 0 | CM39: 0 | CO39: 0 | CP39: =(P39+Q39+S39) -> 91.79 | CQ39: =((AC39*AW39))*BC39 -> 0 | CR39: =((AD39*AV39))*BB39 -> 0 | CS39: =((AE39*AV39))*BS39 -> 0 | CT39: =((AF39*AV39))*BA39 -> 546.3554 | CU39: =AG39 -> 0 | CV39: =(AH39*AV39) -> 3.77 | CW39: =AI39 -> 0 | CX39: =AJ39 -> 0 | CY39: =S39*(BZ39/100) -> 66.0888 | CZ39: =S39*(CA39/100) -> 40.3876 | DN39: 80 | DO39: 55 | DP39: 1.047 | DQ39: 1 | DU39: =DU38 -> 1003 | DV39: =DV38 -> 100 м | DW39: =DW38 -> 100 м | DX39: =DX38 -> 100 | DY39: =DY38 -> 0 | DZ39: =DZ38 -> 0 | EA39: =EA38 -> 0 | EB39: =EB38 -> 0 | ... EM39: =EM38 -> ТСН-2001.6-57-1 | EQ39: 0 | ER39: 38.53 | ES39: 0 | ET39: 0 | EU39: 0 | EV39: 38.53 | EW39: 3.77 | EX39: 0 | EY39: 0 | FQ39: 0 | FR39: =ROUND(IF(AND(BH39=3,BI39=3),P39,0),2) -> 0 | FS39: 0 | FX39: 72 | FY39: 44 | GG39: 2 | GH39: 1 | GI39: 2 | GJ39: 0 | GK39: =ROUND(R39*(S12)/100,2) -> 0 | GL39: =ROUND(IF(AND(BH39=3,BI39=3,FS39<>0),P39,0),2) -> 0 | GM39: =O39+X39+Y39+GK39 -> 198.27 | GN39: =ROUND(IF(OR(BI39=0,BI39=1),O39+X39+Y39+GK39,0),2) -> 198.27 | GO39: =ROUND(IF(BI39=2,O39+X39+Y39+GK39,0),2) -> 0 | GP39: =ROUND(IF(BI39=4,O39+X39+Y39+GK39,0),2) -> 0 | GR39: 0
A40: 17 | B40: 1 | C40: =ROW(SmtRes!A26) -> 26 | D40: =ROW(EtalonRes!A26) -> 26 | E40: 7 | F40: 6.57-2-2 | G40: РАЗБОРКА ПАРКЕТА | H40: 100 м2 | I40: 0.154 | J40: 0 | O40: =ROUND(CP40,2) -> 63.82 | P40: =ROUND(CQ40*I40,2) -> 0 | Q40: =ROUND(CR40*I40,2) -> 0 | R40: =ROUND(CS40*I40,2) -> 0 | S40: =ROUND(CT40*I40,2) -> 63.82 | T40: =ROUND(CU40*I40,2) -> 0 | U40: =CV40*I40 -> 6.2447 | V40: =CW40*I40 -> 0 | W40: =ROUND(CX40*I40,2) -> 0 | X40: =ROUND(CY40,2) -> 51.06 | Y40: =ROUND(CZ40,2) -> 35.1 | AA40: 22529512 | AB40: =ROUND((AC40+AD40+AF40),6) -> 414.42 | AC40: =ROUND((ES40),6) -> 0 | AD40: =ROUND((((ET40)-(EU40))+AE40),6) -> 0 | AE40: =ROUND((EU40),6) -> 0 | AF40: =ROUND((EV40),6) -> 414.42 | AG40: =ROUND((AP40),6) -> 0 | AH40: =(EW40) -> 40.55 | AI40: =(EX40) -> 0 | AJ40: =ROUND((AS40),6) -> 0 | AK40: 414.42 | AL40: 0 | AM40: 0 | AN40: 0 | AO40: 414.42 | AP40: 0 | AQ40: 40.55 | AR40: 0 | AS40: 0 | AT40: 80 | AU40: 55 | AV40: 1 | AW40: 1 | AZ40: 1 | BA40: 1 | BB40: 1 | BC40: 1 | BH40: 0 | BI40: 1 | BJ40: ТСН-2001.6. База. Сб.57, т.2, поз.2 | BM40: 439 | BN40: 0 | BP40: 0 | BQ40: 60 | BS40: 1 | BT40: 1 | BU40: 1 | BV40: 1 | BW40: 1 | BX40: 1 | BZ40: 80 | CA40: 55 | CF40: 0 | CG40: 0 | CM40: 0 | CO40: 0 | CP40: =(P40+Q40+S40) -> 63.82 | CQ40: =((AC40*AW40))*BC40 -> 0 | CR40: =((AD40*AV40))*BB40 -> 0 | CS40: =((AE40*AV40))*BS40 -> 0 | CT40: =((AF40*AV40))*BA40 -> 414.42 | CU40: =AG40 -> 0 | CV40: =(AH40*AV40) -> 40.55 | CW40: =AI40 -> 0 | CX40: =AJ40 -> 0 | CY40: =((S40*BZ40)/100) -> 51.056 | CZ40: =((S40*CA40)/100) -> 35.101 | DN40: 0 | DO40: 0 | DP40: 1 | DQ40: 1 | DU40: 1005 | DV40: 100 м2 | DW40: 100 м2 | DX40: 100 | EE40: 21121129 | EF40: 60 | EG40: Ремонтно-строительные работы | EH40: 0 | EJ40: 1 | EK40: 439 | EL40: ТСН-2001.6-57. 57-1...57-5 | EM40: ТСН-2001.6-57-1 | EQ40: 0 | ER40: 414.42 | ES40: 0 | ET40: 0 | EU40: 0 | EV40: 414.42 | EW40: 40.55 | EX40: 0 | EY40: 0 | EZ40: 0 | FQ40: 0 | FR40: =ROUND(IF(AND(BH40=3,BI40=3),P40,0),2) -> 0 | FS40: 0 | FX40: 80 | FY40: 55 | GG40: 2 | GH40: 1 | GI40: -2 | GJ40: 0 | GK40: =ROUND(R40*(R12)/100,2) -> 0 | GL40: =ROUND(IF(AND(BH40=3,BI40=3,FS40<>0),P40,0),2) -> 0 | GM40: =O40+X40+Y40+GK40 -> 149.98 | GN40: =ROUND(IF(OR(BI40=0,BI40=1),O40+X40+Y40+GK40,0),2) -> 149.98 | GO40: =ROUND(IF(BI40=2,O40+X40+Y40+GK40,0),2) -> 0 | GP40: =ROUND(IF(BI40=4,O40+X40+Y40+GK40,0),2) -> 0 | GR40: 0
A41: 17 | B41: 1 | C41: =ROW(SmtRes!A28) -> 28 | D41: =ROW(EtalonRes!A28) -> 28 | E41: 7 | F41: =F40 -> 6.57-2-2 | G41: =G40 -> РАЗБОРКА ПАРКЕТА | H41: =H40 -> 100 м2 | I41: =I40 -> 0.154 | J41: =J40 -> 0 | O41: =ROUND(CP41,2) -> 904.98 | P41: =ROUND(CQ41*I41,2) -> 0 | Q41: =ROUND(CR41*I41,2) -> 0 | R41: =ROUND(CS41*I41,2) -> 0 | S41: =ROUND(CT41*I41,2) -> 904.98 | T41: =ROUND(CU41*I41,2) -> 0 | U41: =CV41*I41 -> 6.2447 | V41: =CW41*I41 -> 0 | W41: =ROUND(CX41*I41,2) -> 0 | X41: =ROUND(CY41,2) -> 651.59 | Y41: =ROUND(CZ41,2) -> 398.19 | AA41: 22529510 | AB41: =ROUND((AC41+AD41+AF41),6) -> 414.42 | AC41: =ROUND((ES41),6) -> 0 | AD41: =ROUND((((ET41)-(EU41))+AE41),6) -> 0 | AE41: =ROUND((EU41),6) -> 0 | AF41: =ROUND((EV41),6) -> 414.42 | AG41: =ROUND((AP41),6) -> 0 | AH41: =(EW41) -> 40.55 | AI41: =(EX41) -> 0 | AJ41: =ROUND((AS41),6) -> 0 | AK41: 414.42 | AL41: 0 | AM41: 0 | AN41: 0 | AO41: 414.42 | AP41: 0 | AQ41: 40.55 | AR41: 0 | AS41: 0 | AT41: 72 | AU41: 44 | AV41: 1 | AW41: 1 | AZ41: 1 | BA41: 14.18 | BB41: 1 | BC41: 1 | BH41: 0 | BI41: 1 | BJ41: =BJ40 -> ТСН-2001.6. База. Сб.57, т.2, поз.2 | BM41: 439 | BN41: 0 | BO41: 6.57-2-2 | BP41: 1 | BQ41: 60 | BS41: 14.18 | BT41: 1 | BU41: 1 | BV41: 1 | BW41: 1 | BX41: 1 | BZ41: 72 | CA41: 44 | CF41: 0 | CG41: 0 | CM41: 0 | CO41: 0 | CP41: =(P41+Q41+S41) -> 904.98 | CQ41: =((AC41*AW41))*BC41 -> 0 | CR41: =((AD41*AV41))*BB41 -> 0 | CS41: =((AE41*AV41))*BS41 -> 0 | CT41: =((AF41*AV41))*BA41 -> 5876.4756 | CU41: =AG41 -> 0 | CV41: =(AH41*AV41) -> 40.55 | CW41: =AI41 -> 0 | CX41: =AJ41 -> 0 | CY41: =S41*(BZ41/100) -> 651.5856 | CZ41: =S41*(CA41/100) -> 398.1912 | DN41: 80 | DO41: 55 | DP41: 1.047 | DQ41: 1 | DU41: =DU40 -> 1005 | DV41: =DV40 -> 100 м2 | DW41: =DW40 -> 100 м2 | DX41: =DX40 -> 100 | DY41: =DY40 -> 0 | DZ41: =DZ40 -> 0 | EA41: =EA40 -> 0 | EB41: =EB40 -> 0 | ... EM41: =EM40 -> ТСН-2001.6-57-1 | EQ41: 0 | ER41: 414.42 | ES41: 0 | ET41: 0 | EU41: 0 | EV41: 414.42 | EW41: 40.55 | EX41: 0 | EY41: 0 | FQ41: 0 | FR41: =ROUND(IF(AND(BH41=3,BI41=3),P41,0),2) -> 0 | FS41: 0 | FX41: 72 | FY41: 44 | GG41: 2 | GH41: 1 | GI41: 2 | GJ41: 0 | GK41: =ROUND(R41*(S12)/100,2) -> 0 | GL41: =ROUND(IF(AND(BH41=3,BI41=3,FS41<>0),P41,0),2) -> 0 | GM41: =O41+X41+Y41+GK41 -> 1954.76 | GN41: =ROUND(IF(OR(BI41=0,BI41=1),O41+X41+Y41+GK41,0),2) -> 1954.76 | GO41: =ROUND(IF(BI41=2,O41+X41+Y41+GK41,0),2) -> 0 | GP41: =ROUND(IF(BI41=4,O41+X41+Y41+GK41,0),2) -> 0 | GR41: 0
A42: 17 | B42: 1 | C42: =ROW(SmtRes!A30) -> 30 | D42: =ROW(EtalonRes!A30) -> 30 | E42: 8 | F42: 6.54-1-6 | G42: РАЗБОРКА ПОДВЕСНЫХ ПОТОЛКОВ ИЗ ПЛИТ "АРМСТРОНГ" | H42: 100 м2 | I42: 0.154 | J42: 0 | O42: =ROUND(CP42,2) -> 102.55 | P42: =ROUND(CQ42*I42,2) -> 0 | Q42: =ROUND(CR42*I42,2) -> 0.39 | R42: =ROUND(CS42*I42,2) -> 0.2 | S42: =ROUND(CT42*I42,2) -> 102.16 | T42: =ROUND(CU42*I42,2) -> 0 | U42: =CV42*I42 -> 9.0244 | V42: =CW42*I42 -> 0 | W42: =ROUND(CX42*I42,2) -> 0 | X42: =ROUND(CY42,2) -> 81.73 | Y42: =ROUND(CZ42,2) -> 56.19 | AA42: 22529512 | AB42: =ROUND((AC42+AD42+AF42),6) -> 665.85 | AC42: =ROUND((ES42),6) -> 0 | AD42: =ROUND((((ET42)-(EU42))+AE42),6) -> 2.5 | AE42: =ROUND((EU42),6) -> 1.31 | AF42: =ROUND((EV42),6) -> 663.35 | AG42: =ROUND((AP42),6) -> 0 | AH42: =(EW42) -> 58.6 | AI42: =(EX42) -> 0 | AJ42: =ROUND((AS42),6) -> 0 | AK42: 665.85 | AL42: 0 | AM42: 2.5 | AN42: 1.31 | AO42: 663.35 | AP42: 0 | AQ42: 58.6 | AR42: 0 | AS42: 0 | AT42: 80 | AU42: 55 | AV42: 1 | AW42: 1 | AZ42: 1 | BA42: 1 | BB42: 1 | BC42: 1 | BH42: 0 | BI42: 1 | BJ42: ТСН-2001.6. База. Сб.54, т.1, поз.6 | BM42: 419 | BN42: 0 | BP42: 0 | BQ42: 60 | BS42: 1 | BT42: 1 | BU42: 1 | BV42: 1 | BW42: 1 | BX42: 1 | BZ42: 80 | CA42: 55 | CF42: 0 | CG42: 0 | CM42: 0 | CO42: 0 | CP42: =(P42+Q42+S42) -> 102.55 | CQ42: =((AC42*AW42))*BC42 -> 0 | CR42: =((AD42*AV42))*BB42 -> 2.5 | CS42: =((AE42*AV42))*BS42 -> 1.31 | CT42: =((AF42*AV42))*BA42 -> 663.35 | CU42: =AG42 -> 0 | CV42: =(AH42*AV42) -> 58.6 | CW42: =AI42 -> 0 | CX42: =AJ42 -> 0 | CY42: =((S42*BZ42)/100) -> 81.728 | CZ42: =((S42*CA42)/100) -> 56.188 | DN42: 0 | DO42: 0 | DP42: 1 | DQ42: 1 | DU42: 1005 | DV42: 100 м2 | DW42: 100 м2 | DX42: 100 | EE42: 21121109 | EF42: 60 | EG42: Ремонтно-строительные работы | EH42: 0 | EJ42: 1 | EK42: 419 | EL42: ТСН-2001.6-54. 54-1...54-5 | EM42: ТСН-2001.6-54-2 | EQ42: 0 | ER42: 665.85 | ES42: 0 | ET42: 2.5 | EU42: 1.31 | EV42: 663.35 | EW42: 58.6 | EX42: 0 | EY42: 0 | EZ42: 0 | FQ42: 0 | FR42: =ROUND(IF(AND(BH42=3,BI42=3),P42,0),2) -> 0 | FS42: 0 | FX42: 80 | FY42: 55 | GG42: 2 | GH42: 1 | GI42: -2 | GJ42: 0 | GK42: =ROUND(R42*(R12)/100,2) -> 0.35 | GL42: =ROUND(IF(AND(BH42=3,BI42=3,FS42<>0),P42,0),2) -> 0 | GM42: =O42+X42+Y42+GK42 -> 240.82 | GN42: =ROUND(IF(OR(BI42=0,BI42=1),O42+X42+Y42+GK42,0),2) -> 240.82 | GO42: =ROUND(IF(BI42=2,O42+X42+Y42+GK42,0),2) -> 0 | GP42: =ROUND(IF(BI42=4,O42+X42+Y42+GK42,0),2) -> 0 | GR42: 0
A43: 17 | B43: 1 | C43: =ROW(SmtRes!A32) -> 32 | D43: =ROW(EtalonRes!A32) -> 32 | E43: 8 | F43: =F42 -> 6.54-1-6 | G43: =G42 -> РАЗБОРКА ПОДВЕСНЫХ ПОТОЛКОВ ИЗ ПЛИТ "АРМСТРОНГ" | H43: =H42 -> 100 м2 | I43: =I42 -> 0.154 | J43: =J42 -> 0 | O43: =ROUND(CP43,2) -> 1452.11 | P43: =ROUND(CQ43*I43,2) -> 0 | Q43: =ROUND(CR43*I43,2) -> 3.54 | R43: =ROUND(CS43*I43,2) -> 2.86 | S43: =ROUND(CT43*I43,2) -> 1448.57 | T43: =ROUND(CU43*I43,2) -> 0 | U43: =CV43*I43 -> 9.0244 | V43: =CW43*I43 -> 0 | W43: =ROUND(CX43*I43,2) -> 0 | X43: =ROUND(CY43,2) -> 1042.97 | Y43: =ROUND(CZ43,2) -> 637.37 | AA43: 22529510 | AB43: =ROUND((AC43+AD43+AF43),6) -> 665.85 | AC43: =ROUND((ES43),6) -> 0 | AD43: =ROUND((((ET43)-(EU43))+AE43),6) -> 2.5 | AE43: =ROUND((EU43),6) -> 1.31 | AF43: =ROUND((EV43),6) -> 663.35 | AG43: =ROUND((AP43),6) -> 0 | AH43: =(EW43) -> 58.6 | AI43: =(EX43) -> 0 | AJ43: =ROUND((AS43),6) -> 0 | AK43: 665.85 | AL43: 0 | AM43: 2.5 | AN43: 1.31 | AO43: 663.35 | AP43: 0 | AQ43: 58.6 | AR43: 0 | AS43: 0 | AT43: 72 | AU43: 44 | AV43: 1 | AW43: 1 | AZ43: 1 | BA43: 14.18 | BB43: 9.2 | BC43: 1 | BH43: 0 | BI43: 1 | BJ43: =BJ42 -> ТСН-2001.6. База. Сб.54, т.1, поз.6 | BM43: 419 | BN43: 0 | BO43: 6.54-1-6 | BP43: 1 | BQ43: 60 | BS43: 14.18 | BT43: 1 | BU43: 1 | BV43: 1 | BW43: 1 | BX43: 1 | BZ43: 72 | CA43: 44 | CF43: 0 | CG43: 0 | CM43: 0 | CO43: 0 | CP43: =(P43+Q43+S43) -> 1452.11 | CQ43: =((AC43*AW43))*BC43 -> 0 | CR43: =((AD43*AV43))*BB43 -> 23 | CS43: =((AE43*AV43))*BS43 -> 18.5758 | CT43: =((AF43*AV43))*BA43 -> 9406.303 | CU43: =AG43 -> 0 | CV43: =(AH43*AV43) -> 58.6 | CW43: =AI43 -> 0 | CX43: =AJ43 -> 0 | CY43: =S43*(BZ43/100) -> 1042.9704 | CZ43: =S43*(CA43/100) -> 637.3708 | DN43: 80 | DO43: 55 | DP43: 1.047 | DQ43: 1 | DU43: =DU42 -> 1005 | DV43: =DV42 -> 100 м2 | DW43: =DW42 -> 100 м2 | DX43: =DX42 -> 100 | DY43: =DY42 -> 0 | DZ43: =DZ42 -> 0 | EA43: =EA42 -> 0 | EB43: =EB42 -> 0 | ... EM43: =EM42 -> ТСН-2001.6-54-2 | EQ43: 0 | ER43: 665.85 | ES43: 0 | ET43: 2.5 | EU43: 1.31 | EV43: 663.35 | EW43: 58.6 | EX43: 0 | EY43: 0 | FQ43: 0 | FR43: =ROUND(IF(AND(BH43=3,BI43=3),P43,0),2) -> 0 | FS43: 0 | FX43: 72 | FY43: 44 | GG43: 2 | GH43: 1 | GI43: 2 | GJ43: 0 | GK43: =ROUND(R43*(S12)/100,2) -> 4.83 | GL43: =ROUND(IF(AND(BH43=3,BI43=3,FS43<>0),P43,0),2) -> 0 | GM43: =O43+X43+Y43+GK43 -> 3137.28 | GN43: =ROUND(IF(OR(BI43=0,BI43=1),O43+X43+Y43+GK43,0),2) -> 3137.28 | GO43: =ROUND(IF(BI43=2,O43+X43+Y43+GK43,0),2) -> 0 | GP43: =ROUND(IF(BI43=4,O43+X43+Y43+GK43,0),2) -> 0 | GR43: 0
A44: 17 | B44: 1 | C44: =ROW(SmtRes!A33) -> 33 | D44: =ROW(EtalonRes!A33) -> 33 | E44: 9 | F44: 6.67-7-5 | G44: ДЕМОНТАЖ СВЕТИЛЬНИКОВ С ЛЮМИНЕСЦЕНТНЫМИ ЛАМПАМИ | H44: 100 шт. | I44: 0.03 | J44: 0 | O44: =ROUND(CP44,2) -> 5.65 | P44: =ROUND(CQ44*I44,2) -> 0 | Q44: =ROUND(CR44*I44,2) -> 0 | R44: =ROUND(CS44*I44,2) -> 0 | S44: =ROUND(CT44*I44,2) -> 5.65 | T44: =ROUND(CU44*I44,2) -> 0 | U44: =CV44*I44 -> 0.5367 | V44: =CW44*I44 -> 0 | W44: =ROUND(CX44*I44,2) -> 0 | X44: =ROUND(CY44,2) -> 4.52 | Y44: =ROUND(CZ44,2) -> 3.11 | AA44: 22529512 | AB44: =ROUND((AC44+AD44+AF44),6) -> 188.2 | AC44: =ROUND((ES44),6) -> 0 | AD44: =ROUND((((ET44)-(EU44))+AE44),6) -> 0 | AE44: =ROUND((EU44),6) -> 0 | AF44: =ROUND((EV44),6) -> 188.2 | AG44: =ROUND((AP44),6) -> 0 | AH44: =(EW44) -> 17.89 | AI44: =(EX44) -> 0 | AJ44: =ROUND((AS44),6) -> 0 | AK44: 188.2 | AL44: 0 | AM44: 0 | AN44: 0 | AO44: 188.2 | AP44: 0 | AQ44: 17.89 | AR44: 0 | AS44: 0 | AT44: 80 | AU44: 55 | AV44: 1 | AW44: 1 | AZ44: 1 | BA44: 1 | BB44: 1 | BC44: 1 | BH44: 0 | BI44: 1 | BJ44: ТСН-2001.6. База. Сб.67, т.7, поз.5 | BM44: 652 | BN44: 0 | BP44: 0 | BQ44: 60 | BS44: 1 | BT44: 1 | BU44: 1 | BV44: 1 | BW44: 1 | BX44: 1 | BZ44: 80 | CA44: 55 | CF44: 0 | CG44: 0 | CM44: 0 | CO44: 0 | CP44: =(P44+Q44+S44) -> 5.65 | CQ44: =((AC44*AW44))*BC44 -> 0 | CR44: =((AD44*AV44))*BB44 -> 0 | CS44: =((AE44*AV44))*BS44 -> 0 | CT44: =((AF44*AV44))*BA44 -> 188.2 | CU44: =AG44 -> 0 | CV44: =(AH44*AV44) -> 17.89 | CW44: =AI44 -> 0 | CX44: =AJ44 -> 0 | CY44: =((S44*BZ44)/100) -> 4.52 | CZ44: =((S44*CA44)/100) -> 3.1075 | DN44: 0 | DO44: 0 | DP44: 1 | DQ44: 1 | DU44: 1010 | DV44: 100 шт. | DW44: 100 шт. | DX44: 100 | EE44: 21121342 | EF44: 60 | EG44: Ремонтно-строительные работы | EH44: 0 | EJ44: 1 | EK44: 652 | EL44: ТСН-2001.6-67. 67-1...67-8 | EM44: ТСН-2001.6-67-1 | EQ44: 0 | ER44: 188.2 | ES44: 0 | ET44: 0 | EU44: 0 | EV44: 188.2 | EW44: 17.89 | EX44: 0 | EY44: 0 | EZ44: 0 | FQ44: 0 | FR44: =ROUND(IF(AND(BH44=3,BI44=3),P44,0),2) -> 0 | FS44: 0 | FX44: 80 | FY44: 55 | GG44: 2 | GH44: 1 | GI44: -2 | GJ44: 0 | GK44: =ROUND(R44*(R12)/100,2) -> 0 | GL44: =ROUND(IF(AND(BH44=3,BI44=3,FS44<>0),P44,0),2) -> 0 | GM44: =O44+X44+Y44+GK44 -> 13.28 | GN44: =ROUND(IF(OR(BI44=0,BI44=1),O44+X44+Y44+GK44,0),2) -> 13.28 | GO44: =ROUND(IF(BI44=2,O44+X44+Y44+GK44,0),2) -> 0 | GP44: =ROUND(IF(BI44=4,O44+X44+Y44+GK44,0),2) -> 0 | GR44: 0
A45: 17 | B45: 1 | C45: =ROW(SmtRes!A34) -> 34 | D45: =ROW(EtalonRes!A34) -> 34 | E45: 9 | F45: =F44 -> 6.67-7-5 | G45: =G44 -> ДЕМОНТАЖ СВЕТИЛЬНИКОВ С ЛЮМИНЕСЦЕНТНЫМИ ЛАМПАМИ | H45: =H44 -> 100 шт. | I45: =I44 -> 0.03 | J45: =J44 -> 0 | O45: =ROUND(CP45,2) -> 80.06 | P45: =ROUND(CQ45*I45,2) -> 0 | Q45: =ROUND(CR45*I45,2) -> 0 | R45: =ROUND(CS45*I45,2) -> 0 | S45: =ROUND(CT45*I45,2) -> 80.06 | T45: =ROUND(CU45*I45,2) -> 0 | U45: =CV45*I45 -> 0.5367 | V45: =CW45*I45 -> 0 | W45: =ROUND(CX45*I45,2) -> 0 | X45: =ROUND(CY45,2) -> 57.64 | Y45: =ROUND(CZ45,2) -> 35.23 | AA45: 22529510 | AB45: =ROUND((AC45+AD45+AF45),6) -> 188.2 | AC45: =ROUND((ES45),6) -> 0 | AD45: =ROUND((((ET45)-(EU45))+AE45),6) -> 0 | AE45: =ROUND((EU45),6) -> 0 | AF45: =ROUND((EV45),6) -> 188.2 | AG45: =ROUND((AP45),6) -> 0 | AH45: =(EW45) -> 17.89 | AI45: =(EX45) -> 0 | AJ45: =ROUND((AS45),6) -> 0 | AK45: 188.2 | AL45: 0 | AM45: 0 | AN45: 0 | AO45: 188.2 | AP45: 0 | AQ45: 17.89 | AR45: 0 | AS45: 0 | AT45: 72 | AU45: 44 | AV45: 1 | AW45: 1 | AZ45: 1 | BA45: 14.18 | BB45: 1 | BC45: 1 | BH45: 0 | BI45: 1 | BJ45: =BJ44 -> ТСН-2001.6. База. Сб.67, т.7, поз.5 | BM45: 652 | BN45: 0 | BO45: 6.67-7-5 | BP45: 1 | BQ45: 60 | BS45: 14.18 | BT45: 1 | BU45: 1 | BV45: 1 | BW45: 1 | BX45: 1 | BZ45: 72 | CA45: 44 | CF45: 0 | CG45: 0 | CM45: 0 | CO45: 0 | CP45: =(P45+Q45+S45) -> 80.06 | CQ45: =((AC45*AW45))*BC45 -> 0 | CR45: =((AD45*AV45))*BB45 -> 0 | CS45: =((AE45*AV45))*BS45 -> 0 | CT45: =((AF45*AV45))*BA45 -> 2668.676 | CU45: =AG45 -> 0 | CV45: =(AH45*AV45) -> 17.89 | CW45: =AI45 -> 0 | CX45: =AJ45 -> 0 | CY45: =S45*(BZ45/100) -> 57.6432 | CZ45: =S45*(CA45/100) -> 35.2264 | DN45: 80 | DO45: 55 | DP45: 1.047 | DQ45: 1 | DU45: =DU44 -> 1010 | DV45: =DV44 -> 100 шт. | DW45: =DW44 -> 100 шт. | DX45: =DX44 -> 100 | DY45: =DY44 -> 0 | DZ45: =DZ44 -> 0 | EA45: =EA44 -> 0 | EB45: =EB44 -> 0 | ... EM45: =EM44 -> ТСН-2001.6-67-1 | EQ45: 0 | ER45: 188.2 | ES45: 0 | ET45: 0 | EU45: 0 | EV45: 188.2 | EW45: 17.89 | EX45: 0 | EY45: 0 | FQ45: 0 | FR45: =ROUND(IF(AND(BH45=3,BI45=3),P45,0),2) -> 0 | FS45: 0 | FX45: 72 | FY45: 44 | GG45: 2 | GH45: 1 | GI45: 2 | GJ45: 0 | GK45: =ROUND(R45*(S12)/100,2) -> 0 | GL45: =ROUND(IF(AND(BH45=3,BI45=3,FS45<>0),P45,0),2) -> 0 | GM45: =O45+X45+Y45+GK45 -> 172.93 | GN45: =ROUND(IF(OR(BI45=0,BI45=1),O45+X45+Y45+GK45,0),2) -> 172.93 | GO45: =ROUND(IF(BI45=2,O45+X45+Y45+GK45,0),2) -> 0 | GP45: =ROUND(IF(BI45=4,O45+X45+Y45+GK45,0),2) -> 0 | GR45: 0
A46: 17 | B46: 1 | C46: =ROW(SmtRes!A35) -> 35 | D46: =ROW(EtalonRes!A35) -> 35 | E46: 10 | F46: 6.67-7-1 | G46: ДЕМОНТАЖ РОЗЕТОК | H46: 100 шт. | I46: 0.04 | J46: 0 | O46: =ROUND(CP46,2) -> 2.39 | P46: =ROUND(CQ46*I46,2) -> 0 | Q46: =ROUND(CR46*I46,2) -> 0 | R46: =ROUND(CS46*I46,2) -> 0 | S46: =ROUND(CT46*I46,2) -> 2.39 | T46: =ROUND(CU46*I46,2) -> 0 | U46: =CV46*I46 -> 0.2336 | V46: =CW46*I46 -> 0 | W46: =ROUND(CX46*I46,2) -> 0 | X46: =ROUND(CY46,2) -> 1.91 | Y46: =ROUND(CZ46,2) -> 1.31 | AA46: 22529512 | AB46: =ROUND((AC46+AD46+AF46),6) -> 59.68 | AC46: =ROUND((ES46),6) -> 0 | AD46: =ROUND((((ET46)-(EU46))+AE46),6) -> 0 | AE46: =ROUND((EU46),6) -> 0 | AF46: =ROUND((EV46),6) -> 59.68 | AG46: =ROUND((AP46),6) -> 0 | AH46: =(EW46) -> 5.84 | AI46: =(EX46) -> 0 | AJ46: =ROUND((AS46),6) -> 0 | AK46: 59.68 | AL46: 0 | AM46: 0 | AN46: 0 | AO46: 59.68 | AP46: 0 | AQ46: 5.84 | AR46: 0 | AS46: 0 | AT46: 80 | AU46: 55 | AV46: 1 | AW46: 1 | AZ46: 1 | BA46: 1 | BB46: 1 | BC46: 1 | BH46: 0 | BI46: 1 | BJ46: ТСН-2001.6. База. Сб.67, т.7, поз.1 | BM46: 652 | BN46: 0 | BP46: 0 | BQ46: 60 | BS46: 1 | BT46: 1 | BU46: 1 | BV46: 1 | BW46: 1 | BX46: 1 | BZ46: 80 | CA46: 55 | CF46: 0 | CG46: 0 | CM46: 0 | CO46: 0 | CP46: =(P46+Q46+S46) -> 2.39 | CQ46: =((AC46*AW46))*BC46 -> 0 | CR46: =((AD46*AV46))*BB46 -> 0 | CS46: =((AE46*AV46))*BS46 -> 0 | CT46: =((AF46*AV46))*BA46 -> 59.68 | CU46: =AG46 -> 0 | CV46: =(AH46*AV46) -> 5.84 | CW46: =AI46 -> 0 | CX46: =AJ46 -> 0 | CY46: =((S46*BZ46)/100) -> 1.912 | CZ46: =((S46*CA46)/100) -> 1.3145 | DN46: 0 | DO46: 0 | DP46: 1 | DQ46: 1 | DU46: 1010 | DV46: 100 шт. | DW46: 100 шт. | DX46: 100 | EE46: 21121342 | EF46: 60 | EG46: Ремонтно-строительные работы | EH46: 0 | EJ46: 1 | EK46: 652 | EL46: ТСН-2001.6-67. 67-1...67-8 | EM46: ТСН-2001.6-67-1 | EQ46: 0 | ER46: 59.68 | ES46: 0 | ET46: 0 | EU46: 0 | EV46: 59.68 | EW46: 5.84 | EX46: 0 | EY46: 0 | EZ46: 0 | FQ46: 0 | FR46: =ROUND(IF(AND(BH46=3,BI46=3),P46,0),2) -> 0 | FS46: 0 | FX46: 80 | FY46: 55 | GG46: 2 | GH46: 1 | GI46: -2 | GJ46: 0 | GK46: =ROUND(R46*(R12)/100,2) -> 0 | GL46: =ROUND(IF(AND(BH46=3,BI46=3,FS46<>0),P46,0),2) -> 0 | GM46: =O46+X46+Y46+GK46 -> 5.61 | GN46: =ROUND(IF(OR(BI46=0,BI46=1),O46+X46+Y46+GK46,0),2) -> 5.61 | GO46: =ROUND(IF(BI46=2,O46+X46+Y46+GK46,0),2) -> 0 | GP46: =ROUND(IF(BI46=4,O46+X46+Y46+GK46,0),2) -> 0 | GR46: 0
A47: 17 | B47: 1 | C47: =ROW(SmtRes!A36) -> 36 | D47: =ROW(EtalonRes!A36) -> 36 | E47: 10 | F47: =F46 -> 6.67-7-1 | G47: =G46 -> ДЕМОНТАЖ РОЗЕТОК | H47: =H46 -> 100 шт. | I47: =I46 -> 0.04 | J47: =J46 -> 0 | O47: =ROUND(CP47,2) -> 33.85 | P47: =ROUND(CQ47*I47,2) -> 0 | Q47: =ROUND(CR47*I47,2) -> 0 | R47: =ROUND(CS47*I47,2) -> 0 | S47: =ROUND(CT47*I47,2) -> 33.85 | T47: =ROUND(CU47*I47,2) -> 0 | U47: =CV47*I47 -> 0.2336 | V47: =CW47*I47 -> 0 | W47: =ROUND(CX47*I47,2) -> 0 | X47: =ROUND(CY47,2) -> 24.37 | Y47: =ROUND(CZ47,2) -> 14.89 | AA47: 22529510 | AB47: =ROUND((AC47+AD47+AF47),6) -> 59.68 | AC47: =ROUND((ES47),6) -> 0 | AD47: =ROUND((((ET47)-(EU47))+AE47),6) -> 0 | AE47: =ROUND((EU47),6) -> 0 | AF47: =ROUND((EV47),6) -> 59.68 | AG47: =ROUND((AP47),6) -> 0 | AH47: =(EW47) -> 5.84 | AI47: =(EX47) -> 0 | AJ47: =ROUND((AS47),6) -> 0 | AK47: 59.68 | AL47: 0 | AM47: 0 | AN47: 0 | AO47: 59.68 | AP47: 0 | AQ47: 5.84 | AR47: 0 | AS47: 0 | AT47: 72 | AU47: 44 | AV47: 1 | AW47: 1 | AZ47: 1 | BA47: 14.18 | BB47: 1 | BC47: 1 | BH47: 0 | BI47: 1 | BJ47: =BJ46 -> ТСН-2001.6. База. Сб.67, т.7, поз.1 | BM47: 652 | BN47: 0 | BO47: 6.67-7-1 | BP47: 1 | BQ47: 60 | BS47: 14.18 | BT47: 1 | BU47: 1 | BV47: 1 | BW47: 1 | BX47: 1 | BZ47: 72 | CA47: 44 | CF47: 0 | CG47: 0 | CM47: 0 | CO47: 0 | CP47: =(P47+Q47+S47) -> 33.85 | CQ47: =((AC47*AW47))*BC47 -> 0 | CR47: =((AD47*AV47))*BB47 -> 0 | CS47: =((AE47*AV47))*BS47 -> 0 | CT47: =((AF47*AV47))*BA47 -> 846.2624 | CU47: =AG47 -> 0 | CV47: =(AH47*AV47) -> 5.84 | CW47: =AI47 -> 0 | CX47: =AJ47 -> 0 | CY47: =S47*(BZ47/100) -> 24.372 | CZ47: =S47*(CA47/100) -> 14.894 | DN47: 80 | DO47: 55 | DP47: 1.047 | DQ47: 1 | DU47: =DU46 -> 1010 | DV47: =DV46 -> 100 шт. | DW47: =DW46 -> 100 шт. | DX47: =DX46 -> 100 | DY47: =DY46 -> 0 | DZ47: =DZ46 -> 0 | EA47: =EA46 -> 0 | EB47: =EB46 -> 0 | ... EM47: =EM46 -> ТСН-2001.6-67-1 | EQ47: 0 | ER47: 59.68 | ES47: 0 | ET47: 0 | EU47: 0 | EV47: 59.68 | EW47: 5.84 | EX47: 0 | EY47: 0 | FQ47: 0 | FR47: =ROUND(IF(AND(BH47=3,BI47=3),P47,0),2) -> 0 | FS47: 0 | FX47: 72 | FY47: 44 | GG47: 2 | GH47: 1 | GI47: 2 | GJ47: 0 | GK47: =ROUND(R47*(S12)/100,2) -> 0 | GL47: =ROUND(IF(AND(BH47=3,BI47=3,FS47<>0),P47,0),2) -> 0 | GM47: =O47+X47+Y47+GK47 -> 73.11 | GN47: =ROUND(IF(OR(BI47=0,BI47=1),O47+X47+Y47+GK47,0),2) -> 73.11 | GO47: =ROUND(IF(BI47=2,O47+X47+Y47+GK47,0),2) -> 0 | GP47: =ROUND(IF(BI47=4,O47+X47+Y47+GK47,0),2) -> 0 | GR47: 0
A49: 51 | B49: =B24 -> 1 | C49: =A24 -> 4 | D49: =ROW(A24) -> 24 | F49: =IF(F24<>"",F24,"") -> РАЗДЕЛ 1. | G49: =IF(G24<>"",G24,"") -> ДЕМОНТАЖНЫЕ РАБОТЫ | O49: =ROUND(AB49,2) -> 655.96 | P49: =ROUND(AC49,2) -> 0 | Q49: =ROUND(AD49,2) -> 1.84 | R49: =ROUND(AE49,2) -> 0.26 | S49: =ROUND(AF49,2) -> 654.12 | T49: =ROUND(AG49,2) -> 0 | U49: =AH49 -> 61.52557 | V49: =AI49 -> 0 | W49: =ROUND(AJ49,2) -> 0 | X49: =ROUND(AK49,2) -> 523.31 | Y49: =ROUND(AL49,2) -> 359.77 | AB49: =ROUND(SUMIF(AA28:AA47,"=22529512",O28:O47),2) -> 655.96 | AC49: =ROUND(SUMIF(AA28:AA47,"=22529512",P28:P47),2) -> 0 | AD49: =ROUND(SUMIF(AA28:AA47,"=22529512",Q28:Q47),2) -> 1.84 | AE49: =ROUND(SUMIF(AA28:AA47,"=22529512",R28:R47),2) -> 0.26 | AF49: =ROUND(SUMIF(AA28:AA47,"=22529512",S28:S47),2) -> 654.12 | AG49: =ROUND(SUMIF(AA28:AA47,"=22529512",T28:T47),2) -> 0 | AH49: =SUMIF(AA28:AA47,"=22529512",U28:U47) -> 61.52557 | AI49: =SUMIF(AA28:AA47,"=22529512",V28:V47) -> 0 | AJ49: =ROUND(SUMIF(AA28:AA47,"=22529512",W28:W47),2) -> 0 | AK49: =ROUND(SUMIF(AA28:AA47,"=22529512",X28:X47),2) -> 523.31 | AL49: =ROUND(SUMIF(AA28:AA47,"=22529512",Y28:Y47),2) -> 359.77 | AO49: =ROUND(BB49,2) -> 0 | AP49: =ROUND(BC49,2) -> 0 | AQ49: =ROUND(BD49,2) -> 0 | AR49: =ROUND(BE49,2) -> 1539.5 | AS49: =ROUND(BF49,2) -> 1539.5 | AT49: =ROUND(BG49,2) -> 0 | AU49: =ROUND(BH49,2) -> 0 | BB49: =ROUND(SUMIF(AA28:AA47,"=22529512",FQ28:FQ47),2) -> 0 | BC49: =ROUND(SUMIF(AA28:AA47,"=22529512",FR28:FR47),2) -> 0 | BD49: =ROUND(SUMIF(AA28:AA47,"=22529512",GL28:GL47),2) -> 0 | BE49: =ROUND(SUMIF(AA28:AA47,"=22529512",GM28:GM47),2) -> 1539.5 | BF49: =ROUND(SUMIF(AA28:AA47,"=22529512",GN28:GN47),2) -> 1539.5 | BG49: =ROUND(SUMIF(AA28:AA47,"=22529512",GO28:GO47),2) -> 0 | BH49: =ROUND(SUMIF(AA28:AA47,"=22529512",GP28:GP47),2) -> 0 | BO49: =ROUND(CB49,2) -> 9293.54 | BP49: =ROUND(CC49,2) -> 0 | BQ49: =ROUND(CD49,2) -> 18.14 | BR49: =ROUND(CE49,2) -> 3.72 | BS49: =ROUND(CF49,2) -> 9275.4 | BT49: =ROUND(CG49,2) -> 0 | BU49: =CH49 -> 61.52557 | BV49: =CI49 -> 0 | BW49: =ROUND(CJ49,2) -> 0 | BX49: =ROUND(CK49,2) -> 6678.29 | BY49: =ROUND(CL49,2) -> 4081.19 | CB49: =ROUND(SUMIF(AA28:AA47,"=22529510",O28:O47),2) -> 9293.54 | CC49: =ROUND(SUMIF(AA28:AA47,"=22529510",P28:P47),2) -> 0 | CD49: =ROUND(SUMIF(AA28:AA47,"=22529510",Q28:Q47),2) -> 18.14 | CE49: =ROUND(SUMIF(AA28:AA47,"=22529510",R28:R47),2) -> 3.72 | CF49: =ROUND(SUMIF(AA28:AA47,"=22529510",S28:S47),2) -> 9275.4 | CG49: =ROUND(SUMIF(AA28:AA47,"=22529510",T28:T47),2) -> 0 | CH49: =SUMIF(AA28:AA47,"=22529510",U28:U47) -> 61.52557 | CI49: =SUMIF(AA28:AA47,"=22529510",V28:V47) -> 0 | CJ49: =ROUND(SUMIF(AA28:AA47,"=22529510",W28:W47),2) -> 0 | CK49: =ROUND(SUMIF(AA28:AA47,"=22529510",X28:X47),2) -> 6678.29 | CL49: =ROUND(SUMIF(AA28:AA47,"=22529510",Y28:Y47),2) -> 4081.19 | CO49: =ROUND(DB49,2) -> 0 | CP49: =ROUND(DC49,2) -> 0 | CQ49: =ROUND(DD49,2) -> 0 | CR49: =ROUND(DE49,2) -> 20059.3 | CS49: =ROUND(DF49,2) -> 20059.3 | CT49: =ROUND(DG49,2) -> 0 | CU49: =ROUND(DH49,2) -> 0 | DB49: =ROUND(SUMIF(AA28:AA47,"=22529510",FQ28:FQ47),2) -> 0 | DC49: =ROUND(SUMIF(AA28:AA47,"=22529510",FR28:FR47),2) -> 0 | DD49: =ROUND(SUMIF(AA28:AA47,"=22529510",GL28:GL47),2) -> 0 | DE49: =ROUND(SUMIF(AA28:AA47,"=22529510",GM28:GM47),2) -> 20059.3 | DF49: =ROUND(SUMIF(AA28:AA47,"=22529510",GN28:GN47),2) -> 20059.3 | DG49: =ROUND(SUMIF(AA28:AA47,"=22529510",GO28:GO47),2) -> 0 | DH49: =ROUND(SUMIF(AA28:AA47,"=22529510",GP28:GP47),2) -> 0 | DN49: 0
A51: 50 | B51: 0 | C51: 0 | D51: 1 | E51: 201 | F51: =ROUND(Source!O49,O51) -> 655.96 | G51: ПЗ | H51: Прямые затраты | K51: 201 | L51: 1 | M51: 3 | O51: 2 | P51: =ROUND(Source!BO49,O51) -> 9293.54
A52: 50 | B52: 0 | C52: 0 | D52: 1 | E52: 202 | F52: =ROUND(Source!P49,O52) -> 0 | G52: СтМат | H52: Стоимость материальных ресурсов | K52: 202 | L52: 2 | M52: 3 | O52: 2 | P52: =ROUND(Source!BP49,O52) -> 0
A53: 50 | B53: 0 | C53: 0 | D53: 1 | E53: 222 | F53: =ROUND(Source!AO49,O53) -> 0 | G53: СтМатЗак | H53: Стоимость материалов заказчика | K53: 222 | L53: 3 | M53: 3 | O53: 2 | P53: =ROUND(Source!CO49,O53) -> 0
A54: 50 | B54: 0 | C54: 0 | D54: 1 | E54: 216 | F54: =ROUND(Source!AP49,O54) -> 0 | G54: Оборуд | H54: Стоимость оборудования | K54: 216 | L54: 4 | M54: 3 | O54: 2 | P54: =ROUND(Source!CP49,O54) -> 0
A55: 50 | B55: 0 | C55: 0 | D55: 1 | E55: 223 | F55: =ROUND(Source!AQ49,O55) -> 0 | G55: ОборудЗак | H55: Стоимость оборудования заказчика | K55: 223 | L55: 5 | M55: 3 | O55: 2 | P55: =ROUND(Source!CQ49,O55) -> 0
A56: 50 | B56: 0 | C56: 0 | D56: 1 | E56: 203 | F56: =ROUND(Source!Q49,O56) -> 1.84 | G56: ЭММ | H56: Эксплуатация машин | K56: 203 | L56: 6 | M56: 3 | O56: 2 | P56: =ROUND(Source!BQ49,O56) -> 18.14
A57: 50 | B57: 0 | C57: 0 | D57: 1 | E57: 204 | F57: =ROUND(Source!R49,O57) -> 0.26 | G57: ЗПМ | H57: ЗП машинистов | K57: 204 | L57: 7 | M57: 3 | O57: 2 | P57: =ROUND(Source!BR49,O57) -> 3.72
A58: 50 | B58: 0 | C58: 0 | D58: 1 | E58: 205 | F58: =ROUND(Source!S49,O58) -> 654.12 | G58: ОЗП | H58: Основная ЗП рабочих | K58: 205 | L58: 8 | M58: 3 | O58: 2 | P58: =ROUND(Source!BS49,O58) -> 9275.4
A59: 50 | B59: 0 | C59: 0 | D59: 1 | E59: 214 | F59: =ROUND(Source!AS49,O59) -> 1539.5 | G59: Строит | H59: Строительные работы с НР и СП | K59: 214 | L59: 9 | M59: 3 | O59: 2 | P59: =ROUND(Source!CS49,O59) -> 20059.3
A60: 50 | B60: 0 | C60: 0 | D60: 1 | E60: 215 | F60: =ROUND(Source!AT49,O60) -> 0 | G60: Монтаж | H60: Монтажные работы с НР и СП | K60: 215 | L60: 10 | M60: 3 | O60: 2 | P60: =ROUND(Source!CT49,O60) -> 0
A61: 50 | B61: 0 | C61: 0 | D61: 1 | E61: 217 | F61: =ROUND(Source!AU49,O61) -> 0 | G61: Прочие | H61: Прочие работы с НР и СП | K61: 217 | L61: 11 | M61: 3 | O61: 2 | P61: =ROUND(Source!CU49,O61) -> 0
A62: 50 | B62: 0 | C62: 0 | D62: 1 | E62: 206 | F62: =ROUND(Source!T49,O62) -> 0 | G62: ВозврМат | H62: Возврат материалов | K62: 206 | L62: 12 | M62: 3 | O62: 2 | P62: =ROUND(Source!BT49,O62) -> 0
A63: 50 | B63: 0 | C63: 0 | D63: 1 | E63: 207 | F63: =Source!U49 -> 61.52557 | G63: ТрудСтр | H63: Трудозатраты строителей | K63: 207 | L63: 13 | M63: 3 | O63: -1 | P63: =Source!BU49 -> 61.52557
A64: 50 | B64: 0 | C64: 0 | D64: 1 | E64: 208 | F64: =Source!V49 -> 0 | G64: ТрудМаш | H64: Трудозатраты машинистов | K64: 208 | L64: 14 | M64: 3 | O64: -1 | P64: =Source!BV49 -> 0
A65: 50 | B65: 0 | C65: 0 | D65: 1 | E65: 209 | F65: =ROUND(Source!W49,O65) -> 0 | G65: ТранспМат | H65: Транспорт материалов | K65: 209 | L65: 15 | M65: 3 | O65: 2 | P65: =ROUND(Source!BW49,O65) -> 0
A66: 50 | B66: 0 | C66: 0 | D66: 1 | E66: 210 | F66: =ROUND(Source!X49,O66) -> 523.31 | G66: НР | H66: Накладные расходы | K66: 210 | L66: 16 | M66: 3 | O66: 2 | P66: =ROUND(Source!BX49,O66) -> 6678.29
A67: 50 | B67: 0 | C67: 0 | D67: 1 | E67: 211 | F67: =ROUND(Source!Y49,O67) -> 359.77 | G67: СмПриб | H67: Сметная прибыль | K67: 211 | L67: 17 | M67: 3 | O67: 2 | P67: =ROUND(Source!BY49,O67) -> 4081.19
A68: 50 | B68: 0 | C68: 0 | D68: 1 | E68: 224 | F68: =ROUND(Source!AR49,O68) -> 1539.5 | G68: Всего | H68: Всего с НР и СП | K68: 224 | L68: 18 | M68: 3 | O68: 2 | P68: =ROUND(Source!CR49,O68) -> 20059.3
A69: 50 | B69: 1 | C69: 0 | D69: 2 | E69: 0 | F69: =ROUND(F51+F66+F67+F57*1.67,O69) -> 1539.47 | G69: всего | H69: Всего по смете | K69: 212 | L69: 19 | M69: 0 | O69: 2 | P69: =ROUND(P51+P66+P67+P57*1.67,O69) -> 20059.23
A71: 4 | B71: 1 | D71: =ROW(A114) -> 114 | F71: РАЗДЕЛ 2. | G71: Стены и перегородки | I71: 0 | K71: -1 | V71: 0 | BX71: 0 | CJ71: 0
A73: 52 | B73: =B114 -> 1 | C73: =C114 -> 4 | D73: =D114 -> 71 | E73: =E114 -> 0 | F73: =F114 -> РАЗДЕЛ 2. | G73: =G114 -> Стены и перегородки | O73: =O114 -> 54496.66 | P73: =P114 -> 51769.79 | Q73: =Q114 -> 91.62 | R73: =R114 -> 11.86 | S73: =S114 -> 2635.25 | T73: =T114 -> 0 | U73: =U114 -> 223.79862 | V73: =V114 -> 0 | ... DN73: =DN114 -> 0
A75: 17 | B75: 1 | C75: =ROW(SmtRes!A39) -> 39 | D75: =ROW(EtalonRes!A39) -> 39 | E75: 11 | F75: 3.11-8-1 | G75: УСТРОЙСТВО ТЕПЛОИЗОЛЯЦИИ ИЗ ПЛИТ ИЛИ МАТОВ МИНЕРАЛОВАТНЫХ ИЛИ СТЕКЛОВОЛОКНИСТЫХ | H75: 100 м2 | I75: 0.125 | J75: 0 | O75: =ROUND(CP75,2) -> 54.09 | P75: =ROUND(CQ75*I75,2) -> 0 | Q75: =ROUND(CR75*I75,2) -> 10.47 | R75: =ROUND(CS75*I75,2) -> 2.47 | S75: =ROUND(CT75*I75,2) -> 43.62 | T75: =ROUND(CU75*I75,2) -> 0 | U75: =CV75*I75 -> 3.70875 | V75: =CW75*I75 -> 0 | W75: =ROUND(CX75*I75,2) -> 0 | X75: =ROUND(CY75,2) -> 45.36 | Y75: =ROUND(CZ75,2) -> 30.53 | AA75: 22529512 | AB75: =ROUND((AC75+AD75+AF75),6) -> 432.6715 | AC75: =ROUND((ES75),6) -> 0 | AD75: =ROUND(((((ET75*1.25))-((EU75*1.25)))+AE75),6) -> 83.75 | AE75: =ROUND(((EU75*1.25)),6) -> 19.7875 | AF75: =ROUND(((EV75*1.15)),6) -> 348.9215 | AG75: =ROUND((AP75),6) -> 0 | AH75: =((EW75*1.15)) -> 29.67 | AI75: =((EX75*1.25)) -> 0 | AJ75: =ROUND((AS75),6) -> 0 | AK75: 370.41 | AL75: 0 | AM75: 67 | AN75: 15.83 | AO75: 303.41 | AP75: 0 | AQ75: 25.8 | AR75: 0 | AS75: 0 | AT75: 104 | AU75: 70 | AV75: 1 | AW75: 1 | AZ75: 1 | BA75: 1 | BB75: 1 | BC75: 1 | BH75: 0 | BI75: 1 | BJ75: ТСН-2001.3. Доп.11. Сб.11, т.8, поз.1 | BM75: 89 | BN75: 0 | BP75: 0 | BQ75: 30 | BS75: 1 | BT75: 1 | BU75: 1 | BV75: 1 | BW75: 1 | BX75: 1 | BZ75: 104 | CA75: 70 | CF75: 0 | CG75: 0 | CM75: 0 | CO75: 0 | CP75: =(P75+Q75+S75) -> 54.09 | CQ75: =((AC75*AW75))*BC75 -> 0 | CR75: =((AD75*AV75))*BB75 -> 83.75 | CS75: =((AE75*AV75))*BS75 -> 19.7875 | CT75: =((AF75*AV75))*BA75 -> 348.9215 | CU75: =AG75 -> 0 | CV75: =(AH75*AV75) -> 29.67 | CW75: =AI75 -> 0 | CX75: =AJ75 -> 0 | CY75: =((S75*BZ75)/100) -> 45.3648 | CZ75: =((S75*CA75)/100) -> 30.534 | DE75: )*1,25 | DF75: )*1,25 | DG75: )*1,15 | DI75: )*1,15 | DJ75: )*1,25 | DN75: 0 | DO75: 0 | DP75: 1 | DQ75: 1 | DU75: 1005 | DV75: 100 м2 | DW75: 100 м2 | DX75: 100 | EE75: 21120779 | EF75: 30 | EG75: Строительные работы | EH75: 0 | EJ75: 1 | EK75: 89 | EL75: ТСН-2001.3-11. 11-4...11-11 (доп. 11) | EM75: ТСН-2001.3-11-2 | EQ75: 0 | ER75: 370.41 | ES75: 0 | ET75: 67 | EU75: 15.83 | EV75: 303.41 | EW75: 25.8 | EX75: 0 | EY75: 0 | EZ75: 0 | FQ75: 0 | FR75: =ROUND(IF(AND(BH75=3,BI75=3),P75,0),2) -> 0 | FS75: 0 | FX75: 104 | FY75: 70 | GG75: 2 | GH75: 1 | GI75: -2 | GJ75: 0 | GK75: =ROUND(R75*(R12)/100,2) -> 4.32 | GL75: =ROUND(IF(AND(BH75=3,BI75=3,FS75<>0),P75,0),2) -> 0 | GM75: =O75+X75+Y75+GK75 -> 134.3 | GN75: =ROUND(IF(OR(BI75=0,BI75=1),O75+X75+Y75+GK75,0),2) -> 134.3 | GO75: =ROUND(IF(BI75=2,O75+X75+Y75+GK75,0),2) -> 0 | GP75: =ROUND(IF(BI75=4,O75+X75+Y75+GK75,0),2) -> 0 | GR75: 0
A76: 17 | B76: 1 | C76: =ROW(SmtRes!A42) -> 42 | D76: =ROW(EtalonRes!A42) -> 42 | E76: 11 | F76: =F75 -> 3.11-8-1 | G76: =G75 -> УСТРОЙСТВО ТЕПЛОИЗОЛЯЦИИ ИЗ ПЛИТ ИЛИ МАТОВ МИНЕРАЛОВАТНЫХ ИЛИ СТЕКЛОВОЛОКНИСТЫХ | H76: =H75 -> 100 м2 | I76: =I75 -> 0.125 | J76: =J75 -> 0 | O76: =ROUND(CP76,2) -> 702.42 | P76: =ROUND(CQ76*I76,2) -> 0 | Q76: =ROUND(CR76*I76,2) -> 83.96 | R76: =ROUND(CS76*I76,2) -> 35.07 | S76: =ROUND(CT76*I76,2) -> 618.46 | T76: =ROUND(CU76*I76,2) -> 0 | U76: =CV76*I76 -> 3.70875 | V76: =CW76*I76 -> 0 | W76: =ROUND(CX76*I76,2) -> 0 | X76: =ROUND(CY76,2) -> 550.43 | Y76: =ROUND(CZ76,2) -> 272.12 | AA76: 22529510 | AB76: =ROUND((AC76+AD76+AF76),6) -> 432.6715 | AC76: =ROUND((ES76),6) -> 0 | AD76: =ROUND(((((ET76*1.25))-((EU76*1.25)))+AE76),6) -> 83.75 | AE76: =ROUND(((EU76*1.25)),6) -> 19.7875 | AF76: =ROUND(((EV76*1.15)),6) -> 348.9215 | AG76: =ROUND((AP76),6) -> 0 | AH76: =((EW76*1.15)) -> 29.67 | AI76: =((EX76*1.25)) -> 0 | AJ76: =ROUND((AS76),6) -> 0 | AK76: 370.41 | AL76: 0 | AM76: 67 | AN76: 15.83 | AO76: 303.41 | AP76: 0 | AQ76: 25.8 | AR76: 0 | AS76: 0 | AT76: 89 | AU76: 44 | AV76: 1 | AW76: 1 | AZ76: 1 | BA76: 14.18 | BB76: 8.02 | BC76: 1 | BH76: 0 | BI76: 1 | BJ76: =BJ75 -> ТСН-2001.3. Доп.11. Сб.11, т.8, поз.1 | BM76: 89 | BN76: 0 | BO76: 3.11-8-1 | BP76: 1 | BQ76: 30 | BS76: 14.18 | BT76: 1 | BU76: 1 | BV76: 1 | BW76: 1 | BX76: 1 | BZ76: 89 | CA76: 44 | CF76: 0 | CG76: 0 | CM76: 0 | CO76: 0 | CP76: =(P76+Q76+S76) -> 702.42 | CQ76: =((AC76*AW76))*BC76 -> 0 | CR76: =((AD76*AV76))*BB76 -> 671.675 | CS76: =((AE76*AV76))*BS76 -> 280.58675 | CT76: =((AF76*AV76))*BA76 -> 4947.7069 | CU76: =AG76 -> 0 | CV76: =(AH76*AV76) -> 29.67 | CW76: =AI76 -> 0 | CX76: =AJ76 -> 0 | CY76: =S76*(BZ76/100) -> 550.4294 | CZ76: =S76*(CA76/100) -> 272.1224 | DE76: )*1,25 | DF76: )*1,25 | DG76: )*1,15 | DI76: )*1,15 | DJ76: )*1,25 | DN76: 104 | DO76: 70 | DP76: 1.047 | DQ76: 1 | DU76: =DU75 -> 1005 | DV76: =DV75 -> 100 м2 | DW76: =DW75 -> 100 м2 | DX76: =DX75 -> 100 | DY76: =DY75 -> 0 | DZ76: =DZ75 -> 0 | EA76: =EA75 -> 0 | EB76: =EB75 -> 0 | ... EM76: =EM75 -> ТСН-2001.3-11-2 | EQ76: 0 | ER76: 370.41 | ES76: 0 | ET76: 67 | EU76: 15.83 | EV76: 303.41 | EW76: 25.8 | EX76: 0 | EY76: 0 | FQ76: 0 | FR76: =ROUND(IF(AND(BH76=3,BI76=3),P76,0),2) -> 0 | FS76: 0 | FX76: 89 | FY76: 44 | GG76: 2 | GH76: 1 | GI76: 2 | GJ76: 0 | GK76: =ROUND(R76*(S12)/100,2) -> 59.27 | GL76: =ROUND(IF(AND(BH76=3,BI76=3,FS76<>0),P76,0),2) -> 0 | GM76: =O76+X76+Y76+GK76 -> 1584.24 | GN76: =ROUND(IF(OR(BI76=0,BI76=1),O76+X76+Y76+GK76,0),2) -> 1584.24 | GO76: =ROUND(IF(BI76=2,O76+X76+Y76+GK76,0),2) -> 0 | GP76: =ROUND(IF(BI76=4,O76+X76+Y76+GK76,0),2) -> 0 | GR76: 0
A77: 18 | B77: 1 | C77: 39 | E77: 11,1 | F77: ПРАЙС-ЛИСТ | G77: ПЛИТЫ ТЕПЛОИЗОЛЯЦИОННЫЕ МИНЕРАЛОВАТНЫЕ | H77: м2 | I77: =I76*J77 -> 12.5 | J77: 100 | O77: =ROUND(CP77,2) -> 2437.5 | P77: =ROUND(CQ77*I77,2) -> 2437.5 | Q77: =ROUND(CR77*I77,2) -> 0 | R77: =ROUND(CS77*I77,2) -> 0 | S77: =ROUND(CT77*I77,2) -> 0 | T77: =ROUND(CU77*I77,2) -> 0 | U77: =CV77*I77 -> 0 | V77: =CW77*I77 -> 0 | W77: =ROUND(CX77*I77,2) -> 0 | X77: =ROUND(CY77,2) -> 0 | Y77: =ROUND(CZ77,2) -> 0 | AA77: 22529512 | AB77: =ROUND((AC77+AD77+AF77),6) -> 195 | AC77: =ROUND((ES77),6) -> 195 | AD77: =ROUND((((ET77)-(EU77))+AE77),6) -> 0 | AE77: =ROUND((EU77),6) -> 0 | AF77: =ROUND((EV77),6) -> 0 | AG77: =ROUND((AP77),6) -> 0 | AH77: =(EW77) -> 0 | AI77: =(EX77) -> 0 | AJ77: =ROUND((AS77),6) -> 0 | AK77: 195 | AL77: 195 | AM77: 0 | AN77: 0 | AO77: 0 | AP77: 0 | AQ77: 0 | AR77: 0 | AS77: 0 | AT77: 91 | AU77: 70 | AV77: 1 | AW77: 1 | AZ77: 1 | BA77: 1 | BB77: 1 | BC77: 1 | BH77: 3 | BI77: 1 | BM77: 89 | BN77: 0 | BP77: 0 | BQ77: 30 | BS77: 1 | BT77: 1 | BU77: 1 | BV77: 1 | BW77: 1 | BX77: 1 | BZ77: 91 | CA77: 70 | CF77: 0 | CG77: 0 | CM77: 0 | CO77: 0 | CP77: =(P77+Q77+S77) -> 2437.5 | CQ77: =((AC77*AW77))*BC77 -> 195 | CR77: =((AD77*AV77))*BB77 -> 0 | CS77: =((AE77*AV77))*BS77 -> 0 | CT77: =((AF77*AV77))*BA77 -> 0 | CU77: =AG77 -> 0 | CV77: =(AH77*AV77) -> 0 | CW77: =AI77 -> 0 | CX77: =AJ77 -> 0 | CY77: =((S77*BZ77)/100) -> 0 | CZ77: =((S77*CA77)/100) -> 0 | DN77: 0 | DO77: 0 | DP77: 1 | DQ77: 1 | DU77: 1005 | DV77: м2 | DW77: м2 | DX77: 1 | EE77: 21120779 | EF77: 30 | EG77: Строительные работы | EH77: 0 | EJ77: 1 | EK77: 89 | EL77: ТСН-2001.3-11. 11-4...11-11 (доп. 11) | EM77: ТСН-2001.3-11-2 | EQ77: 0 | ER77: 0 | ES77: 195 | ET77: 0 | EU77: 0 | EV77: 0 | EW77: 0 | EX77: 0 | EZ77: 0 | FQ77: 0 | FR77: =ROUND(IF(AND(BH77=3,BI77=3),P77,0),2) -> 0 | FS77: 0 | FX77: 91 | FY77: 70 | GA77: занесена вручную | GG77: 2 | GH77: 0 | GI77: -2 | GJ77: 0 | GK77: =ROUND(R77*(R12)/100,2) -> 0 | GL77: =ROUND(IF(AND(BH77=3,BI77=3,FS77<>0),P77,0),2) -> 0 | GM77: =O77+X77+Y77+GK77 -> 2437.5 | GN77: =ROUND(IF(OR(BI77=0,BI77=1),O77+X77+Y77+GK77,0),2) -> 2437.5 | GO77: =ROUND(IF(BI77=2,O77+X77+Y77+GK77,0),2) -> 0 | GP77: =ROUND(IF(BI77=4,O77+X77+Y77+GK77,0),2) -> 0 | GR77: 0
A78: 18 | B78: 1 | C78: 42 | E78: 11,1 | F78: =F77 -> ПРАЙС-ЛИСТ | G78: =G77 -> ПЛИТЫ ТЕПЛОИЗОЛЯЦИОННЫЕ МИНЕРАЛОВАТНЫЕ | H78: =H77 -> м2 | I78: =I76*J78 -> 12.5 | J78: =J77 -> 100 | O78: =ROUND(CP78,2) -> 2437.5 | P78: =ROUND(CQ78*I78,2) -> 2437.5 | Q78: =ROUND(CR78*I78,2) -> 0 | R78: =ROUND(CS78*I78,2) -> 0 | S78: =ROUND(CT78*I78,2) -> 0 | T78: =ROUND(CU78*I78,2) -> 0 | U78: =CV78*I78 -> 0 | V78: =CW78*I78 -> 0 | W78: =ROUND(CX78*I78,2) -> 0 | X78: =ROUND(CY78,2) -> 0 | Y78: =ROUND(CZ78,2) -> 0 | AA78: 22529510 | AB78: =ROUND((AC78+AD78+AF78),6) -> 195 | AC78: =ROUND((ES78),6) -> 195 | AD78: =ROUND((((ET78)-(EU78))+AE78),6) -> 0 | AE78: =ROUND((EU78),6) -> 0 | AF78: =ROUND((EV78),6) -> 0 | AG78: =ROUND((AP78),6) -> 0 | AH78: =(EW78) -> 0 | AI78: =(EX78) -> 0 | AJ78: =ROUND((AS78),6) -> 0 | AK78: 195 | AL78: 195 | AM78: 0 | AN78: 0 | AO78: 0 | AP78: 0 | AQ78: 0 | AR78: 0 | AS78: 0 | AT78: 0 | AU78: 0 | AV78: 1 | AW78: 1 | AZ78: 1 | BA78: 1 | BB78: 1 | BC78: 1 | BH78: 3 | BI78: 1 | BJ78: =BJ77 | BM78: 89 | BN78: 0 | BP78: 0 | BQ78: 30 | BS78: 1 | BT78: 1 | BU78: 1 | BV78: 1 | BW78: 1 | BX78: 1 | BZ78: 0 | CA78: 0 | CF78: 0 | CG78: 0 | CM78: 0 | CO78: 0 | CP78: =(P78+Q78+S78) -> 2437.5 | CQ78: =((AC78*AW78))*BC78 -> 195 | CR78: =((AD78*AV78))*BB78 -> 0 | CS78: =((AE78*AV78))*BS78 -> 0 | CT78: =((AF78*AV78))*BA78 -> 0 | CU78: =AG78 -> 0 | CV78: =(AH78*AV78) -> 0 | CW78: =AI78 -> 0 | CX78: =AJ78 -> 0 | CY78: =S78*(BZ78/100) -> 0 | CZ78: =S78*(CA78/100) -> 0 | DN78: 91 | DO78: 70 | DP78: 1.047 | DQ78: 1.019 | DU78: =DU77 -> 1005 | DV78: =DV77 -> м2 | DW78: =DW77 -> м2 | DX78: =DX77 -> 1 | DY78: =DY77 -> 0 | DZ78: =DZ77 -> 0 | EA78: =EA77 -> 0 | EB78: =EB77 -> 0 | ... EM78: =EM77 -> ТСН-2001.3-11-2 | EQ78: 0 | ER78: 0 | ES78: 195 | ET78: 0 | EU78: 0 | EV78: 0 | EW78: 0 | EX78: 0 | FQ78: 0 | FR78: =ROUND(IF(AND(BH78=3,BI78=3),P78,0),2) -> 0 | FS78: 0 | FX78: 0 | FY78: 0 | GA78: 195 / 1 | GG78: 2 | GH78: 0 | GI78: -2 | GJ78: 0 | GK78: =ROUND(R78*(S12)/100,2) -> 0 | GL78: =ROUND(IF(AND(BH78=3,BI78=3,FS78<>0),P78,0),2) -> 0 | GM78: =O78+X78+Y78+GK78 -> 2437.5 | GN78: =ROUND(IF(OR(BI78=0,BI78=1),O78+X78+Y78+GK78,0),2) -> 2437.5 | GO78: =ROUND(IF(BI78=2,O78+X78+Y78+GK78,0),2) -> 0 | GP78: =ROUND(IF(BI78=4,O78+X78+Y78+GK78,0),2) -> 0 | GR78: 0
A79: 17 | B79: 1 | C79: =ROW(SmtRes!A54) -> 54 | D79: =ROW(EtalonRes!A54) -> 54 | E79: 12 | F79: 3.10-71-1 | G79: УСТРОЙСТВО ПЕРЕГОРОДОК С ОДНОРЯДНЫМ КАРКАСОМ С ОБШИВКОЙ ГИПСОКАРТОННЫМИ ЛИСТАМИ ОДНОЙ СТОРОНЫ В ОДИН СЛОЙ - ОДНОСЛОЙНЫЕ (БЕЗ ПОДГОТОВКИ ПОД ОТДЕЛКУ) | H79: 100 м2 | I79: 0.494 | J79: 0 | O79: =ROUND(CP79,2) -> 2692.95 | P79: =ROUND(CQ79*I79,2) -> 1371.06 | Q79: =ROUND(CR79*I79,2) -> 37.42 | R79: =ROUND(CS79*I79,2) -> 1.84 | S79: =ROUND(CT79*I79,2) -> 1284.47 | T79: =ROUND(CU79*I79,2) -> 0 | U79: =CV79*I79 -> 107.939 | V79: =CW79*I79 -> 0 | W79: =ROUND(CX79*I79,2) -> 0 | X79: =ROUND(CY79,2) -> 1168.87 | Y79: =ROUND(CZ79,2) -> 899.13 | AA79: 22529512 | AB79: =ROUND((AC79+AD79+AF79),6) -> 5451.32 | AC79: =ROUND((ES79),6) -> 2775.42 | AD79: =ROUND(((((ET79*1.25))-((EU79*1.25)))+AE79),6) -> 75.75 | AE79: =ROUND(((EU79*1.25)),6) -> 3.725 | AF79: =ROUND(((EV79*1.15)),6) -> 2600.15 | AG79: =ROUND((AP79),6) -> 0 | AH79: =((EW79*1.15)) -> 218.5 | AI79: =((EX79*1.25)) -> 0 | AJ79: =ROUND((AS79),6) -> 0 | AK79: 5097.02 | AL79: 2775.42 | AM79: 60.6 | AN79: 2.98 | AO79: 2261 | AP79: 0 | AQ79: 190 | AR79: 0 | AS79: 0 | AT79: 91 | AU79: 70 | AV79: 1 | AW79: 1 | AZ79: 1 | BA79: 1 | BB79: 1 | BC79: 1 | BH79: 0 | BI79: 1 | BJ79: ТСН-2001.3. База. Сб.10, т.71, поз.1 | BM79: 82 | BN79: 0 | BP79: 0 | BQ79: 30 | BS79: 1 | BT79: 1 | BU79: 1 | BV79: 1 | BW79: 1 | BX79: 1 | BZ79: 91 | CA79: 70 | CF79: 0 | CG79: 0 | CM79: 0 | CO79: 0 | CP79: =(P79+Q79+S79) -> 2692.95 | CQ79: =((AC79*AW79))*BC79 -> 2775.42 | CR79: =((AD79*AV79))*BB79 -> 75.75 | CS79: =((AE79*AV79))*BS79 -> 3.725 | CT79: =((AF79*AV79))*BA79 -> 2600.15 | CU79: =AG79 -> 0 | CV79: =(AH79*AV79) -> 218.5 | CW79: =AI79 -> 0 | CX79: =AJ79 -> 0 | CY79: =((S79*BZ79)/100) -> 1168.8677 | CZ79: =((S79*CA79)/100) -> 899.129 | DE79: )*1,25 | DF79: )*1,25 | DG79: )*1,15 | DI79: )*1,15 | DJ79: )*1,25 | DN79: 0 | DO79: 0 | DP79: 1 | DQ79: 1 | DU79: 1005 | DV79: 100 м2 | DW79: 100 м2 | DX79: 100 | EE79: 21120772 | EF79: 30 | EG79: Строительные работы | EH79: 0 | EJ79: 1 | EK79: 82 | EL79: ТСН-2001.3-10. 10-70...10-72 | EM79: ТСН-2001.3-10-2 | EQ79: 0 | ER79: 5097.02 | ES79: 2775.42 | ET79: 60.6 | EU79: 2.98 | EV79: 2261 | EW79: 190 | EX79: 0 | EY79: 0 | EZ79: 0 | FQ79: 0 | FR79: =ROUND(IF(AND(BH79=3,BI79=3),P79,0),2) -> 0 | FS79: 0 | FX79: 91 | FY79: 70 | GG79: 2 | GH79: 1 | GI79: -2 | GJ79: 0 | GK79: =ROUND(R79*(R12)/100,2) -> 3.22 | GL79: =ROUND(IF(AND(BH79=3,BI79=3,FS79<>0),P79,0),2) -> 0 | GM79: =O79+X79+Y79+GK79 -> 4764.17 | GN79: =ROUND(IF(OR(BI79=0,BI79=1),O79+X79+Y79+GK79,0),2) -> 4764.17 | GO79: =ROUND(IF(BI79=2,O79+X79+Y79+GK79,0),2) -> 0 | GP79: =ROUND(IF(BI79=4,O79+X79+Y79+GK79,0),2) -> 0 | GR79: 0
A80: 17 | B80: 1 | C80: =ROW(SmtRes!A66) -> 66 | D80: =ROW(EtalonRes!A66) -> 66 | E80: 12 | F80: =F79 -> 3.10-71-1 | G80: =G79 -> УСТРОЙСТВО ПЕРЕГОРОДОК С ОДНОРЯДНЫМ КАРКАСОМ С ОБШИВКОЙ ГИПСОКАРТОННЫМИ ЛИСТАМИ ОДНОЙ СТОРОНЫ В ОДИН СЛОЙ - ОДНОСЛОЙНЫЕ (БЕЗ ПОДГОТОВКИ ПОД ОТДЕЛКУ) | H80: =H79 -> 100 м2 | I80: =I79 -> 0.494 | J80: =J79 -> 0 | O80: =ROUND(CP80,2) -> 21716.51 | P80: =ROUND(CQ80*I80,2) -> 3180.85 | Q80: =ROUND(CR80*I80,2) -> 321.82 | R80: =ROUND(CS80*I80,2) -> 26.09 | S80: =ROUND(CT80*I80,2) -> 18213.84 | T80: =ROUND(CU80*I80,2) -> 0 | U80: =CV80*I80 -> 107.939 | V80: =CW80*I80 -> 0 | W80: =ROUND(CX80*I80,2) -> 0 | X80: =ROUND(CY80,2) -> 14024.66 | Y80: =ROUND(CZ80,2) -> 8014.09 | AA80: 22529510 | AB80: =ROUND((AC80+AD80+AF80),6) -> 5451.32 | AC80: =ROUND((ES80),6) -> 2775.42 | AD80: =ROUND(((((ET80*1.25))-((EU80*1.25)))+AE80),6) -> 75.75 | AE80: =ROUND(((EU80*1.25)),6) -> 3.725 | AF80: =ROUND(((EV80*1.15)),6) -> 2600.15 | AG80: =ROUND((AP80),6) -> 0 | AH80: =((EW80*1.15)) -> 218.5 | AI80: =((EX80*1.25)) -> 0 | AJ80: =ROUND((AS80),6) -> 0 | AK80: 5097.02 | AL80: 2775.42 | AM80: 60.6 | AN80: 2.98 | AO80: 2261 | AP80: 0 | AQ80: 190 | AR80: 0 | AS80: 0 | AT80: 77 | AU80: 44 | AV80: 1 | AW80: 1 | AZ80: 1 | BA80: 14.18 | BB80: 8.6 | BC80: 2.32 | BH80: 0 | BI80: 1 | BJ80: =BJ79 -> ТСН-2001.3. База. Сб.10, т.71, поз.1 | BM80: 82 | BN80: 0 | BO80: 3.10-71-1 | BP80: 1 | BQ80: 30 | BS80: 14.18 | BT80: 1 | BU80: 1 | BV80: 1 | BW80: 1 | BX80: 1 | BZ80: 77 | CA80: 44 | CF80: 0 | CG80: 0 | CM80: 0 | CO80: 0 | CP80: =(P80+Q80+S80) -> 21716.51 | CQ80: =((AC80*AW80))*BC80 -> 6438.9744 | CR80: =((AD80*AV80))*BB80 -> 651.45 | CS80: =((AE80*AV80))*BS80 -> 52.8205 | CT80: =((AF80*AV80))*BA80 -> 36870.127 | CU80: =AG80 -> 0 | CV80: =(AH80*AV80) -> 218.5 | CW80: =AI80 -> 0 | CX80: =AJ80 -> 0 | CY80: =S80*(BZ80/100) -> 14024.657 | CZ80: =S80*(CA80/100) -> 8014.0896 | DE80: )*1,25 | DF80: )*1,25 | DG80: )*1,15 | DI80: )*1,15 | DJ80: )*1,25 | DN80: 91 | DO80: 70 | DP80: 1.047 | DQ80: 1 | DU80: =DU79 -> 1005 | DV80: =DV79 -> 100 м2 | DW80: =DW79 -> 100 м2 | DX80: =DX79 -> 100 | DY80: =DY79 -> 0 | DZ80: =DZ79 -> 0 | EA80: =EA79 -> 0 | EB80: =EB79 -> 0 | ... EM80: =EM79 -> ТСН-2001.3-10-2 | EQ80: 0 | ER80: 5097.02 | ES80: 2775.42 | ET80: 60.6 | EU80: 2.98 | EV80: 2261 | EW80: 190 | EX80: 0 | EY80: 0 | FQ80: 0 | FR80: =ROUND(IF(AND(BH80=3,BI80=3),P80,0),2) -> 0 | FS80: 0 | FX80: 77 | FY80: 44 | GG80: 2 | GH80: 1 | GI80: 2 | GJ80: 0 | GK80: =ROUND(R80*(S12)/100,2) -> 44.09 | GL80: =ROUND(IF(AND(BH80=3,BI80=3,FS80<>0),P80,0),2) -> 0 | GM80: =O80+X80+Y80+GK80 -> 43799.35 | GN80: =ROUND(IF(OR(BI80=0,BI80=1),O80+X80+Y80+GK80,0),2) -> 43799.35 | GO80: =ROUND(IF(BI80=2,O80+X80+Y80+GK80,0),2) -> 0 | GP80: =ROUND(IF(BI80=4,O80+X80+Y80+GK80,0),2) -> 0 | GR80: 0
A81: 18 | B81: 1 | C81: 52 | E81: 12,1 | F81: 1.7-4-24 | G81: ПРОФИЛИ МЕТАЛЛИЧЕСКИЕ ДЛЯ МОНТАЖА ГИПСОВЫХ ПЕРЕГОРОДОК И ПОДВЕСНЫХ ПОТОЛКОВ СТАЛЬНЫЕ, ОЦИНКОВАННЫЕ, МАРКА ПУ-2, ПРОФИЛЬ УГЛОВОЙ, СЕЧЕНИЕ 31Х31Х0,55 ММ | H81: т | I81: =I80*J81 -> 0.028652 | J81: 0.058 | O81: =ROUND(CP81,2) -> 1744.43 | P81: =ROUND(CQ81*I81,2) -> 1744.43 | Q81: =ROUND(CR81*I81,2) -> 0 | R81: =ROUND(CS81*I81,2) -> 0 | S81: =ROUND(CT81*I81,2) -> 0 | T81: =ROUND(CU81*I81,2) -> 0 | U81: =CV81*I81 -> 0 | V81: =CW81*I81 -> 0 | W81: =ROUND(CX81*I81,2) -> 0 | X81: =ROUND(CY81,2) -> 0 | Y81: =ROUND(CZ81,2) -> 0 | AA81: 22529512 | AB81: =ROUND((AC81+AD81+AF81),6) -> 60883.49 | AC81: =ROUND((ES81),6) -> 60883.49 | AD81: =ROUND((((ET81)-(EU81))+AE81),6) -> 0 | AE81: =ROUND((EU81),6) -> 0 | AF81: =ROUND((EV81),6) -> 0 | AG81: =ROUND((AP81),6) -> 0 | AH81: =(EW81) -> 0 | AI81: =(EX81) -> 0 | AJ81: =ROUND((AS81),6) -> 0 | AK81: 60883.49 | AL81: 60883.49 | AM81: 0 | AN81: 0 | AO81: 0 | AP81: 0 | AQ81: 0 | AR81: 0 | AS81: 0 | AT81: 91 | AU81: 70 | AV81: 1 | AW81: 1 | AZ81: 1 | BA81: 1 | BB81: 1 | BC81: 1 | BH81: 3 | BI81: 1 | BJ81: ТСН-2001.1. База. Р.7, о.4, поз.24 | BM81: 82 | BN81: 0 | BP81: 0 | BQ81: 30 | BS81: 1 | BT81: 1 | BU81: 1 | BV81: 1 | BW81: 1 | BX81: 1 | BZ81: 91 | CA81: 70 | CF81: 0 | CG81: 0 | CM81: 0 | CO81: 0 | CP81: =(P81+Q81+S81) -> 1744.43 | CQ81: =((AC81*AW81))*BC81 -> 60883.49 | CR81: =((AD81*AV81))*BB81 -> 0 | CS81: =((AE81*AV81))*BS81 -> 0 | CT81: =((AF81*AV81))*BA81 -> 0 | CU81: =AG81 -> 0 | CV81: =(AH81*AV81) -> 0 | CW81: =AI81 -> 0 | CX81: =AJ81 -> 0 | CY81: =((S81*BZ81)/100) -> 0 | CZ81: =((S81*CA81)/100) -> 0 | DN81: 0 | DO81: 0 | DP81: 1 | DQ81: 1 | DU81: 1009 | DV81: т | DW81: т | DX81: 1000 | EE81: 21120772 | EF81: 30 | EG81: Строительные работы | EH81: 0 | EJ81: 1 | EK81: 82 | EL81: ТСН-2001.3-10. 10-70...10-72 | EM81: ТСН-2001.3-10-2 | EQ81: 0 | ER81: 60883.49 | ES81: 60883.49 | ET81: 0 | EU81: 0 | EV81: 0 | EW81: 0 | EX81: 0 | EZ81: 0 | FQ81: 0 | FR81: =ROUND(IF(AND(BH81=3,BI81=3),P81,0),2) -> 0 | FS81: 0 | FX81: 91 | FY81: 70 | GG81: 2 | GH81: 1 | GI81: -2 | GJ81: 0 | GK81: =ROUND(R81*(R12)/100,2) -> 0 | GL81: =ROUND(IF(AND(BH81=3,BI81=3,FS81<>0),P81,0),2) -> 0 | GM81: =O81+X81+Y81+GK81 -> 1744.43 | GN81: =ROUND(IF(OR(BI81=0,BI81=1),O81+X81+Y81+GK81,0),2) -> 1744.43 | GO81: =ROUND(IF(BI81=2,O81+X81+Y81+GK81,0),2) -> 0 | GP81: =ROUND(IF(BI81=4,O81+X81+Y81+GK81,0),2) -> 0 | GR81: 0
A82: 18 | B82: 1 | C82: 64 | E82: 12,1 | F82: =F81 -> 1.7-4-24 | G82: =G81 -> ПРОФИЛИ МЕТАЛЛИЧЕСКИЕ ДЛЯ МОНТАЖА ГИПСОВЫХ ПЕРЕГОРОДОК И ПОДВЕСНЫХ ПОТОЛКОВ СТАЛЬНЫЕ, ОЦИНКОВАННЫЕ, МАРКА ПУ-2, ПРОФИЛЬ УГЛОВОЙ, СЕЧЕНИЕ 31Х31Х0,55 ММ | H82: =H81 -> т | I82: =I80*J82 -> 0.028652 | J82: =J81 -> 0.058 | O82: =ROUND(CP82,2) -> 3890.09 | P82: =ROUND(CQ82*I82,2) -> 3890.09 | Q82: =ROUND(CR82*I82,2) -> 0 | R82: =ROUND(CS82*I82,2) -> 0 | S82: =ROUND(CT82*I82,2) -> 0 | T82: =ROUND(CU82*I82,2) -> 0 | U82: =CV82*I82 -> 0 | V82: =CW82*I82 -> 0 | W82: =ROUND(CX82*I82,2) -> 0 | X82: =ROUND(CY82,2) -> 0 | Y82: =ROUND(CZ82,2) -> 0 | AA82: 22529510 | AB82: =ROUND((AC82+AD82+AF82),6) -> 60883.49 | AC82: =ROUND((ES82),6) -> 60883.49 | AD82: =ROUND((((ET82)-(EU82))+AE82),6) -> 0 | AE82: =ROUND((EU82),6) -> 0 | AF82: =ROUND((EV82),6) -> 0 | AG82: =ROUND((AP82),6) -> 0 | AH82: =(EW82) -> 0 | AI82: =(EX82) -> 0 | AJ82: =ROUND((AS82),6) -> 0 | AK82: 60883.49 | AL82: 60883.49 | AM82: 0 | AN82: 0 | AO82: 0 | AP82: 0 | AQ82: 0 | AR82: 0 | AS82: 0 | AT82: 0 | AU82: 0 | AV82: 1 | AW82: 1 | AZ82: 1 | BA82: 1 | BB82: 1 | BC82: 2.23 | BH82: 3 | BI82: 1 | BJ82: =BJ81 -> ТСН-2001.1. База. Р.7, о.4, поз.24 | BM82: 82 | BN82: 0 | BO82: 1.7-4-24 | BP82: 1 | BQ82: 30 | BS82: 1 | BT82: 1 | BU82: 1 | BV82: 1 | BW82: 1 | BX82: 1 | BZ82: 0 | CA82: 0 | CF82: 0 | CG82: 0 | CM82: 0 | CO82: 0 | CP82: =(P82+Q82+S82) -> 3890.09 | CQ82: =((AC82*AW82))*BC82 -> 135770.18 | CR82: =((AD82*AV82))*BB82 -> 0 | CS82: =((AE82*AV82))*BS82 -> 0 | CT82: =((AF82*AV82))*BA82 -> 0 | CU82: =AG82 -> 0 | CV82: =(AH82*AV82) -> 0 | CW82: =AI82 -> 0 | CX82: =AJ82 -> 0 | CY82: =S82*(BZ82/100) -> 0 | CZ82: =S82*(CA82/100) -> 0 | DN82: 91 | DO82: 70 | DP82: 1.047 | DQ82: 1 | DU82: =DU81 -> 1009 | DV82: =DV81 -> т | DW82: =DW81 -> т | DX82: =DX81 -> 1000 | DY82: =DY81 -> 0 | DZ82: =DZ81 -> 0 | EA82: =EA81 -> 0 | EB82: =EB81 -> 0 | ... EM82: =EM81 -> ТСН-2001.3-10-2 | EQ82: 0 | ER82: 60883.49 | ES82: 60883.49 | ET82: 0 | EU82: 0 | EV82: 0 | EW82: 0 | EX82: 0 | FQ82: 0 | FR82: =ROUND(IF(AND(BH82=3,BI82=3),P82,0),2) -> 0 | FS82: 0 | FX82: 0 | FY82: 0 | GG82: 2 | GH82: 1 | GI82: 2 | GJ82: 0 | GK82: =ROUND(R82*(S12)/100,2) -> 0 | GL82: =ROUND(IF(AND(BH82=3,BI82=3,FS82<>0),P82,0),2) -> 0 | GM82: =O82+X82+Y82+GK82 -> 3890.09 | GN82: =ROUND(IF(OR(BI82=0,BI82=1),O82+X82+Y82+GK82,0),2) -> 3890.09 | GO82: =ROUND(IF(BI82=2,O82+X82+Y82+GK82,0),2) -> 0 | GP82: =ROUND(IF(BI82=4,O82+X82+Y82+GK82,0),2) -> 0 | GR82: 0
A83: 18 | B83: 1 | C83: 53 | E83: 12,2 | F83: 1.7-4-5 | G83: ПРОФИЛИ СТОЕК МЕТАЛЛИЧЕСКИЕ ДЛЯ МОНТАЖА ГИПСОВЫХ ПЕРЕГОРОДОК И ПОДВЕСНЫХ ПОТОЛКОВ СТАЛЬНЫЕ, ОЦИНКОВАННЫЕ, МАРКА ПС-2, СЕЧЕНИЕ 50Х50Х0,55 ММ | H83: т | I83: =I80*J83 -> 0.115102 | J83: 0.233 | O83: =ROUND(CP83,2) -> 3191.39 | P83: =ROUND(CQ83*I83,2) -> 3191.39 | Q83: =ROUND(CR83*I83,2) -> 0 | R83: =ROUND(CS83*I83,2) -> 0 | S83: =ROUND(CT83*I83,2) -> 0 | T83: =ROUND(CU83*I83,2) -> 0 | U83: =CV83*I83 -> 0 | V83: =CW83*I83 -> 0 | W83: =ROUND(CX83*I83,2) -> 0 | X83: =ROUND(CY83,2) -> 0 | Y83: =ROUND(CZ83,2) -> 0 | AA83: 22529512 | AB83: =ROUND((AC83+AD83+AF83),6) -> 27726.65 | AC83: =ROUND((ES83),6) -> 27726.65 | AD83: =ROUND((((ET83)-(EU83))+AE83),6) -> 0 | AE83: =ROUND((EU83),6) -> 0 | AF83: =ROUND((EV83),6) -> 0 | AG83: =ROUND((AP83),6) -> 0 | AH83: =(EW83) -> 0 | AI83: =(EX83) -> 0 | AJ83: =ROUND((AS83),6) -> 0 | AK83: 27726.65 | AL83: 27726.65 | AM83: 0 | AN83: 0 | AO83: 0 | AP83: 0 | AQ83: 0 | AR83: 0 | AS83: 0 | AT83: 91 | AU83: 70 | AV83: 1 | AW83: 1 | AZ83: 1 | BA83: 1 | BB83: 1 | BC83: 1 | BH83: 3 | BI83: 1 | BJ83: ТСН-2001.1. База. Р.7, о.4, поз.5 | BM83: 82 | BN83: 0 | BP83: 0 | BQ83: 30 | BS83: 1 | BT83: 1 | BU83: 1 | BV83: 1 | BW83: 1 | BX83: 1 | BZ83: 91 | CA83: 70 | CF83: 0 | CG83: 0 | CM83: 0 | CO83: 0 | CP83: =(P83+Q83+S83) -> 3191.39 | CQ83: =((AC83*AW83))*BC83 -> 27726.65 | CR83: =((AD83*AV83))*BB83 -> 0 | CS83: =((AE83*AV83))*BS83 -> 0 | CT83: =((AF83*AV83))*BA83 -> 0 | CU83: =AG83 -> 0 | CV83: =(AH83*AV83) -> 0 | CW83: =AI83 -> 0 | CX83: =AJ83 -> 0 | CY83: =((S83*BZ83)/100) -> 0 | CZ83: =((S83*CA83)/100) -> 0 | DN83: 0 | DO83: 0 | DP83: 1 | DQ83: 1 | DU83: 1009 | DV83: т | DW83: т | DX83: 1000 | EE83: 21120772 | EF83: 30 | EG83: Строительные работы | EH83: 0 | EJ83: 1 | EK83: 82 | EL83: ТСН-2001.3-10. 10-70...10-72 | EM83: ТСН-2001.3-10-2 | EQ83: 0 | ER83: 27726.65 | ES83: 27726.65 | ET83: 0 | EU83: 0 | EV83: 0 | EW83: 0 | EX83: 0 | EZ83: 0 | FQ83: 0 | FR83: =ROUND(IF(AND(BH83=3,BI83=3),P83,0),2) -> 0 | FS83: 0 | FX83: 91 | FY83: 70 | GG83: 2 | GH83: 1 | GI83: -2 | GJ83: 0 | GK83: =ROUND(R83*(R12)/100,2) -> 0 | GL83: =ROUND(IF(AND(BH83=3,BI83=3,FS83<>0),P83,0),2) -> 0 | GM83: =O83+X83+Y83+GK83 -> 3191.39 | GN83: =ROUND(IF(OR(BI83=0,BI83=1),O83+X83+Y83+GK83,0),2) -> 3191.39 | GO83: =ROUND(IF(BI83=2,O83+X83+Y83+GK83,0),2) -> 0 | GP83: =ROUND(IF(BI83=4,O83+X83+Y83+GK83,0),2) -> 0 | GR83: 0
A84: 18 | B84: 1 | C84: 65 | E84: 12,2 | F84: =F83 -> 1.7-4-5 | G84: =G83 -> ПРОФИЛИ СТОЕК МЕТАЛЛИЧЕСКИЕ ДЛЯ МОНТАЖА ГИПСОВЫХ ПЕРЕГОРОДОК И ПОДВЕСНЫХ ПОТОЛКОВ СТАЛЬНЫЕ, ОЦИНКОВАННЫЕ, МАРКА ПС-2, СЕЧЕНИЕ 50Х50Х0,55 ММ | H84: =H83 -> т | I84: =I80*J84 -> 0.115102 | J84: =J83 -> 0.233 | O84: =ROUND(CP84,2) -> 7180.63 | P84: =ROUND(CQ84*I84,2) -> 7180.63 | Q84: =ROUND(CR84*I84,2) -> 0 | R84: =ROUND(CS84*I84,2) -> 0 | S84: =ROUND(CT84*I84,2) -> 0 | T84: =ROUND(CU84*I84,2) -> 0 | U84: =CV84*I84 -> 0 | V84: =CW84*I84 -> 0 | W84: =ROUND(CX84*I84,2) -> 0 | X84: =ROUND(CY84,2) -> 0 | Y84: =ROUND(CZ84,2) -> 0 | AA84: 22529510 | AB84: =ROUND((AC84+AD84+AF84),6) -> 27726.65 | AC84: =ROUND((ES84),6) -> 27726.65 | AD84: =ROUND((((ET84)-(EU84))+AE84),6) -> 0 | AE84: =ROUND((EU84),6) -> 0 | AF84: =ROUND((EV84),6) -> 0 | AG84: =ROUND((AP84),6) -> 0 | AH84: =(EW84) -> 0 | AI84: =(EX84) -> 0 | AJ84: =ROUND((AS84),6) -> 0 | AK84: 27726.65 | AL84: 27726.65 | AM84: 0 | AN84: 0 | AO84: 0 | AP84: 0 | AQ84: 0 | AR84: 0 | AS84: 0 | AT84: 0 | AU84: 0 | AV84: 1 | AW84: 1 | AZ84: 1 | BA84: 1 | BB84: 1 | BC84: 2.25 | BH84: 3 | BI84: 1 | BJ84: =BJ83 -> ТСН-2001.1. База. Р.7, о.4, поз.5 | BM84: 82 | BN84: 0 | BO84: 1.7-4-5 | BP84: 1 | BQ84: 30 | BS84: 1 | BT84: 1 | BU84: 1 | BV84: 1 | BW84: 1 | BX84: 1 | BZ84: 0 | CA84: 0 | CF84: 0 | CG84: 0 | CM84: 0 | CO84: 0 | CP84: =(P84+Q84+S84) -> 7180.63 | CQ84: =((AC84*AW84))*BC84 -> 62384.963 | CR84: =((AD84*AV84))*BB84 -> 0 | CS84: =((AE84*AV84))*BS84 -> 0 | CT84: =((AF84*AV84))*BA84 -> 0 | CU84: =AG84 -> 0 | CV84: =(AH84*AV84) -> 0 | CW84: =AI84 -> 0 | CX84: =AJ84 -> 0 | CY84: =S84*(BZ84/100) -> 0 | CZ84: =S84*(CA84/100) -> 0 | DN84: 91 | DO84: 70 | DP84: 1.047 | DQ84: 1 | DU84: =DU83 -> 1009 | DV84: =DV83 -> т | DW84: =DW83 -> т | DX84: =DX83 -> 1000 | DY84: =DY83 -> 0 | DZ84: =DZ83 -> 0 | EA84: =EA83 -> 0 | EB84: =EB83 -> 0 | ... EM84: =EM83 -> ТСН-2001.3-10-2 | EQ84: 0 | ER84: 27726.65 | ES84: 27726.65 | ET84: 0 | EU84: 0 | EV84: 0 | EW84: 0 | EX84: 0 | FQ84: 0 | FR84: =ROUND(IF(AND(BH84=3,BI84=3),P84,0),2) -> 0 | FS84: 0 | FX84: 0 | FY84: 0 | GG84: 2 | GH84: 1 | GI84: 2 | GJ84: 0 | GK84: =ROUND(R84*(S12)/100,2) -> 0 | GL84: =ROUND(IF(AND(BH84=3,BI84=3,FS84<>0),P84,0),2) -> 0 | GM84: =O84+X84+Y84+GK84 -> 7180.63 | GN84: =ROUND(IF(OR(BI84=0,BI84=1),O84+X84+Y84+GK84,0),2) -> 7180.63 | GO84: =ROUND(IF(BI84=2,O84+X84+Y84+GK84,0),2) -> 0 | GP84: =ROUND(IF(BI84=4,O84+X84+Y84+GK84,0),2) -> 0 | GR84: 0
A85: 18 | B85: 1 | C85: 51 | E85: 12,3 | F85: 1.7-4-15 | G85: ПРОФИЛИ НАПРАВЛЯЮЩИХ МЕТАЛЛИЧЕСКИЕ ДЛЯ МОНТАЖА ГИПСОВЫХ ПЕРЕГОРОДОК И ПОДВЕСНЫХ ПОТОЛКОВ СТАЛЬНЫЕ, ОЦИНКОВАННЫЕ, МАРКА ПН-2, СЕЧЕНИЕ 50Х40Х0,55 ММ | H85: т | I85: =I80*J85 -> 0.009386 | J85: 0.019 | O85: =ROUND(CP85,2) -> 275.25 | P85: =ROUND(CQ85*I85,2) -> 275.25 | Q85: =ROUND(CR85*I85,2) -> 0 | R85: =ROUND(CS85*I85,2) -> 0 | S85: =ROUND(CT85*I85,2) -> 0 | T85: =ROUND(CU85*I85,2) -> 0 | U85: =CV85*I85 -> 0 | V85: =CW85*I85 -> 0 | W85: =ROUND(CX85*I85,2) -> 0 | X85: =ROUND(CY85,2) -> 0 | Y85: =ROUND(CZ85,2) -> 0 | AA85: 22529512 | AB85: =ROUND((AC85+AD85+AF85),6) -> 29325.93 | AC85: =ROUND((ES85),6) -> 29325.93 | AD85: =ROUND((((ET85)-(EU85))+AE85),6) -> 0 | AE85: =ROUND((EU85),6) -> 0 | AF85: =ROUND((EV85),6) -> 0 | AG85: =ROUND((AP85),6) -> 0 | AH85: =(EW85) -> 0 | AI85: =(EX85) -> 0 | AJ85: =ROUND((AS85),6) -> 0 | AK85: 29325.93 | AL85: 29325.93 | AM85: 0 | AN85: 0 | AO85: 0 | AP85: 0 | AQ85: 0 | AR85: 0 | AS85: 0 | AT85: 91 | AU85: 70 | AV85: 1 | AW85: 1 | AZ85: 1 | BA85: 1 | BB85: 1 | BC85: 1 | BH85: 3 | BI85: 1 | BJ85: ТСН-2001.1. База. Р.7, о.4, поз.15 | BM85: 82 | BN85: 0 | BP85: 0 | BQ85: 30 | BS85: 1 | BT85: 1 | BU85: 1 | BV85: 1 | BW85: 1 | BX85: 1 | BZ85: 91 | CA85: 70 | CF85: 0 | CG85: 0 | CM85: 0 | CO85: 0 | CP85: =(P85+Q85+S85) -> 275.25 | CQ85: =((AC85*AW85))*BC85 -> 29325.93 | CR85: =((AD85*AV85))*BB85 -> 0 | CS85: =((AE85*AV85))*BS85 -> 0 | CT85: =((AF85*AV85))*BA85 -> 0 | CU85: =AG85 -> 0 | CV85: =(AH85*AV85) -> 0 | CW85: =AI85 -> 0 | CX85: =AJ85 -> 0 | CY85: =((S85*BZ85)/100) -> 0 | CZ85: =((S85*CA85)/100) -> 0 | DN85: 0 | DO85: 0 | DP85: 1 | DQ85: 1 | DU85: 1009 | DV85: т | DW85: т | DX85: 1000 | EE85: 21120772 | EF85: 30 | EG85: Строительные работы | EH85: 0 | EJ85: 1 | EK85: 82 | EL85: ТСН-2001.3-10. 10-70...10-72 | EM85: ТСН-2001.3-10-2 | EQ85: 0 | ER85: 29325.93 | ES85: 29325.93 | ET85: 0 | EU85: 0 | EV85: 0 | EW85: 0 | EX85: 0 | EZ85: 0 | FQ85: 0 | FR85: =ROUND(IF(AND(BH85=3,BI85=3),P85,0),2) -> 0 | FS85: 0 | FX85: 91 | FY85: 70 | GG85: 2 | GH85: 1 | GI85: -2 | GJ85: 0 | GK85: =ROUND(R85*(R12)/100,2) -> 0 | GL85: =ROUND(IF(AND(BH85=3,BI85=3,FS85<>0),P85,0),2) -> 0 | GM85: =O85+X85+Y85+GK85 -> 275.25 | GN85: =ROUND(IF(OR(BI85=0,BI85=1),O85+X85+Y85+GK85,0),2) -> 275.25 | GO85: =ROUND(IF(BI85=2,O85+X85+Y85+GK85,0),2) -> 0 | GP85: =ROUND(IF(BI85=4,O85+X85+Y85+GK85,0),2) -> 0 | GR85: 0
A86: 18 | B86: 1 | C86: 63 | E86: 12,3 | F86: =F85 -> 1.7-4-15 | G86: =G85 -> ПРОФИЛИ НАПРАВЛЯЮЩИХ МЕТАЛЛИЧЕСКИЕ ДЛЯ МОНТАЖА ГИПСОВЫХ ПЕРЕГОРОДОК И ПОДВЕСНЫХ ПОТОЛКОВ СТАЛЬНЫЕ, ОЦИНКОВАННЫЕ, МАРКА ПН-2, СЕЧЕНИЕ 50Х40Х0,55 ММ | H86: =H85 -> т | I86: =I80*J86 -> 0.009386 | J86: =J85 -> 0.019 | O86: =ROUND(CP86,2) -> 440.41 | P86: =ROUND(CQ86*I86,2) -> 440.41 | Q86: =ROUND(CR86*I86,2) -> 0 | R86: =ROUND(CS86*I86,2) -> 0 | S86: =ROUND(CT86*I86,2) -> 0 | T86: =ROUND(CU86*I86,2) -> 0 | U86: =CV86*I86 -> 0 | V86: =CW86*I86 -> 0 | W86: =ROUND(CX86*I86,2) -> 0 | X86: =ROUND(CY86,2) -> 0 | Y86: =ROUND(CZ86,2) -> 0 | AA86: 22529510 | AB86: =ROUND((AC86+AD86+AF86),6) -> 29325.93 | AC86: =ROUND((ES86),6) -> 29325.93 | AD86: =ROUND((((ET86)-(EU86))+AE86),6) -> 0 | AE86: =ROUND((EU86),6) -> 0 | AF86: =ROUND((EV86),6) -> 0 | AG86: =ROUND((AP86),6) -> 0 | AH86: =(EW86) -> 0 | AI86: =(EX86) -> 0 | AJ86: =ROUND((AS86),6) -> 0 | AK86: 29325.93 | AL86: 29325.93 | AM86: 0 | AN86: 0 | AO86: 0 | AP86: 0 | AQ86: 0 | AR86: 0 | AS86: 0 | AT86: 0 | AU86: 0 | AV86: 1 | AW86: 1 | AZ86: 1 | BA86: 1 | BB86: 1 | BC86: 1.6 | BH86: 3 | BI86: 1 | BJ86: =BJ85 -> ТСН-2001.1. База. Р.7, о.4, поз.15 | BM86: 82 | BN86: 0 | BO86: 1.7-4-15 | BP86: 1 | BQ86: 30 | BS86: 1 | BT86: 1 | BU86: 1 | BV86: 1 | BW86: 1 | BX86: 1 | BZ86: 0 | CA86: 0 | CF86: 0 | CG86: 0 | CM86: 0 | CO86: 0 | CP86: =(P86+Q86+S86) -> 440.41 | CQ86: =((AC86*AW86))*BC86 -> 46921.488 | CR86: =((AD86*AV86))*BB86 -> 0 | CS86: =((AE86*AV86))*BS86 -> 0 | CT86: =((AF86*AV86))*BA86 -> 0 | CU86: =AG86 -> 0 | CV86: =(AH86*AV86) -> 0 | CW86: =AI86 -> 0 | CX86: =AJ86 -> 0 | CY86: =S86*(BZ86/100) -> 0 | CZ86: =S86*(CA86/100) -> 0 | DN86: 91 | DO86: 70 | DP86: 1.047 | DQ86: 1 | DU86: =DU85 -> 1009 | DV86: =DV85 -> т | DW86: =DW85 -> т | DX86: =DX85 -> 1000 | DY86: =DY85 -> 0 | DZ86: =DZ85 -> 0 | EA86: =EA85 -> 0 | EB86: =EB85 -> 0 | ... EM86: =EM85 -> ТСН-2001.3-10-2 | EQ86: 0 | ER86: 29325.93 | ES86: 29325.93 | ET86: 0 | EU86: 0 | EV86: 0 | EW86: 0 | EX86: 0 | FQ86: 0 | FR86: =ROUND(IF(AND(BH86=3,BI86=3),P86,0),2) -> 0 | FS86: 0 | FX86: 0 | FY86: 0 | GG86: 2 | GH86: 1 | GI86: 2 | GJ86: 0 | GK86: =ROUND(R86*(S12)/100,2) -> 0 | GL86: =ROUND(IF(AND(BH86=3,BI86=3,FS86<>0),P86,0),2) -> 0 | GM86: =O86+X86+Y86+GK86 -> 440.41 | GN86: =ROUND(IF(OR(BI86=0,BI86=1),O86+X86+Y86+GK86,0),2) -> 440.41 | GO86: =ROUND(IF(BI86=2,O86+X86+Y86+GK86,0),2) -> 0 | GP86: =ROUND(IF(BI86=4,O86+X86+Y86+GK86,0),2) -> 0 | GR86: 0
A87: 18 | B87: 1 | C87: 54 | E87: 12,4 | F87: ПРАЙС-ЛИСТ | G87: ЛИСТ ГКЛ | H87: м2 | I87: =I80*J87 -> 59.922 | J87: 121.2996 | O87: =ROUND(CP87,2) -> 8508.92 | P87: =ROUND(CQ87*I87,2) -> 8508.92 | Q87: =ROUND(CR87*I87,2) -> 0 | R87: =ROUND(CS87*I87,2) -> 0 | S87: =ROUND(CT87*I87,2) -> 0 | T87: =ROUND(CU87*I87,2) -> 0 | U87: =CV87*I87 -> 0 | V87: =CW87*I87 -> 0 | W87: =ROUND(CX87*I87,2) -> 0 | X87: =ROUND(CY87,2) -> 0 | Y87: =ROUND(CZ87,2) -> 0 | AA87: 22529512 | AB87: =ROUND((AC87+AD87+AF87),6) -> 142 | AC87: =ROUND((ES87),6) -> 142 | AD87: =ROUND((((ET87)-(EU87))+AE87),6) -> 0 | AE87: =ROUND((EU87),6) -> 0 | AF87: =ROUND((EV87),6) -> 0 | AG87: =ROUND((AP87),6) -> 0 | AH87: =(EW87) -> 0 | AI87: =(EX87) -> 0 | AJ87: =ROUND((AS87),6) -> 0 | AK87: 142 | AL87: 142 | AM87: 0 | AN87: 0 | AO87: 0 | AP87: 0 | AQ87: 0 | AR87: 0 | AS87: 0 | AT87: 91 | AU87: 70 | AV87: 1 | AW87: 1 | AZ87: 1 | BA87: 1 | BB87: 1 | BC87: 1 | BH87: 3 | BI87: 1 | BM87: 82 | BN87: 0 | BP87: 0 | BQ87: 30 | BS87: 1 | BT87: 1 | BU87: 1 | BV87: 1 | BW87: 1 | BX87: 1 | BZ87: 91 | CA87: 70 | CF87: 0 | CG87: 0 | CM87: 0 | CO87: 0 | CP87: =(P87+Q87+S87) -> 8508.92 | CQ87: =((AC87*AW87))*BC87 -> 142 | CR87: =((AD87*AV87))*BB87 -> 0 | CS87: =((AE87*AV87))*BS87 -> 0 | CT87: =((AF87*AV87))*BA87 -> 0 | CU87: =AG87 -> 0 | CV87: =(AH87*AV87) -> 0 | CW87: =AI87 -> 0 | CX87: =AJ87 -> 0 | CY87: =((S87*BZ87)/100) -> 0 | CZ87: =((S87*CA87)/100) -> 0 | DN87: 0 | DO87: 0 | DP87: 1 | DQ87: 1 | DU87: 1005 | DV87: м2 | DW87: м2 | DX87: 1 | EE87: 21120772 | EF87: 30 | EG87: Строительные работы | EH87: 0 | EJ87: 1 | EK87: 82 | EL87: ТСН-2001.3-10. 10-70...10-72 | EM87: ТСН-2001.3-10-2 | EQ87: 0 | ER87: 0 | ES87: 142 | ET87: 0 | EU87: 0 | EV87: 0 | EW87: 0 | EX87: 0 | EZ87: 0 | FQ87: 0 | FR87: =ROUND(IF(AND(BH87=3,BI87=3),P87,0),2) -> 0 | FS87: 0 | FX87: 91 | FY87: 70 | GA87: занесена вручную | GG87: 2 | GH87: 0 | GI87: -2 | GJ87: 0 | GK87: =ROUND(R87*(R12)/100,2) -> 0 | GL87: =ROUND(IF(AND(BH87=3,BI87=3,FS87<>0),P87,0),2) -> 0 | GM87: =O87+X87+Y87+GK87 -> 8508.92 | GN87: =ROUND(IF(OR(BI87=0,BI87=1),O87+X87+Y87+GK87,0),2) -> 8508.92 | GO87: =ROUND(IF(BI87=2,O87+X87+Y87+GK87,0),2) -> 0 | GP87: =ROUND(IF(BI87=4,O87+X87+Y87+GK87,0),2) -> 0 | GR87: 0
A88: 18 | B88: 1 | C88: 66 | E88: 12,4 | F88: =F87 -> ПРАЙС-ЛИСТ | G88: =G87 -> ЛИСТ ГКЛ | H88: =H87 -> м2 | I88: =I80*J88 -> 59.922 | J88: =J87 -> 121.2996 | O88: =ROUND(CP88,2) -> 8508.92 | P88: =ROUND(CQ88*I88,2) -> 8508.92 | Q88: =ROUND(CR88*I88,2) -> 0 | R88: =ROUND(CS88*I88,2) -> 0 | S88: =ROUND(CT88*I88,2) -> 0 | T88: =ROUND(CU88*I88,2) -> 0 | U88: =CV88*I88 -> 0 | V88: =CW88*I88 -> 0 | W88: =ROUND(CX88*I88,2) -> 0 | X88: =ROUND(CY88,2) -> 0 | Y88: =ROUND(CZ88,2) -> 0 | AA88: 22529510 | AB88: =ROUND((AC88+AD88+AF88),6) -> 142 | AC88: =ROUND((ES88),6) -> 142 | AD88: =ROUND((((ET88)-(EU88))+AE88),6) -> 0 | AE88: =ROUND((EU88),6) -> 0 | AF88: =ROUND((EV88),6) -> 0 | AG88: =ROUND((AP88),6) -> 0 | AH88: =(EW88) -> 0 | AI88: =(EX88) -> 0 | AJ88: =ROUND((AS88),6) -> 0 | AK88: 142 | AL88: 142 | AM88: 0 | AN88: 0 | AO88: 0 | AP88: 0 | AQ88: 0 | AR88: 0 | AS88: 0 | AT88: 0 | AU88: 0 | AV88: 1 | AW88: 1 | AZ88: 1 | BA88: 1 | BB88: 1 | BC88: 1 | BH88: 3 | BI88: 1 | BJ88: =BJ87 | BM88: 82 | BN88: 0 | BP88: 0 | BQ88: 30 | BS88: 1 | BT88: 1 | BU88: 1 | BV88: 1 | BW88: 1 | BX88: 1 | BZ88: 0 | CA88: 0 | CF88: 0 | CG88: 0 | CM88: 0 | CO88: 0 | CP88: =(P88+Q88+S88) -> 8508.92 | CQ88: =((AC88*AW88))*BC88 -> 142 | CR88: =((AD88*AV88))*BB88 -> 0 | CS88: =((AE88*AV88))*BS88 -> 0 | CT88: =((AF88*AV88))*BA88 -> 0 | CU88: =AG88 -> 0 | CV88: =(AH88*AV88) -> 0 | CW88: =AI88 -> 0 | CX88: =AJ88 -> 0 | CY88: =S88*(BZ88/100) -> 0 | CZ88: =S88*(CA88/100) -> 0 | DN88: 91 | DO88: 70 | DP88: 1.047 | DQ88: 1 | DU88: =DU87 -> 1005 | DV88: =DV87 -> м2 | DW88: =DW87 -> м2 | DX88: =DX87 -> 1 | DY88: =DY87 -> 0 | DZ88: =DZ87 -> 0 | EA88: =EA87 -> 0 | EB88: =EB87 -> 0 | ... EM88: =EM87 -> ТСН-2001.3-10-2 | EQ88: 0 | ER88: 0 | ES88: 142 | ET88: 0 | EU88: 0 | EV88: 0 | EW88: 0 | EX88: 0 | FQ88: 0 | FR88: =ROUND(IF(AND(BH88=3,BI88=3),P88,0),2) -> 0 | FS88: 0 | FX88: 0 | FY88: 0 | GA88: 142 / 1 | GG88: 2 | GH88: 0 | GI88: -2 | GJ88: 0 | GK88: =ROUND(R88*(S12)/100,2) -> 0 | GL88: =ROUND(IF(AND(BH88=3,BI88=3,FS88<>0),P88,0),2) -> 0 | GM88: =O88+X88+Y88+GK88 -> 8508.92 | GN88: =ROUND(IF(OR(BI88=0,BI88=1),O88+X88+Y88+GK88,0),2) -> 8508.92 | GO88: =ROUND(IF(BI88=2,O88+X88+Y88+GK88,0),2) -> 0 | GP88: =ROUND(IF(BI88=4,O88+X88+Y88+GK88,0),2) -> 0 | GR88: 0
A89: 17 | B89: 1 | C89: =ROW(SmtRes!A70) -> 70 | D89: =ROW(EtalonRes!A70) -> 70 | E89: 13 | F89: 3.10-71-4 | G89: УСТРОЙСТВО ДОПОЛНИТЕЛЬНОГО СЛОЯ ИЗ ГИПСОКАРТОННЫХ ЛИСТОВ С МЕТАЛЛИЧЕСКИМ КАРКАСОМ | H89: 100 м2 | I89: 0.494 | J89: 0 | O89: =ROUND(CP89,2) -> 588.09 | P89: =ROUND(CQ89*I89,2) -> 142.01 | Q89: =ROUND(CR89*I89,2) -> 5.14 | R89: =ROUND(CS89*I89,2) -> 0.32 | S89: =ROUND(CT89*I89,2) -> 440.94 | T89: =ROUND(CU89*I89,2) -> 0 | U89: =CV89*I89 -> 37.4946 | V89: =CW89*I89 -> 0 | W89: =ROUND(CX89*I89,2) -> 0 | X89: =ROUND(CY89,2) -> 401.26 | Y89: =ROUND(CZ89,2) -> 308.66 | AA89: 22529512 | AB89: =ROUND((AC89+AD89+AF89),6) -> 1190.444 | AC89: =ROUND((ES89),6) -> 287.46 | AD89: =ROUND(((((ET89*1.25))-((EU89*1.25)))+AE89),6) -> 10.4 | AE89: =ROUND(((EU89*1.25)),6) -> 0.65 | AF89: =ROUND(((EV89*1.15)),6) -> 892.584 | AG89: =ROUND((AP89),6) -> 0 | AH89: =((EW89*1.15)) -> 75.9 | AI89: =((EX89*1.25)) -> 0 | AJ89: =ROUND((AS89),6) -> 0 | AK89: 1071.94 | AL89: 287.46 | AM89: 8.32 | AN89: 0.52 | AO89: 776.16 | AP89: 0 | AQ89: 66 | AR89: 0 | AS89: 0 | AT89: 91 | AU89: 70 | AV89: 1 | AW89: 1 | AZ89: 1 | BA89: 1 | BB89: 1 | BC89: 1 | BH89: 0 | BI89: 1 | BJ89: ТСН-2001.3. База. Сб.10, т.71, поз.4 | BM89: 82 | BN89: 0 | BP89: 0 | BQ89: 30 | BS89: 1 | BT89: 1 | BU89: 1 | BV89: 1 | BW89: 1 | BX89: 1 | BZ89: 91 | CA89: 70 | CF89: 0 | CG89: 0 | CM89: 0 | CO89: 0 | CP89: =(P89+Q89+S89) -> 588.09 | CQ89: =((AC89*AW89))*BC89 -> 287.46 | CR89: =((AD89*AV89))*BB89 -> 10.4 | CS89: =((AE89*AV89))*BS89 -> 0.65 | CT89: =((AF89*AV89))*BA89 -> 892.584 | CU89: =AG89 -> 0 | CV89: =(AH89*AV89) -> 75.9 | CW89: =AI89 -> 0 | CX89: =AJ89 -> 0 | CY89: =((S89*BZ89)/100) -> 401.2554 | CZ89: =((S89*CA89)/100) -> 308.658 | DE89: )*1,25 | DF89: )*1,25 | DG89: )*1,15 | DI89: )*1,15 | DJ89: )*1,25 | DN89: 0 | DO89: 0 | DP89: 1 | DQ89: 1 | DU89: 1005 | DV89: 100 м2 | DW89: 100 м2 | DX89: 100 | EE89: 21120772 | EF89: 30 | EG89: Строительные работы | EH89: 0 | EJ89: 1 | EK89: 82 | EL89: ТСН-2001.3-10. 10-70...10-72 | EM89: ТСН-2001.3-10-2 | EQ89: 0 | ER89: 1071.94 | ES89: 287.46 | ET89: 8.32 | EU89: 0.52 | EV89: 776.16 | EW89: 66 | EX89: 0 | EY89: 0 | EZ89: 0 | FQ89: 0 | FR89: =ROUND(IF(AND(BH89=3,BI89=3),P89,0),2) -> 0 | FS89: 0 | FX89: 91 | FY89: 70 | GG89: 2 | GH89: 1 | GI89: -2 | GJ89: 0 | GK89: =ROUND(R89*(R12)/100,2) -> 0.56 | GL89: =ROUND(IF(AND(BH89=3,BI89=3,FS89<>0),P89,0),2) -> 0 | GM89: =O89+X89+Y89+GK89 -> 1298.57 | GN89: =ROUND(IF(OR(BI89=0,BI89=1),O89+X89+Y89+GK89,0),2) -> 1298.57 | GO89: =ROUND(IF(BI89=2,O89+X89+Y89+GK89,0),2) -> 0 | GP89: =ROUND(IF(BI89=4,O89+X89+Y89+GK89,0),2) -> 0 | GR89: 0
A90: 17 | B90: 1 | C90: =ROW(SmtRes!A74) -> 74 | D90: =ROW(EtalonRes!A74) -> 74 | E90: 13 | F90: =F89 -> 3.10-71-4 | G90: =G89 -> УСТРОЙСТВО ДОПОЛНИТЕЛЬНОГО СЛОЯ ИЗ ГИПСОКАРТОННЫХ ЛИСТОВ С МЕТАЛЛИЧЕСКИМ КАРКАСОМ | H90: =H89 -> 100 м2 | I90: =I89 -> 0.494 | J90: =J89 -> 0 | O90: =ROUND(CP90,2) -> 6487.62 | P90: =ROUND(CQ90*I90,2) -> 205.91 | Q90: =ROUND(CR90*I90,2) -> 29.23 | R90: =ROUND(CS90*I90,2) -> 4.55 | S90: =ROUND(CT90*I90,2) -> 6252.48 | T90: =ROUND(CU90*I90,2) -> 0 | U90: =CV90*I90 -> 37.4946 | V90: =CW90*I90 -> 0 | W90: =ROUND(CX90*I90,2) -> 0 | X90: =ROUND(CY90,2) -> 4814.41 | Y90: =ROUND(CZ90,2) -> 2751.09 | AA90: 22529510 | AB90: =ROUND((AC90+AD90+AF90),6) -> 1190.444 | AC90: =ROUND((ES90),6) -> 287.46 | AD90: =ROUND(((((ET90*1.25))-((EU90*1.25)))+AE90),6) -> 10.4 | AE90: =ROUND(((EU90*1.25)),6) -> 0.65 | AF90: =ROUND(((EV90*1.15)),6) -> 892.584 | AG90: =ROUND((AP90),6) -> 0 | AH90: =((EW90*1.15)) -> 75.9 | AI90: =((EX90*1.25)) -> 0 | AJ90: =ROUND((AS90),6) -> 0 | AK90: 1071.94 | AL90: 287.46 | AM90: 8.32 | AN90: 0.52 | AO90: 776.16 | AP90: 0 | AQ90: 66 | AR90: 0 | AS90: 0 | AT90: 77 | AU90: 44 | AV90: 1 | AW90: 1 | AZ90: 1 | BA90: 14.18 | BB90: 5.69 | BC90: 1.45 | BH90: 0 | BI90: 1 | BJ90: =BJ89 -> ТСН-2001.3. База. Сб.10, т.71, поз.4 | BM90: 82 | BN90: 0 | BO90: 3.10-71-4 | BP90: 1 | BQ90: 30 | BS90: 14.18 | BT90: 1 | BU90: 1 | BV90: 1 | BW90: 1 | BX90: 1 | BZ90: 77 | CA90: 44 | CF90: 0 | CG90: 0 | CM90: 0 | CO90: 0 | CP90: =(P90+Q90+S90) -> 6487.62 | CQ90: =((AC90*AW90))*BC90 -> 416.817 | CR90: =((AD90*AV90))*BB90 -> 59.176 | CS90: =((AE90*AV90))*BS90 -> 9.217 | CT90: =((AF90*AV90))*BA90 -> 12656.841 | CU90: =AG90 -> 0 | CV90: =(AH90*AV90) -> 75.9 | CW90: =AI90 -> 0 | CX90: =AJ90 -> 0 | CY90: =S90*(BZ90/100) -> 4814.4096 | CZ90: =S90*(CA90/100) -> 2751.0912 | DE90: )*1,25 | DF90: )*1,25 | DG90: )*1,15 | DI90: )*1,15 | DJ90: )*1,25 | DN90: 91 | DO90: 70 | DP90: 1.047 | DQ90: 1 | DU90: =DU89 -> 1005 | DV90: =DV89 -> 100 м2 | DW90: =DW89 -> 100 м2 | DX90: =DX89 -> 100 | DY90: =DY89 -> 0 | DZ90: =DZ89 -> 0 | EA90: =EA89 -> 0 | EB90: =EB89 -> 0 | ... EM90: =EM89 -> ТСН-2001.3-10-2 | EQ90: 0 | ER90: 1071.94 | ES90: 287.46 | ET90: 8.32 | EU90: 0.52 | EV90: 776.16 | EW90: 66 | EX90: 0 | EY90: 0 | FQ90: 0 | FR90: =ROUND(IF(AND(BH90=3,BI90=3),P90,0),2) -> 0 | FS90: 0 | FX90: 77 | FY90: 44 | GG90: 2 | GH90: 1 | GI90: 2 | GJ90: 0 | GK90: =ROUND(R90*(S12)/100,2) -> 7.69 | GL90: =ROUND(IF(AND(BH90=3,BI90=3,FS90<>0),P90,0),2) -> 0 | GM90: =O90+X90+Y90+GK90 -> 14060.81 | GN90: =ROUND(IF(OR(BI90=0,BI90=1),O90+X90+Y90+GK90,0),2) -> 14060.81 | GO90: =ROUND(IF(BI90=2,O90+X90+Y90+GK90,0),2) -> 0 | GP90: =ROUND(IF(BI90=4,O90+X90+Y90+GK90,0),2) -> 0 | GR90: 0
A91: 18 | B91: 1 | C91: 70 | E91: 13,1 | F91: ПРАЙС-ЛИСТ | G91: ЛИСТ ГКЛ | H91: м2 | I91: =I90*J91 -> 59.922 | J91: 121.29959 | O91: =ROUND(CP91,2) -> 8508.92 | P91: =ROUND(CQ91*I91,2) -> 8508.92 | Q91: =ROUND(CR91*I91,2) -> 0 | R91: =ROUND(CS91*I91,2) -> 0 | S91: =ROUND(CT91*I91,2) -> 0 | T91: =ROUND(CU91*I91,2) -> 0 | U91: =CV91*I91 -> 0 | V91: =CW91*I91 -> 0 | W91: =ROUND(CX91*I91,2) -> 0 | X91: =ROUND(CY91,2) -> 0 | Y91: =ROUND(CZ91,2) -> 0 | AA91: 22529512 | AB91: =ROUND((AC91+AD91+AF91),6) -> 142 | AC91: =ROUND((ES91),6) -> 142 | AD91: =ROUND((((ET91)-(EU91))+AE91),6) -> 0 | AE91: =ROUND((EU91),6) -> 0 | AF91: =ROUND((EV91),6) -> 0 | AG91: =ROUND((AP91),6) -> 0 | AH91: =(EW91) -> 0 | AI91: =(EX91) -> 0 | AJ91: =ROUND((AS91),6) -> 0 | AK91: 142 | AL91: 142 | AM91: 0 | AN91: 0 | AO91: 0 | AP91: 0 | AQ91: 0 | AR91: 0 | AS91: 0 | AT91: 91 | AU91: 70 | AV91: 1 | AW91: 1 | AZ91: 1 | BA91: 1 | BB91: 1 | BC91: 1 | BH91: 3 | BI91: 1 | BM91: 82 | BN91: 0 | BP91: 0 | BQ91: 30 | BS91: 1 | BT91: 1 | BU91: 1 | BV91: 1 | BW91: 1 | BX91: 1 | BZ91: 91 | CA91: 70 | CF91: 0 | CG91: 0 | CM91: 0 | CO91: 0 | CP91: =(P91+Q91+S91) -> 8508.92 | CQ91: =((AC91*AW91))*BC91 -> 142 | CR91: =((AD91*AV91))*BB91 -> 0 | CS91: =((AE91*AV91))*BS91 -> 0 | CT91: =((AF91*AV91))*BA91 -> 0 | CU91: =AG91 -> 0 | CV91: =(AH91*AV91) -> 0 | CW91: =AI91 -> 0 | CX91: =AJ91 -> 0 | CY91: =((S91*BZ91)/100) -> 0 | CZ91: =((S91*CA91)/100) -> 0 | DN91: 0 | DO91: 0 | DP91: 1 | DQ91: 1 | DU91: 1005 | DV91: м2 | DW91: м2 | DX91: 1 | EE91: 21120772 | EF91: 30 | EG91: Строительные работы | EH91: 0 | EJ91: 1 | EK91: 82 | EL91: ТСН-2001.3-10. 10-70...10-72 | EM91: ТСН-2001.3-10-2 | EQ91: 0 | ER91: 0 | ES91: 142 | ET91: 0 | EU91: 0 | EV91: 0 | EW91: 0 | EX91: 0 | EZ91: 0 | FQ91: 0 | FR91: =ROUND(IF(AND(BH91=3,BI91=3),P91,0),2) -> 0 | FS91: 0 | FX91: 91 | FY91: 70 | GA91: занесена вручную | GG91: 2 | GH91: 0 | GI91: -2 | GJ91: 0 | GK91: =ROUND(R91*(R12)/100,2) -> 0 | GL91: =ROUND(IF(AND(BH91=3,BI91=3,FS91<>0),P91,0),2) -> 0 | GM91: =O91+X91+Y91+GK91 -> 8508.92 | GN91: =ROUND(IF(OR(BI91=0,BI91=1),O91+X91+Y91+GK91,0),2) -> 8508.92 | GO91: =ROUND(IF(BI91=2,O91+X91+Y91+GK91,0),2) -> 0 | GP91: =ROUND(IF(BI91=4,O91+X91+Y91+GK91,0),2) -> 0 | GR91: 0
A92: 18 | B92: 1 | C92: 74 | E92: 13,1 | F92: =F91 -> ПРАЙС-ЛИСТ | G92: =G91 -> ЛИСТ ГКЛ | H92: =H91 -> м2 | I92: =I90*J92 -> 59.922 | J92: =J91 -> 121.29959 | O92: =ROUND(CP92,2) -> 8508.92 | P92: =ROUND(CQ92*I92,2) -> 8508.92 | Q92: =ROUND(CR92*I92,2) -> 0 | R92: =ROUND(CS92*I92,2) -> 0 | S92: =ROUND(CT92*I92,2) -> 0 | T92: =ROUND(CU92*I92,2) -> 0 | U92: =CV92*I92 -> 0 | V92: =CW92*I92 -> 0 | W92: =ROUND(CX92*I92,2) -> 0 | X92: =ROUND(CY92,2) -> 0 | Y92: =ROUND(CZ92,2) -> 0 | AA92: 22529510 | AB92: =ROUND((AC92+AD92+AF92),6) -> 142 | AC92: =ROUND((ES92),6) -> 142 | AD92: =ROUND((((ET92)-(EU92))+AE92),6) -> 0 | AE92: =ROUND((EU92),6) -> 0 | AF92: =ROUND((EV92),6) -> 0 | AG92: =ROUND((AP92),6) -> 0 | AH92: =(EW92) -> 0 | AI92: =(EX92) -> 0 | AJ92: =ROUND((AS92),6) -> 0 | AK92: 142 | AL92: 142 | AM92: 0 | AN92: 0 | AO92: 0 | AP92: 0 | AQ92: 0 | AR92: 0 | AS92: 0 | AT92: 0 | AU92: 0 | AV92: 1 | AW92: 1 | AZ92: 1 | BA92: 1 | BB92: 1 | BC92: 1 | BH92: 3 | BI92: 1 | BJ92: =BJ91 | BM92: 82 | BN92: 0 | BP92: 0 | BQ92: 30 | BS92: 1 | BT92: 1 | BU92: 1 | BV92: 1 | BW92: 1 | BX92: 1 | BZ92: 0 | CA92: 0 | CF92: 0 | CG92: 0 | CM92: 0 | CO92: 0 | CP92: =(P92+Q92+S92) -> 8508.92 | CQ92: =((AC92*AW92))*BC92 -> 142 | CR92: =((AD92*AV92))*BB92 -> 0 | CS92: =((AE92*AV92))*BS92 -> 0 | CT92: =((AF92*AV92))*BA92 -> 0 | CU92: =AG92 -> 0 | CV92: =(AH92*AV92) -> 0 | CW92: =AI92 -> 0 | CX92: =AJ92 -> 0 | CY92: =S92*(BZ92/100) -> 0 | CZ92: =S92*(CA92/100) -> 0 | DN92: 91 | DO92: 70 | DP92: 1.047 | DQ92: 1 | DU92: =DU91 -> 1005 | DV92: =DV91 -> м2 | DW92: =DW91 -> м2 | DX92: =DX91 -> 1 | DY92: =DY91 -> 0 | DZ92: =DZ91 -> 0 | EA92: =EA91 -> 0 | EB92: =EB91 -> 0 | ... EM92: =EM91 -> ТСН-2001.3-10-2 | EQ92: 0 | ER92: 0 | ES92: 142 | ET92: 0 | EU92: 0 | EV92: 0 | EW92: 0 | EX92: 0 | FQ92: 0 | FR92: =ROUND(IF(AND(BH92=3,BI92=3),P92,0),2) -> 0 | FS92: 0 | FX92: 0 | FY92: 0 | GA92: 142 / 1 | GG92: 2 | GH92: 0 | GI92: -2 | GJ92: 0 | GK92: =ROUND(R92*(S12)/100,2) -> 0 | GL92: =ROUND(IF(AND(BH92=3,BI92=3,FS92<>0),P92,0),2) -> 0 | GM92: =O92+X92+Y92+GK92 -> 8508.92 | GN92: =ROUND(IF(OR(BI92=0,BI92=1),O92+X92+Y92+GK92,0),2) -> 8508.92 | GO92: =ROUND(IF(BI92=2,O92+X92+Y92+GK92,0),2) -> 0 | GP92: =ROUND(IF(BI92=4,O92+X92+Y92+GK92,0),2) -> 0 | GR92: 0
A93: 17 | B93: 1 | C93: =ROW(SmtRes!A77) -> 77 | D93: =ROW(EtalonRes!A77) -> 77 | E93: 14 | F93: 3.15-104-1 | G93: ПОДГОТОВКА ПОД ОКРАСКУ ИЛИ ОКЛЕЙКУ ОБОЯМИ ПЕРЕГОРОДОК ИЗ ГИПСОКАРТОННЫХ ЛИСТОВ | H93: 100 м2 | I93: 0.766 | J93: 0 | O93: =ROUND(CP93,2) -> 571.43 | P93: =ROUND(CQ93*I93,2) -> 198.49 | Q93: =ROUND(CR93*I93,2) -> 0 | R93: =ROUND(CS93*I93,2) -> 0 | S93: =ROUND(CT93*I93,2) -> 372.94 | T93: =ROUND(CU93*I93,2) -> 0 | U93: =CV93*I93 -> 31.7124 | V93: =CW93*I93 -> 0 | W93: =ROUND(CX93*I93,2) -> 0 | X93: =ROUND(CY93,2) -> 372.94 | Y93: =ROUND(CZ93,2) -> 238.68 | AA93: 22529512 | AB93: =ROUND((AC93+AD93+AF93),6) -> 745.984 | AC93: =ROUND((ES93),6) -> 259.12 | AD93: =ROUND(((((ET93*1.25))-((EU93*1.25)))+AE93),6) -> 0 | AE93: =ROUND(((EU93*1.25)),6) -> 0 | AF93: =ROUND(((EV93*1.15)),6) -> 486.864 | AG93: =ROUND((AP93),6) -> 0 | AH93: =((EW93*1.15)) -> 41.4 | AI93: =((EX93*1.25)) -> 0 | AJ93: =ROUND((AS93),6) -> 0 | AK93: 682.48 | AL93: 259.12 | AM93: 0 | AN93: 0 | AO93: 423.36 | AP93: 0 | AQ93: 36 | AR93: 0 | AS93: 0 | AT93: 100 | AU93: 64 | AV93: 1 | AW93: 1 | AZ93: 1 | BA93: 1 | BB93: 1 | BC93: 1 | BH93: 0 | BI93: 1 | BJ93: ТСН-2001.3. База. Сб.15, т.104, поз.1 | BM93: 117 | BN93: 0 | BP93: 0 | BQ93: 30 | BS93: 1 | BT93: 1 | BU93: 1 | BV93: 1 | BW93: 1 | BX93: 1 | BZ93: 100 | CA93: 64 | CF93: 0 | CG93: 0 | CM93: 0 | CO93: 0 | CP93: =(P93+Q93+S93) -> 571.43 | CQ93: =((AC93*AW93))*BC93 -> 259.12 | CR93: =((AD93*AV93))*BB93 -> 0 | CS93: =((AE93*AV93))*BS93 -> 0 | CT93: =((AF93*AV93))*BA93 -> 486.864 | CU93: =AG93 -> 0 | CV93: =(AH93*AV93) -> 41.4 | CW93: =AI93 -> 0 | CX93: =AJ93 -> 0 | CY93: =((S93*BZ93)/100) -> 372.94 | CZ93: =((S93*CA93)/100) -> 238.6816 | DE93: )*1,25 | DF93: )*1,25 | DG93: )*1,15 | DI93: )*1,15 | DJ93: )*1,25 | DN93: 0 | DO93: 0 | DP93: 1 | DQ93: 1 | DU93: 1005 | DV93: 100 м2 | DW93: 100 м2 | DX93: 100 | EE93: 21120807 | EF93: 30 | EG93: Строительные работы | EH93: 0 | EJ93: 1 | EK93: 117 | EL93: ТСН-2001.3-15. 15-91-3, 15-91-4, 15-92...15-115 | EM93: ТСН-2001.3-15-9 | EQ93: 0 | ER93: 682.48 | ES93: 259.12 | ET93: 0 | EU93: 0 | EV93: 423.36 | EW93: 36 | EX93: 0 | EY93: 0 | EZ93: 0 | FQ93: 0 | FR93: =ROUND(IF(AND(BH93=3,BI93=3),P93,0),2) -> 0 | FS93: 0 | FX93: 100 | FY93: 64 | GG93: 2 | GH93: 1 | GI93: -2 | GJ93: 0 | GK93: =ROUND(R93*(R12)/100,2) -> 0 | GL93: =ROUND(IF(AND(BH93=3,BI93=3,FS93<>0),P93,0),2) -> 0 | GM93: =O93+X93+Y93+GK93 -> 1183.05 | GN93: =ROUND(IF(OR(BI93=0,BI93=1),O93+X93+Y93+GK93,0),2) -> 1183.05 | GO93: =ROUND(IF(BI93=2,O93+X93+Y93+GK93,0),2) -> 0 | GP93: =ROUND(IF(BI93=4,O93+X93+Y93+GK93,0),2) -> 0 | GR93: 0
A94: 17 | B94: 1 | C94: =ROW(SmtRes!A80) -> 80 | D94: =ROW(EtalonRes!A80) -> 80 | E94: 14 | F94: =F93 -> 3.15-104-1 | G94: =G93 -> ПОДГОТОВКА ПОД ОКРАСКУ ИЛИ ОКЛЕЙКУ ОБОЯМИ ПЕРЕГОРОДОК ИЗ ГИПСОКАРТОННЫХ ЛИСТОВ | H94: =H93 -> 100 м2 | I94: =I93 -> 0.766 | J94: =J93 -> 0 | O94: =ROUND(CP94,2) -> 5570.11 | P94: =ROUND(CQ94*I94,2) -> 281.85 | Q94: =ROUND(CR94*I94,2) -> 0 | R94: =ROUND(CS94*I94,2) -> 0 | S94: =ROUND(CT94*I94,2) -> 5288.26 | T94: =ROUND(CU94*I94,2) -> 0 | U94: =CV94*I94 -> 31.7124 | V94: =CW94*I94 -> 0 | W94: =ROUND(CX94*I94,2) -> 0 | X94: =ROUND(CY94,2) -> 4495.02 | Y94: =ROUND(CZ94,2) -> 2326.83 | AA94: 22529510 | AB94: =ROUND((AC94+AD94+AF94),6) -> 745.984 | AC94: =ROUND((ES94),6) -> 259.12 | AD94: =ROUND(((((ET94*1.25))-((EU94*1.25)))+AE94),6) -> 0 | AE94: =ROUND(((EU94*1.25)),6) -> 0 | AF94: =ROUND(((EV94*1.15)),6) -> 486.864 | AG94: =ROUND((AP94),6) -> 0 | AH94: =((EW94*1.15)) -> 41.4 | AI94: =((EX94*1.25)) -> 0 | AJ94: =ROUND((AS94),6) -> 0 | AK94: 682.48 | AL94: 259.12 | AM94: 0 | AN94: 0 | AO94: 423.36 | AP94: 0 | AQ94: 36 | AR94: 0 | AS94: 0 | AT94: 85 | AU94: 44 | AV94: 1 | AW94: 1 | AZ94: 1 | BA94: 14.18 | BB94: 1 | BC94: 1.42 | BH94: 0 | BI94: 1 | BJ94: =BJ93 -> ТСН-2001.3. База. Сб.15, т.104, поз.1 | BM94: 117 | BN94: 0 | BO94: 3.15-104-1 | BP94: 1 | BQ94: 30 | BS94: 14.18 | BT94: 1 | BU94: 1 | BV94: 1 | BW94: 1 | BX94: 1 | BZ94: 85 | CA94: 44 | CF94: 0 | CG94: 0 | CM94: 0 | CO94: 0 | CP94: =(P94+Q94+S94) -> 5570.11 | CQ94: =((AC94*AW94))*BC94 -> 367.9504 | CR94: =((AD94*AV94))*BB94 -> 0 | CS94: =((AE94*AV94))*BS94 -> 0 | CT94: =((AF94*AV94))*BA94 -> 6903.7315 | CU94: =AG94 -> 0 | CV94: =(AH94*AV94) -> 41.4 | CW94: =AI94 -> 0 | CX94: =AJ94 -> 0 | CY94: =S94*(BZ94/100) -> 4495.021 | CZ94: =S94*(CA94/100) -> 2326.8344 | DE94: )*1,25 | DF94: )*1,25 | DG94: )*1,15 | DI94: )*1,15 | DJ94: )*1,25 | DN94: 100 | DO94: 64 | DP94: 1.025 | DQ94: 1 | DU94: =DU93 -> 1005 | DV94: =DV93 -> 100 м2 | DW94: =DW93 -> 100 м2 | DX94: =DX93 -> 100 | DY94: =DY93 -> 0 | DZ94: =DZ93 -> 0 | EA94: =EA93 -> 0 | EB94: =EB93 -> 0 | ... EM94: =EM93 -> ТСН-2001.3-15-9 | EQ94: 0 | ER94: 682.48 | ES94: 259.12 | ET94: 0 | EU94: 0 | EV94: 423.36 | EW94: 36 | EX94: 0 | EY94: 0 | FQ94: 0 | FR94: =ROUND(IF(AND(BH94=3,BI94=3),P94,0),2) -> 0 | FS94: 0 | FX94: 85 | FY94: 44 | GG94: 2 | GH94: 1 | GI94: 2 | GJ94: 0 | GK94: =ROUND(R94*(S12)/100,2) -> 0 | GL94: =ROUND(IF(AND(BH94=3,BI94=3,FS94<>0),P94,0),2) -> 0 | GM94: =O94+X94+Y94+GK94 -> 12391.96 | GN94: =ROUND(IF(OR(BI94=0,BI94=1),O94+X94+Y94+GK94,0),2) -> 12391.96 | GO94: =ROUND(IF(BI94=2,O94+X94+Y94+GK94,0),2) -> 0 | GP94: =ROUND(IF(BI94=4,O94+X94+Y94+GK94,0),2) -> 0 | GR94: 0
A95: 18 | B95: 1 | C95: 77 | E95: 14,1 | F95: ПРАЙС-ЛИСТ | G95: ШПАКЛЕВКА SHEETROCK (ШИТРОК) УНИВЕРСАЛЬНАЯ | H95: кг | I95: =I94*J95 -> 3.83 | J95: 5 | O95: =ROUND(CP95,2) -> 256.61 | P95: =ROUND(CQ95*I95,2) -> 256.61 | Q95: =ROUND(CR95*I95,2) -> 0 | R95: =ROUND(CS95*I95,2) -> 0 | S95: =ROUND(CT95*I95,2) -> 0 | T95: =ROUND(CU95*I95,2) -> 0 | U95: =CV95*I95 -> 0 | V95: =CW95*I95 -> 0 | W95: =ROUND(CX95*I95,2) -> 0 | X95: =ROUND(CY95,2) -> 0 | Y95: =ROUND(CZ95,2) -> 0 | AA95: 22529512 | AB95: =ROUND((AC95+AD95+AF95),6) -> 67 | AC95: =ROUND((ES95),6) -> 67 | AD95: =ROUND((((ET95)-(EU95))+AE95),6) -> 0 | AE95: =ROUND((EU95),6) -> 0 | AF95: =ROUND((EV95),6) -> 0 | AG95: =ROUND((AP95),6) -> 0 | AH95: =(EW95) -> 0 | AI95: =(EX95) -> 0 | AJ95: =ROUND((AS95),6) -> 0 | AK95: 67 | AL95: 67 | AM95: 0 | AN95: 0 | AO95: 0 | AP95: 0 | AQ95: 0 | AR95: 0 | AS95: 0 | AT95: 100 | AU95: 64 | AV95: 1 | AW95: 1 | AZ95: 1 | BA95: 1 | BB95: 1 | BC95: 1 | BH95: 3 | BI95: 1 | BM95: 117 | BN95: 0 | BP95: 0 | BQ95: 30 | BS95: 1 | BT95: 1 | BU95: 1 | BV95: 1 | BW95: 1 | BX95: 1 | BZ95: 100 | CA95: 64 | CF95: 0 | CG95: 0 | CM95: 0 | CO95: 0 | CP95: =(P95+Q95+S95) -> 256.61 | CQ95: =((AC95*AW95))*BC95 -> 67 | CR95: =((AD95*AV95))*BB95 -> 0 | CS95: =((AE95*AV95))*BS95 -> 0 | CT95: =((AF95*AV95))*BA95 -> 0 | CU95: =AG95 -> 0 | CV95: =(AH95*AV95) -> 0 | CW95: =AI95 -> 0 | CX95: =AJ95 -> 0 | CY95: =((S95*BZ95)/100) -> 0 | CZ95: =((S95*CA95)/100) -> 0 | DN95: 0 | DO95: 0 | DP95: 1 | DQ95: 1 | DU95: 1009 | DV95: кг | DW95: кг | DX95: 1 | EE95: 21120807 | EF95: 30 | EG95: Строительные работы | EH95: 0 | EJ95: 1 | EK95: 117 | EL95: ТСН-2001.3-15. 15-91-3, 15-91-4, 15-92...15-115 | EM95: ТСН-2001.3-15-9 | EQ95: 0 | ER95: 0 | ES95: 67 | ET95: 0 | EU95: 0 | EV95: 0 | EW95: 0 | EX95: 0 | EZ95: 0 | FQ95: 0 | FR95: =ROUND(IF(AND(BH95=3,BI95=3),P95,0),2) -> 0 | FS95: 0 | FX95: 100 | FY95: 64 | GA95: занесена вручную | GG95: 2 | GH95: 0 | GI95: -2 | GJ95: 0 | GK95: =ROUND(R95*(R12)/100,2) -> 0 | GL95: =ROUND(IF(AND(BH95=3,BI95=3,FS95<>0),P95,0),2) -> 0 | GM95: =O95+X95+Y95+GK95 -> 256.61 | GN95: =ROUND(IF(OR(BI95=0,BI95=1),O95+X95+Y95+GK95,0),2) -> 256.61 | GO95: =ROUND(IF(BI95=2,O95+X95+Y95+GK95,0),2) -> 0 | GP95: =ROUND(IF(BI95=4,O95+X95+Y95+GK95,0),2) -> 0 | GR95: 0
A96: 18 | B96: 1 | C96: 80 | E96: 14,1 | F96: =F95 -> ПРАЙС-ЛИСТ | G96: =G95 -> ШПАКЛЕВКА SHEETROCK (ШИТРОК) УНИВЕРСАЛЬНАЯ | H96: =H95 -> кг | I96: =I94*J96 -> 3.83 | J96: =J95 -> 5 | O96: =ROUND(CP96,2) -> 256.61 | P96: =ROUND(CQ96*I96,2) -> 256.61 | Q96: =ROUND(CR96*I96,2) -> 0 | R96: =ROUND(CS96*I96,2) -> 0 | S96: =ROUND(CT96*I96,2) -> 0 | T96: =ROUND(CU96*I96,2) -> 0 | U96: =CV96*I96 -> 0 | V96: =CW96*I96 -> 0 | W96: =ROUND(CX96*I96,2) -> 0 | X96: =ROUND(CY96,2) -> 0 | Y96: =ROUND(CZ96,2) -> 0 | AA96: 22529510 | AB96: =ROUND((AC96+AD96+AF96),6) -> 67 | AC96: =ROUND((ES96),6) -> 67 | AD96: =ROUND((((ET96)-(EU96))+AE96),6) -> 0 | AE96: =ROUND((EU96),6) -> 0 | AF96: =ROUND((EV96),6) -> 0 | AG96: =ROUND((AP96),6) -> 0 | AH96: =(EW96) -> 0 | AI96: =(EX96) -> 0 | AJ96: =ROUND((AS96),6) -> 0 | AK96: 67 | AL96: 67 | AM96: 0 | AN96: 0 | AO96: 0 | AP96: 0 | AQ96: 0 | AR96: 0 | AS96: 0 | AT96: 0 | AU96: 0 | AV96: 1 | AW96: 1 | AZ96: 1 | BA96: 1 | BB96: 1 | BC96: 1 | BH96: 3 | BI96: 1 | BJ96: =BJ95 | BM96: 117 | BN96: 0 | BP96: 0 | BQ96: 30 | BS96: 1 | BT96: 1 | BU96: 1 | BV96: 1 | BW96: 1 | BX96: 1 | BZ96: 0 | CA96: 0 | CF96: 0 | CG96: 0 | CM96: 0 | CO96: 0 | CP96: =(P96+Q96+S96) -> 256.61 | CQ96: =((AC96*AW96))*BC96 -> 67 | CR96: =((AD96*AV96))*BB96 -> 0 | CS96: =((AE96*AV96))*BS96 -> 0 | CT96: =((AF96*AV96))*BA96 -> 0 | CU96: =AG96 -> 0 | CV96: =(AH96*AV96) -> 0 | CW96: =AI96 -> 0 | CX96: =AJ96 -> 0 | CY96: =S96*(BZ96/100) -> 0 | CZ96: =S96*(CA96/100) -> 0 | DN96: 100 | DO96: 64 | DP96: 1.025 | DQ96: 1 | DU96: =DU95 -> 1009 | DV96: =DV95 -> кг | DW96: =DW95 -> кг | DX96: =DX95 -> 1 | DY96: =DY95 -> 0 | DZ96: =DZ95 -> 0 | EA96: =EA95 -> 0 | EB96: =EB95 -> 0 | ... EM96: =EM95 -> ТСН-2001.3-15-9 | EQ96: 0 | ER96: 0 | ES96: 67 | ET96: 0 | EU96: 0 | EV96: 0 | EW96: 0 | EX96: 0 | FQ96: 0 | FR96: =ROUND(IF(AND(BH96=3,BI96=3),P96,0),2) -> 0 | FS96: 0 | FX96: 0 | FY96: 0 | GA96: 67 / 1 | GG96: 2 | GH96: 0 | GI96: -2 | GJ96: 0 | GK96: =ROUND(R96*(S12)/100,2) -> 0 | GL96: =ROUND(IF(AND(BH96=3,BI96=3,FS96<>0),P96,0),2) -> 0 | GM96: =O96+X96+Y96+GK96 -> 256.61 | GN96: =ROUND(IF(OR(BI96=0,BI96=1),O96+X96+Y96+GK96,0),2) -> 256.61 | GO96: =ROUND(IF(BI96=2,O96+X96+Y96+GK96,0),2) -> 0 | GP96: =ROUND(IF(BI96=4,O96+X96+Y96+GK96,0),2) -> 0 | GR96: 0
A97: 17 | B97: 1 | C97: =ROW(SmtRes!A84) -> 84 | D97: =ROW(EtalonRes!A84) -> 84 | E97: 15 | F97: 3.15-165-1 | G97: ОБРАБОТКА ПОВЕРХНОСТЕЙ СТЕН ГРУНТОВКОЙ ГЛУБОКОГО ПРОНИКНОВЕНИЯ ВНУТРИ ПОМЕЩЕНИЯ | H97: 100 м2 | I97: 0.766 | J97: 0 | O97: =ROUND(CP97,2) -> 46.56 | P97: =ROUND(CQ97*I97,2) -> 0 | Q97: =ROUND(CR97*I97,2) -> 0.77 | R97: =ROUND(CS97*I97,2) -> 0.17 | S97: =ROUND(CT97*I97,2) -> 45.79 | T97: =ROUND(CU97*I97,2) -> 0 | U97: =CV97*I97 -> 4.096185 | V97: =CW97*I97 -> 0 | W97: =ROUND(CX97*I97,2) -> 0 | X97: =ROUND(CY97,2) -> 45.79 | Y97: =ROUND(CZ97,2) -> 29.31 | AA97: 22529512 | AB97: =ROUND((AC97+AD97+AF97),6) -> 60.777 | AC97: =ROUND((ES97),6) -> 0 | AD97: =ROUND(((((ET97*1.25))-((EU97*1.25)))+AE97),6) -> 1 | AE97: =ROUND(((EU97*1.25)),6) -> 0.225 | AF97: =ROUND(((EV97*1.15)),6) -> 59.777 | AG97: =ROUND((AP97),6) -> 0 | AH97: =((EW97*1.15)) -> 5.3475 | AI97: =((EX97*1.25)) -> 0 | AJ97: =ROUND((AS97),6) -> 0 | AK97: 52.78 | AL97: 0 | AM97: 0.8 | AN97: 0.18 | AO97: 51.98 | AP97: 0 | AQ97: 4.65 | AR97: 0 | AS97: 0 | AT97: 100 | AU97: 64 | AV97: 1 | AW97: 1 | AZ97: 1 | BA97: 1 | BB97: 1 | BC97: 1 | BH97: 0 | BI97: 1 | BJ97: ТСН-2001.3. Доп.20. Сб.15, т.165, поз.1 | BM97: 1523 | BN97: 0 | BP97: 0 | BQ97: 30 | BS97: 1 | BT97: 1 | BU97: 1 | BV97: 1 | BW97: 1 | BX97: 1 | BZ97: 100 | CA97: 64 | CF97: 0 | CG97: 0 | CM97: 0 | CO97: 0 | CP97: =(P97+Q97+S97) -> 46.56 | CQ97: =((AC97*AW97))*BC97 -> 0 | CR97: =((AD97*AV97))*BB97 -> 1 | CS97: =((AE97*AV97))*BS97 -> 0.225 | CT97: =((AF97*AV97))*BA97 -> 59.777 | CU97: =AG97 -> 0 | CV97: =(AH97*AV97) -> 5.3475 | CW97: =AI97 -> 0 | CX97: =AJ97 -> 0 | CY97: =((S97*BZ97)/100) -> 45.79 | CZ97: =((S97*CA97)/100) -> 29.3056 | DE97: )*1,25 | DF97: )*1,25 | DG97: )*1,15 | DI97: )*1,15 | DJ97: )*1,25 | DN97: 0 | DO97: 0 | DP97: 1 | DQ97: 1 | DU97: 1005 | DV97: 100 м2 | DW97: 100 м2 | DX97: 100 | EE97: 21122213 | EF97: 30 | EG97: Строительные работы | EH97: 0 | EJ97: 1 | EK97: 1523 | EL97: ТСН-2001.3-15. 15-164, 15-165 (доп. 20) | EM97: ТСН-2001.3-15-28 | EQ97: 0 | ER97: 52.78 | ES97: 0 | ET97: 0.8 | EU97: 0.18 | EV97: 51.98 | EW97: 4.65 | EX97: 0 | EY97: 0 | EZ97: 0 | FQ97: 0 | FR97: =ROUND(IF(AND(BH97=3,BI97=3),P97,0),2) -> 0 | FS97: 0 | FX97: 100 | FY97: 64 | GG97: 2 | GH97: 1 | GI97: -2 | GJ97: 0 | GK97: =ROUND(R97*(R12)/100,2) -> 0.3 | GL97: =ROUND(IF(AND(BH97=3,BI97=3,FS97<>0),P97,0),2) -> 0 | GM97: =O97+X97+Y97+GK97 -> 121.96 | GN97: =ROUND(IF(OR(BI97=0,BI97=1),O97+X97+Y97+GK97,0),2) -> 121.96 | GO97: =ROUND(IF(BI97=2,O97+X97+Y97+GK97,0),2) -> 0 | GP97: =ROUND(IF(BI97=4,O97+X97+Y97+GK97,0),2) -> 0 | GR97: 0
A98: 17 | B98: 1 | C98: =ROW(SmtRes!A88) -> 88 | D98: =ROW(EtalonRes!A88) -> 88 | E98: 15 | F98: =F97 -> 3.15-165-1 | G98: =G97 -> ОБРАБОТКА ПОВЕРХНОСТЕЙ СТЕН ГРУНТОВКОЙ ГЛУБОКОГО ПРОНИКНОВЕНИЯ ВНУТРИ ПОМЕЩЕНИЯ | H98: =H97 -> 100 м2 | I98: =I97 -> 0.766 | J98: =J97 -> 0 | O98: =ROUND(CP98,2) -> 655.2 | P98: =ROUND(CQ98*I98,2) -> 0 | Q98: =ROUND(CR98*I98,2) -> 5.91 | R98: =ROUND(CS98*I98,2) -> 2.44 | S98: =ROUND(CT98*I98,2) -> 649.29 | T98: =ROUND(CU98*I98,2) -> 0 | U98: =CV98*I98 -> 4.096185 | V98: =CW98*I98 -> 0 | W98: =ROUND(CX98*I98,2) -> 0 | X98: =ROUND(CY98,2) -> 551.9 | Y98: =ROUND(CZ98,2) -> 285.69 | AA98: 22529510 | AB98: =ROUND((AC98+AD98+AF98),6) -> 60.777 | AC98: =ROUND((ES98),6) -> 0 | AD98: =ROUND(((((ET98*1.25))-((EU98*1.25)))+AE98),6) -> 1 | AE98: =ROUND(((EU98*1.25)),6) -> 0.225 | AF98: =ROUND(((EV98*1.15)),6) -> 59.777 | AG98: =ROUND((AP98),6) -> 0 | AH98: =((EW98*1.15)) -> 5.3475 | AI98: =((EX98*1.25)) -> 0 | AJ98: =ROUND((AS98),6) -> 0 | AK98: 52.78 | AL98: 0 | AM98: 0.8 | AN98: 0.18 | AO98: 51.98 | AP98: 0 | AQ98: 4.65 | AR98: 0 | AS98: 0 | AT98: 85 | AU98: 44 | AV98: 1 | AW98: 1 | AZ98: 1 | BA98: 14.18 | BB98: 7.71 | BC98: 1 | BH98: 0 | BI98: 1 | BJ98: =BJ97 -> ТСН-2001.3. Доп.20. Сб.15, т.165, поз.1 | BM98: 1523 | BN98: 0 | BO98: 3.15-165-1 | BP98: 1 | BQ98: 30 | BS98: 14.18 | BT98: 1 | BU98: 1 | BV98: 1 | BW98: 1 | BX98: 1 | BZ98: 85 | CA98: 44 | CF98: 0 | CG98: 0 | CM98: 0 | CO98: 0 | CP98: =(P98+Q98+S98) -> 655.2 | CQ98: =((AC98*AW98))*BC98 -> 0 | CR98: =((AD98*AV98))*BB98 -> 7.71 | CS98: =((AE98*AV98))*BS98 -> 3.1905 | CT98: =((AF98*AV98))*BA98 -> 847.63786 | CU98: =AG98 -> 0 | CV98: =(AH98*AV98) -> 5.3475 | CW98: =AI98 -> 0 | CX98: =AJ98 -> 0 | CY98: =S98*(BZ98/100) -> 551.8965 | CZ98: =S98*(CA98/100) -> 285.6876 | DE98: )*1,25 | DF98: )*1,25 | DG98: )*1,15 | DI98: )*1,15 | DJ98: )*1,25 | DN98: 100 | DO98: 64 | DP98: 1.025 | DQ98: 1 | DU98: =DU97 -> 1005 | DV98: =DV97 -> 100 м2 | DW98: =DW97 -> 100 м2 | DX98: =DX97 -> 100 | DY98: =DY97 -> 0 | DZ98: =DZ97 -> 0 | EA98: =EA97 -> 0 | EB98: =EB97 -> 0 | ... EM98: =EM97 -> ТСН-2001.3-15-28 | EQ98: 0 | ER98: 52.78 | ES98: 0 | ET98: 0.8 | EU98: 0.18 | EV98: 51.98 | EW98: 4.65 | EX98: 0 | EY98: 0 | FQ98: 0 | FR98: =ROUND(IF(AND(BH98=3,BI98=3),P98,0),2) -> 0 | FS98: 0 | FX98: 85 | FY98: 44 | GG98: 2 | GH98: 1 | GI98: 2 | GJ98: 0 | GK98: =ROUND(R98*(S12)/100,2) -> 4.12 | GL98: =ROUND(IF(AND(BH98=3,BI98=3,FS98<>0),P98,0),2) -> 0 | GM98: =O98+X98+Y98+GK98 -> 1496.91 | GN98: =ROUND(IF(OR(BI98=0,BI98=1),O98+X98+Y98+GK98,0),2) -> 1496.91 | GO98: =ROUND(IF(BI98=2,O98+X98+Y98+GK98,0),2) -> 0 | GP98: =ROUND(IF(BI98=4,O98+X98+Y98+GK98,0),2) -> 0 | GR98: 0
A99: 18 | B99: 1 | C99: 84 | E99: 15,1 | F99: 1.1-1-3552 | G99: ГРУНТОВКА АКРИЛОВАЯ КОНЦЕНТРИРОВАННАЯ УНИВЕРСАЛЬНАЯ С ВЫСОКОЙ КЛЕЕВОЙ И ПРОНИКАЮЩЕЙ СПОСОБНОСТЬЮ | H99: кг | I99: =I98*J99 -> 7.8898 | J99: 10.3 | O99: =ROUND(CP99,2) -> 316.93 | P99: =ROUND(CQ99*I99,2) -> 316.93 | Q99: =ROUND(CR99*I99,2) -> 0 | R99: =ROUND(CS99*I99,2) -> 0 | S99: =ROUND(CT99*I99,2) -> 0 | T99: =ROUND(CU99*I99,2) -> 0 | U99: =CV99*I99 -> 0 | V99: =CW99*I99 -> 0 | W99: =ROUND(CX99*I99,2) -> 0 | X99: =ROUND(CY99,2) -> 0 | Y99: =ROUND(CZ99,2) -> 0 | AA99: 22529512 | AB99: =ROUND((AC99+AD99+AF99),6) -> 40.17 | AC99: =ROUND((ES99),6) -> 40.17 | AD99: =ROUND((((ET99)-(EU99))+AE99),6) -> 0 | AE99: =ROUND((EU99),6) -> 0 | AF99: =ROUND((EV99),6) -> 0 | AG99: =ROUND((AP99),6) -> 0 | AH99: =(EW99) -> 0 | AI99: =(EX99) -> 0 | AJ99: =ROUND((AS99),6) -> 0 | AK99: 40.17 | AL99: 40.17 | AM99: 0 | AN99: 0 | AO99: 0 | AP99: 0 | AQ99: 0 | AR99: 0 | AS99: 0 | AT99: 100 | AU99: 64 | AV99: 1 | AW99: 1 | AZ99: 1 | BA99: 1 | BB99: 1 | BC99: 1 | BH99: 3 | BI99: 1 | BJ99: ТСН-2001.1. Доп.20. Р.1, о.1, поз.3552 | BM99: 1523 | BN99: 0 | BP99: 0 | BQ99: 30 | BS99: 1 | BT99: 1 | BU99: 1 | BV99: 1 | BW99: 1 | BX99: 1 | BZ99: 100 | CA99: 64 | CF99: 0 | CG99: 0 | CM99: 0 | CO99: 0 | CP99: =(P99+Q99+S99) -> 316.93 | CQ99: =((AC99*AW99))*BC99 -> 40.17 | CR99: =((AD99*AV99))*BB99 -> 0 | CS99: =((AE99*AV99))*BS99 -> 0 | CT99: =((AF99*AV99))*BA99 -> 0 | CU99: =AG99 -> 0 | CV99: =(AH99*AV99) -> 0 | CW99: =AI99 -> 0 | CX99: =AJ99 -> 0 | CY99: =((S99*BZ99)/100) -> 0 | CZ99: =((S99*CA99)/100) -> 0 | DN99: 0 | DO99: 0 | DP99: 1 | DQ99: 1 | DU99: 1009 | DV99: кг | DW99: кг | DX99: 1 | EE99: 21122213 | EF99: 30 | EG99: Строительные работы | EH99: 0 | EJ99: 1 | EK99: 1523 | EL99: ТСН-2001.3-15. 15-164, 15-165 (доп. 20) | EM99: ТСН-2001.3-15-28 | EQ99: 0 | ER99: 40.17 | ES99: 40.17 | ET99: 0 | EU99: 0 | EV99: 0 | EW99: 0 | EX99: 0 | EZ99: 0 | FQ99: 0 | FR99: =ROUND(IF(AND(BH99=3,BI99=3),P99,0),2) -> 0 | FS99: 0 | FX99: 100 | FY99: 64 | GG99: 2 | GH99: 1 | GI99: -2 | GJ99: 0 | GK99: =ROUND(R99*(R12)/100,2) -> 0 | GL99: =ROUND(IF(AND(BH99=3,BI99=3,FS99<>0),P99,0),2) -> 0 | GM99: =O99+X99+Y99+GK99 -> 316.93 | GN99: =ROUND(IF(OR(BI99=0,BI99=1),O99+X99+Y99+GK99,0),2) -> 316.93 | GO99: =ROUND(IF(BI99=2,O99+X99+Y99+GK99,0),2) -> 0 | GP99: =ROUND(IF(BI99=4,O99+X99+Y99+GK99,0),2) -> 0 | GR99: 0
A100: 18 | B100: 1 | C100: 88 | E100: 15,1 | F100: =F99 -> 1.1-1-3552 | G100: =G99 -> ГРУНТОВКА АКРИЛОВАЯ КОНЦЕНТРИРОВАННАЯ УНИВЕРСАЛЬНАЯ С ВЫСОКОЙ КЛЕЕВОЙ И ПРОНИКАЮЩЕЙ СПОСОБНОСТЬЮ | H100: =H99 -> кг | I100: =I98*J100 -> 7.8898 | J100: =J99 -> 10.3 | O100: =ROUND(CP100,2) -> 402.51 | P100: =ROUND(CQ100*I100,2) -> 402.51 | Q100: =ROUND(CR100*I100,2) -> 0 | R100: =ROUND(CS100*I100,2) -> 0 | S100: =ROUND(CT100*I100,2) -> 0 | T100: =ROUND(CU100*I100,2) -> 0 | U100: =CV100*I100 -> 0 | V100: =CW100*I100 -> 0 | W100: =ROUND(CX100*I100,2) -> 0 | X100: =ROUND(CY100,2) -> 0 | Y100: =ROUND(CZ100,2) -> 0 | AA100: 22529510 | AB100: =ROUND((AC100+AD100+AF100),6) -> 40.17 | AC100: =ROUND((ES100),6) -> 40.17 | AD100: =ROUND((((ET100)-(EU100))+AE100),6) -> 0 | AE100: =ROUND((EU100),6) -> 0 | AF100: =ROUND((EV100),6) -> 0 | AG100: =ROUND((AP100),6) -> 0 | AH100: =(EW100) -> 0 | AI100: =(EX100) -> 0 | AJ100: =ROUND((AS100),6) -> 0 | AK100: 40.17 | AL100: 40.17 | AM100: 0 | AN100: 0 | AO100: 0 | AP100: 0 | AQ100: 0 | AR100: 0 | AS100: 0 | AT100: 0 | AU100: 0 | AV100: 1 | AW100: 1 | AZ100: 1 | BA100: 1 | BB100: 1 | BC100: 1.27 | BH100: 3 | BI100: 1 | BJ100: =BJ99 -> ТСН-2001.1. Доп.20. Р.1, о.1, поз.3552 | BM100: 1523 | BN100: 0 | BO100: 1.1-1-3552 | BP100: 1 | BQ100: 30 | BS100: 1 | BT100: 1 | BU100: 1 | BV100: 1 | BW100: 1 | BX100: 1 | BZ100: 0 | CA100: 0 | CF100: 0 | CG100: 0 | CM100: 0 | CO100: 0 | CP100: =(P100+Q100+S100) -> 402.51 | CQ100: =((AC100*AW100))*BC100 -> 51.0159 | CR100: =((AD100*AV100))*BB100 -> 0 | CS100: =((AE100*AV100))*BS100 -> 0 | CT100: =((AF100*AV100))*BA100 -> 0 | CU100: =AG100 -> 0 | CV100: =(AH100*AV100) -> 0 | CW100: =AI100 -> 0 | CX100: =AJ100 -> 0 | CY100: =S100*(BZ100/100) -> 0 | CZ100: =S100*(CA100/100) -> 0 | DN100: 100 | DO100: 64 | DP100: 1.025 | DQ100: 1 | DU100: =DU99 -> 1009 | DV100: =DV99 -> кг | DW100: =DW99 -> кг | DX100: =DX99 -> 1 | DY100: =DY99 -> 0 | DZ100: =DZ99 -> 0 | EA100: =EA99 -> 0 | EB100: =EB99 -> 0 | ... EM100: =EM99 -> ТСН-2001.3-15-28 | EQ100: 0 | ER100: 40.17 | ES100: 40.17 | ET100: 0 | EU100: 0 | EV100: 0 | EW100: 0 | EX100: 0 | FQ100: 0 | FR100: =ROUND(IF(AND(BH100=3,BI100=3),P100,0),2) -> 0 | FS100: 0 | FX100: 0 | FY100: 0 | GG100: 2 | GH100: 1 | GI100: 2 | GJ100: 0 | GK100: =ROUND(R100*(S12)/100,2) -> 0 | GL100: =ROUND(IF(AND(BH100=3,BI100=3,FS100<>0),P100,0),2) -> 0 | GM100: =O100+X100+Y100+GK100 -> 402.51 | GN100: =ROUND(IF(OR(BI100=0,BI100=1),O100+X100+Y100+GK100,0),2) -> 402.51 | GO100: =ROUND(IF(BI100=2,O100+X100+Y100+GK100,0),2) -> 0 | GP100: =ROUND(IF(BI100=4,O100+X100+Y100+GK100,0),2) -> 0 | GR100: 0
A101: 17 | B101: 1 | C101: =ROW(SmtRes!A95) -> 95 | D101: =ROW(EtalonRes!A94) -> 94 | E101: 16 | F101: 3.15-127-1 | G101: ОКЛЕЙКА ОБОЯМИ ПРОСТЫМИ И СРЕДНЕЙ ПЛОТНОСТИ СТЕН ПО МОНОЛИТНОЙ ШТУКАТУРКЕ И БЕТОНУ | H101: 100 м2 | I101: 0.766 | J101: 0 | O101: =ROUND(CP101,2) -> 534.48 | P101: =ROUND(CQ101*I101,2) -> 202.46 | Q101: =ROUND(CR101*I101,2) -> 22.14 | R101: =ROUND(CS101*I101,2) -> 3.35 | S101: =ROUND(CT101*I101,2) -> 309.88 | T101: =ROUND(CU101*I101,2) -> 0 | U101: =CV101*I101 -> 26.69127 | V101: =CW101*I101 -> 0 | W101: =ROUND(CX101*I101,2) -> 0 | X101: =ROUND(CY101,2) -> 309.88 | Y101: =ROUND(CZ101,2) -> 198.32 | AA101: 22529512 | AB101: =ROUND((AC101+AD101+AF101),6) -> 697.757 | AC101: =ROUND((ES101),6) -> 264.31 | AD101: =ROUND(((((ET101*1.25))-((EU101*1.25)))+AE101),6) -> 28.9 | AE101: =ROUND(((EU101*1.25)),6) -> 4.375 | AF101: =ROUND(((EV101*1.15)),6) -> 404.547 | AG101: =ROUND((AP101),6) -> 0 | AH101: =((EW101*1.15)) -> 34.845 | AI101: =((EX101*1.25)) -> 0 | AJ101: =ROUND((AS101),6) -> 0 | AK101: 639.21 | AL101: 264.31 | AM101: 23.12 | AN101: 3.5 | AO101: 351.78 | AP101: 0 | AQ101: 30.3 | AR101: 0 | AS101: 0 | AT101: 100 | AU101: 64 | AV101: 1 | AW101: 1 | AZ101: 1 | BA101: 1 | BB101: 1 | BC101: 1 | BH101: 0 | BI101: 1 | BJ101: ТСН-2001.3. База. Сб.15, т.127, поз.1 | BM101: 119 | BN101: 0 | BP101: 0 | BQ101: 30 | BS101: 1 | BT101: 1 | BU101: 1 | BV101: 1 | BW101: 1 | BX101: 1 | BZ101: 100 | CA101: 64 | CF101: 0 | CG101: 0 | CM101: 0 | CO101: 0 | CP101: =(P101+Q101+S101) -> 534.48 | CQ101: =((AC101*AW101))*BC101 -> 264.31 | CR101: =((AD101*AV101))*BB101 -> 28.9 | CS101: =((AE101*AV101))*BS101 -> 4.375 | CT101: =((AF101*AV101))*BA101 -> 404.547 | CU101: =AG101 -> 0 | CV101: =(AH101*AV101) -> 34.845 | CW101: =AI101 -> 0 | CX101: =AJ101 -> 0 | CY101: =((S101*BZ101)/100) -> 309.88 | CZ101: =((S101*CA101)/100) -> 198.3232 | DE101: )*1,25 | DF101: )*1,25 | DG101: )*1,15 | DI101: )*1,15 | DJ101: )*1,25 | DN101: 0 | DO101: 0 | DP101: 1 | DQ101: 1 | DU101: 1005 | DV101: 100 м2 | DW101: 100 м2 | DX101: 100 | EE101: 21120809 | EF101: 30 | EG101: Строительные работы | EH101: 0 | EJ101: 1 | EK101: 119 | EL101: ТСН-2001.3-15. 15-127...15-136 | EM101: ТСН-2001.3-15-11 | EQ101: 0 | ER101: 639.21 | ES101: 264.31 | ET101: 23.12 | EU101: 3.5 | EV101: 351.78 | EW101: 30.3 | EX101: 0 | EY101: 0 | EZ101: 0 | FQ101: 0 | FR101: =ROUND(IF(AND(BH101=3,BI101=3),P101,0),2) -> 0 | FS101: 0 | FX101: 100 | FY101: 64 | GG101: 2 | GH101: 1 | GI101: -2 | GJ101: 0 | GK101: =ROUND(R101*(R12)/100,2) -> 5.86 | GL101: =ROUND(IF(AND(BH101=3,BI101=3,FS101<>0),P101,0),2) -> 0 | GM101: =O101+X101+Y101+GK101 -> 1048.54 | GN101: =ROUND(IF(OR(BI101=0,BI101=1),O101+X101+Y101+GK101,0),2) -> 1048.54 | GO101: =ROUND(IF(BI101=2,O101+X101+Y101+GK101,0),2) -> 0 | GP101: =ROUND(IF(BI101=4,O101+X101+Y101+GK101,0),2) -> 0 | GR101: 0
A102: 17 | B102: 1 | C102: =ROW(SmtRes!A102) -> 102 | D102: =ROW(EtalonRes!A100) -> 100 | E102: 16 | F102: =F101 -> 3.15-127-1 | G102: =G101 -> ОКЛЕЙКА ОБОЯМИ ПРОСТЫМИ И СРЕДНЕЙ ПЛОТНОСТИ СТЕН ПО МОНОЛИТНОЙ ШТУКАТУРКЕ И БЕТОНУ | H102: =H101 -> 100 м2 | I102: =I101 -> 0.766 | J102: =J101 -> 0 | O102: =ROUND(CP102,2) -> 5358.72 | P102: =ROUND(CQ102*I102,2) -> 795.67 | Q102: =ROUND(CR102*I102,2) -> 168.91 | R102: =ROUND(CS102*I102,2) -> 47.52 | S102: =ROUND(CT102*I102,2) -> 4394.14 | T102: =ROUND(CU102*I102,2) -> 0 | U102: =CV102*I102 -> 26.69127 | V102: =CW102*I102 -> 0 | W102: =ROUND(CX102*I102,2) -> 0 | X102: =ROUND(CY102,2) -> 3735.02 | Y102: =ROUND(CZ102,2) -> 1933.42 | AA102: 22529510 | AB102: =ROUND((AC102+AD102+AF102),6) -> 697.757 | AC102: =ROUND((ES102),6) -> 264.31 | AD102: =ROUND(((((ET102*1.25))-((EU102*1.25)))+AE102),6) -> 28.9 | AE102: =ROUND(((EU102*1.25)),6) -> 4.375 | AF102: =ROUND(((EV102*1.15)),6) -> 404.547 | AG102: =ROUND((AP102),6) -> 0 | AH102: =((EW102*1.15)) -> 34.845 | AI102: =((EX102*1.25)) -> 0 | AJ102: =ROUND((AS102),6) -> 0 | AK102: 639.21 | AL102: 264.31 | AM102: 23.12 | AN102: 3.5 | AO102: 351.78 | AP102: 0 | AQ102: 30.3 | AR102: 0 | AS102: 0 | AT102: 85 | AU102: 44 | AV102: 1 | AW102: 1 | AZ102: 1 | BA102: 14.18 | BB102: 7.63 | BC102: 3.93 | BH102: 0 | BI102: 1 | BJ102: =BJ101 -> ТСН-2001.3. База. Сб.15, т.127, поз.1 | BM102: 119 | BN102: 0 | BO102: 3.15-127-1 | BP102: 1 | BQ102: 30 | BS102: 14.18 | BT102: 1 | BU102: 1 | BV102: 1 | BW102: 1 | BX102: 1 | BZ102: 85 | CA102: 44 | CF102: 0 | CG102: 0 | CM102: 0 | CO102: 0 | CP102: =(P102+Q102+S102) -> 5358.72 | CQ102: =((AC102*AW102))*BC102 -> 1038.7383 | CR102: =((AD102*AV102))*BB102 -> 220.507 | CS102: =((AE102*AV102))*BS102 -> 62.0375 | CT102: =((AF102*AV102))*BA102 -> 5736.4765 | CU102: =AG102 -> 0 | CV102: =(AH102*AV102) -> 34.845 | CW102: =AI102 -> 0 | CX102: =AJ102 -> 0 | CY102: =S102*(BZ102/100) -> 3735.019 | CZ102: =S102*(CA102/100) -> 1933.4216 | DE102: )*1,25 | DF102: )*1,25 | DG102: )*1,15 | DI102: )*1,15 | DJ102: )*1,25 | DN102: 100 | DO102: 64 | DP102: 1.025 | DQ102: 1 | DU102: =DU101 -> 1005 | DV102: =DV101 -> 100 м2 | DW102: =DW101 -> 100 м2 | DX102: =DX101 -> 100 | DY102: =DY101 -> 0 | DZ102: =DZ101 -> 0 | EA102: =EA101 -> 0 | EB102: =EB101 -> 0 | ... EM102: =EM101 -> ТСН-2001.3-15-11 | EQ102: 0 | ER102: 639.21 | ES102: 264.31 | ET102: 23.12 | EU102: 3.5 | EV102: 351.78 | EW102: 30.3 | EX102: 0 | EY102: 0 | FQ102: 0 | FR102: =ROUND(IF(AND(BH102=3,BI102=3),P102,0),2) -> 0 | FS102: 0 | FX102: 85 | FY102: 44 | GG102: 2 | GH102: 1 | GI102: 2 | GJ102: 0 | GK102: =ROUND(R102*(S12)/100,2) -> 80.31 | GL102: =ROUND(IF(AND(BH102=3,BI102=3,FS102<>0),P102,0),2) -> 0 | GM102: =O102+X102+Y102+GK102 -> 11107.47 | GN102: =ROUND(IF(OR(BI102=0,BI102=1),O102+X102+Y102+GK102,0),2) -> 11107.47 | GO102: =ROUND(IF(BI102=2,O102+X102+Y102+GK102,0),2) -> 0 | GP102: =ROUND(IF(BI102=4,O102+X102+Y102+GK102,0),2) -> 0 | GR102: 0
A103: 18 | B103: 1 | C103: 92 | E103: 16,1 | F103: 1.1-1-1487 | G103: ШПАТЛЕВКА МАСЛЯНО-КЛЕЕВАЯ УНИВЕРСАЛЬНАЯ | H103: т | I103: =I102*J103 -> -0.05408 | J103: -0.070600522 | O103: =ROUND(CP103,2) -> -123.24 | P103: =ROUND(CQ103*I103,2) -> -123.24 | Q103: =ROUND(CR103*I103,2) -> 0 | R103: =ROUND(CS103*I103,2) -> 0 | S103: =ROUND(CT103*I103,2) -> 0 | T103: =ROUND(CU103*I103,2) -> 0 | U103: =CV103*I103 -> 0 | V103: =CW103*I103 -> 0 | W103: =ROUND(CX103*I103,2) -> 0 | X103: =ROUND(CY103,2) -> 0 | Y103: =ROUND(CZ103,2) -> 0 | AA103: 22529512 | AB103: =ROUND((AC103+AD103+AF103),6) -> 2278.84 | AC103: =ROUND((ES103),6) -> 2278.84 | AD103: =ROUND((((ET103)-(EU103))+AE103),6) -> 0 | AE103: =ROUND((EU103),6) -> 0 | AF103: =ROUND((EV103),6) -> 0 | AG103: =ROUND((AP103),6) -> 0 | AH103: =(EW103) -> 0 | AI103: =(EX103) -> 0 | AJ103: =ROUND((AS103),6) -> 0 | AK103: 2278.84 | AL103: 2278.84 | AM103: 0 | AN103: 0 | AO103: 0 | AP103: 0 | AQ103: 0 | AR103: 0 | AS103: 0 | AT103: 100 | AU103: 64 | AV103: 1 | AW103: 1 | AZ103: 1 | BA103: 1 | BB103: 1 | BC103: 1 | BH103: 3 | BI103: 1 | BJ103: ТСН-2001.1. База. Р.1, о.1, поз.1487 | BM103: 119 | BN103: 0 | BP103: 0 | BQ103: 30 | BS103: 1 | BT103: 1 | BU103: 1 | BV103: 1 | BW103: 1 | BX103: 1 | BZ103: 100 | CA103: 64 | CF103: 0 | CG103: 0 | CM103: 0 | CO103: 0 | CP103: =(P103+Q103+S103) -> -123.24 | CQ103: =((AC103*AW103))*BC103 -> 2278.84 | CR103: =((AD103*AV103))*BB103 -> 0 | CS103: =((AE103*AV103))*BS103 -> 0 | CT103: =((AF103*AV103))*BA103 -> 0 | CU103: =AG103 -> 0 | CV103: =(AH103*AV103) -> 0 | CW103: =AI103 -> 0 | CX103: =AJ103 -> 0 | CY103: =((S103*BZ103)/100) -> 0 | CZ103: =((S103*CA103)/100) -> 0 | DN103: 0 | DO103: 0 | DP103: 1 | DQ103: 1 | DU103: 1009 | DV103: т | DW103: т | DX103: 1000 | EE103: 21120809 | EF103: 30 | EG103: Строительные работы | EH103: 0 | EJ103: 1 | EK103: 119 | EL103: ТСН-2001.3-15. 15-127...15-136 | EM103: ТСН-2001.3-15-11 | EQ103: 0 | ER103: 2278.84 | ES103: 2278.84 | ET103: 0 | EU103: 0 | EV103: 0 | EW103: 0 | EX103: 0 | EZ103: 0 | FQ103: 0 | FR103: =ROUND(IF(AND(BH103=3,BI103=3),P103,0),2) -> 0 | FS103: 0 | FX103: 100 | FY103: 64 | GG103: 2 | GH103: 1 | GI103: -2 | GJ103: 0 | GK103: =ROUND(R103*(R12)/100,2) -> 0 | GL103: =ROUND(IF(AND(BH103=3,BI103=3,FS103<>0),P103,0),2) -> 0 | GM103: =O103+X103+Y103+GK103 -> -123.24 | GN103: =ROUND(IF(OR(BI103=0,BI103=1),O103+X103+Y103+GK103,0),2) -> -123.24 | GO103: =ROUND(IF(BI103=2,O103+X103+Y103+GK103,0),2) -> 0 | GP103: =ROUND(IF(BI103=4,O103+X103+Y103+GK103,0),2) -> 0 | GR103: 0
A104: 18 | B104: 1 | C104: 99 | E104: 16,1 | F104: =F103 -> 1.1-1-1487 | G104: =G103 -> ШПАТЛЕВКА МАСЛЯНО-КЛЕЕВАЯ УНИВЕРСАЛЬНАЯ | H104: =H103 -> т | I104: =I102*J104 -> -0.05408 | J104: =J103 -> -0.070600522 | O104: =ROUND(CP104,2) -> -640.85 | P104: =ROUND(CQ104*I104,2) -> -640.85 | Q104: =ROUND(CR104*I104,2) -> 0 | R104: =ROUND(CS104*I104,2) -> 0 | S104: =ROUND(CT104*I104,2) -> 0 | T104: =ROUND(CU104*I104,2) -> 0 | U104: =CV104*I104 -> 0 | V104: =CW104*I104 -> 0 | W104: =ROUND(CX104*I104,2) -> 0 | X104: =ROUND(CY104,2) -> 0 | Y104: =ROUND(CZ104,2) -> 0 | AA104: 22529510 | AB104: =ROUND((AC104+AD104+AF104),6) -> 2278.84 | AC104: =ROUND((ES104),6) -> 2278.84 | AD104: =ROUND((((ET104)-(EU104))+AE104),6) -> 0 | AE104: =ROUND((EU104),6) -> 0 | AF104: =ROUND((EV104),6) -> 0 | AG104: =ROUND((AP104),6) -> 0 | AH104: =(EW104) -> 0 | AI104: =(EX104) -> 0 | AJ104: =ROUND((AS104),6) -> 0 | AK104: 2278.84 | AL104: 2278.84 | AM104: 0 | AN104: 0 | AO104: 0 | AP104: 0 | AQ104: 0 | AR104: 0 | AS104: 0 | AT104: 0 | AU104: 0 | AV104: 1 | AW104: 1 | AZ104: 1 | BA104: 1 | BB104: 1 | BC104: 5.2 | BH104: 3 | BI104: 1 | BJ104: =BJ103 -> ТСН-2001.1. База. Р.1, о.1, поз.1487 | BM104: 119 | BN104: 0 | BO104: 1.1-1-1487 | BP104: 1 | BQ104: 30 | BS104: 1 | BT104: 1 | BU104: 1 | BV104: 1 | BW104: 1 | BX104: 1 | BZ104: 0 | CA104: 0 | CF104: 0 | CG104: 0 | CM104: 0 | CO104: 0 | CP104: =(P104+Q104+S104) -> -640.85 | CQ104: =((AC104*AW104))*BC104 -> 11849.968 | CR104: =((AD104*AV104))*BB104 -> 0 | CS104: =((AE104*AV104))*BS104 -> 0 | CT104: =((AF104*AV104))*BA104 -> 0 | CU104: =AG104 -> 0 | CV104: =(AH104*AV104) -> 0 | CW104: =AI104 -> 0 | CX104: =AJ104 -> 0 | CY104: =S104*(BZ104/100) -> 0 | CZ104: =S104*(CA104/100) -> 0 | DN104: 100 | DO104: 64 | DP104: 1.025 | DQ104: 1 | DU104: =DU103 -> 1009 | DV104: =DV103 -> т | DW104: =DW103 -> т | DX104: =DX103 -> 1000 | DY104: =DY103 -> 0 | DZ104: =DZ103 -> 0 | EA104: =EA103 -> 0 | EB104: =EB103 -> 0 | ... EM104: =EM103 -> ТСН-2001.3-15-11 | EQ104: 0 | ER104: 2278.84 | ES104: 2278.84 | ET104: 0 | EU104: 0 | EV104: 0 | EW104: 0 | EX104: 0 | FQ104: 0 | FR104: =ROUND(IF(AND(BH104=3,BI104=3),P104,0),2) -> 0 | FS104: 0 | FX104: 0 | FY104: 0 | GG104: 2 | GH104: 1 | GI104: 2 | GJ104: 0 | GK104: =ROUND(R104*(S12)/100,2) -> 0 | GL104: =ROUND(IF(AND(BH104=3,BI104=3,FS104<>0),P104,0),2) -> 0 | GM104: =O104+X104+Y104+GK104 -> -640.85 | GN104: =ROUND(IF(OR(BI104=0,BI104=1),O104+X104+Y104+GK104,0),2) -> -640.85 | GO104: =ROUND(IF(BI104=2,O104+X104+Y104+GK104,0),2) -> 0 | GP104: =ROUND(IF(BI104=4,O104+X104+Y104+GK104,0),2) -> 0 | GR104: 0
A105: 18 | B105: 1 | C105: 94 | E105: 16,2 | F105: ПРАЙС-ЛИСТ | G105: ШПАКЛЕВКА SHEETROCK (ШИТРОК) УНИВЕРСАЛЬНАЯ | H105: кг | I105: =I102*J105 -> 54 | J105: 70.496084 | O105: =ROUND(CP105,2) -> 3618 | P105: =ROUND(CQ105*I105,2) -> 3618 | Q105: =ROUND(CR105*I105,2) -> 0 | R105: =ROUND(CS105*I105,2) -> 0 | S105: =ROUND(CT105*I105,2) -> 0 | T105: =ROUND(CU105*I105,2) -> 0 | U105: =CV105*I105 -> 0 | V105: =CW105*I105 -> 0 | W105: =ROUND(CX105*I105,2) -> 0 | X105: =ROUND(CY105,2) -> 0 | Y105: =ROUND(CZ105,2) -> 0 | AA105: 22529512 | AB105: =ROUND((AC105+AD105+AF105),6) -> 67 | AC105: =ROUND((ES105),6) -> 67 | AD105: =ROUND((((ET105)-(EU105))+AE105),6) -> 0 | AE105: =ROUND((EU105),6) -> 0 | AF105: =ROUND((EV105),6) -> 0 | AG105: =ROUND((AP105),6) -> 0 | AH105: =(EW105) -> 0 | AI105: =(EX105) -> 0 | AJ105: =ROUND((AS105),6) -> 0 | AK105: 67 | AL105: 67 | AM105: 0 | AN105: 0 | AO105: 0 | AP105: 0 | AQ105: 0 | AR105: 0 | AS105: 0 | AT105: 100 | AU105: 64 | AV105: 1 | AW105: 1 | AZ105: 1 | BA105: 1 | BB105: 1 | BC105: 1 | BH105: 3 | BI105: 1 | BM105: 119 | BN105: 0 | BP105: 0 | BQ105: 30 | BS105: 1 | BT105: 1 | BU105: 1 | BV105: 1 | BW105: 1 | BX105: 1 | BZ105: 100 | CA105: 64 | CF105: 0 | CG105: 0 | CM105: 0 | CO105: 0 | CP105: =(P105+Q105+S105) -> 3618 | CQ105: =((AC105*AW105))*BC105 -> 67 | CR105: =((AD105*AV105))*BB105 -> 0 | CS105: =((AE105*AV105))*BS105 -> 0 | CT105: =((AF105*AV105))*BA105 -> 0 | CU105: =AG105 -> 0 | CV105: =(AH105*AV105) -> 0 | CW105: =AI105 -> 0 | CX105: =AJ105 -> 0 | CY105: =((S105*BZ105)/100) -> 0 | CZ105: =((S105*CA105)/100) -> 0 | DN105: 0 | DO105: 0 | DP105: 1 | DQ105: 1 | DU105: 1009 | DV105: кг | DW105: кг | DX105: 1 | EE105: 21120809 | EF105: 30 | EG105: Строительные работы | EH105: 0 | EJ105: 1 | EK105: 119 | EL105: ТСН-2001.3-15. 15-127...15-136 | EM105: ТСН-2001.3-15-11 | EQ105: 0 | ER105: 0 | ES105: 67 | ET105: 0 | EU105: 0 | EV105: 0 | EW105: 0 | EX105: 0 | EZ105: 0 | FQ105: 0 | FR105: =ROUND(IF(AND(BH105=3,BI105=3),P105,0),2) -> 0 | FS105: 0 | FX105: 100 | FY105: 64 | GA105: занесена вручную | GG105: 2 | GH105: 0 | GI105: -2 | GJ105: 0 | GK105: =ROUND(R105*(R12)/100,2) -> 0 | GL105: =ROUND(IF(AND(BH105=3,BI105=3,FS105<>0),P105,0),2) -> 0 | GM105: =O105+X105+Y105+GK105 -> 3618 | GN105: =ROUND(IF(OR(BI105=0,BI105=1),O105+X105+Y105+GK105,0),2) -> 3618 | GO105: =ROUND(IF(BI105=2,O105+X105+Y105+GK105,0),2) -> 0 | GP105: =ROUND(IF(BI105=4,O105+X105+Y105+GK105,0),2) -> 0 | GR105: 0
A106: 18 | B106: 1 | C106: 101 | E106: 16,2 | F106: =F105 -> ПРАЙС-ЛИСТ | G106: =G105 -> ШПАКЛЕВКА SHEETROCK (ШИТРОК) УНИВЕРСАЛЬНАЯ | H106: =H105 -> кг | I106: =I102*J106 -> 54 | J106: =J105 -> 70.496084 | O106: =ROUND(CP106,2) -> 3618 | P106: =ROUND(CQ106*I106,2) -> 3618 | Q106: =ROUND(CR106*I106,2) -> 0 | R106: =ROUND(CS106*I106,2) -> 0 | S106: =ROUND(CT106*I106,2) -> 0 | T106: =ROUND(CU106*I106,2) -> 0 | U106: =CV106*I106 -> 0 | V106: =CW106*I106 -> 0 | W106: =ROUND(CX106*I106,2) -> 0 | X106: =ROUND(CY106,2) -> 0 | Y106: =ROUND(CZ106,2) -> 0 | AA106: 22529510 | AB106: =ROUND((AC106+AD106+AF106),6) -> 67 | AC106: =ROUND((ES106),6) -> 67 | AD106: =ROUND((((ET106)-(EU106))+AE106),6) -> 0 | AE106: =ROUND((EU106),6) -> 0 | AF106: =ROUND((EV106),6) -> 0 | AG106: =ROUND((AP106),6) -> 0 | AH106: =(EW106) -> 0 | AI106: =(EX106) -> 0 | AJ106: =ROUND((AS106),6) -> 0 | AK106: 67 | AL106: 67 | AM106: 0 | AN106: 0 | AO106: 0 | AP106: 0 | AQ106: 0 | AR106: 0 | AS106: 0 | AT106: 0 | AU106: 0 | AV106: 1 | AW106: 1 | AZ106: 1 | BA106: 1 | BB106: 1 | BC106: 1 | BH106: 3 | BI106: 1 | BJ106: =BJ105 | BM106: 119 | BN106: 0 | BP106: 0 | BQ106: 30 | BS106: 1 | BT106: 1 | BU106: 1 | BV106: 1 | BW106: 1 | BX106: 1 | BZ106: 0 | CA106: 0 | CF106: 0 | CG106: 0 | CM106: 0 | CO106: 0 | CP106: =(P106+Q106+S106) -> 3618 | CQ106: =((AC106*AW106))*BC106 -> 67 | CR106: =((AD106*AV106))*BB106 -> 0 | CS106: =((AE106*AV106))*BS106 -> 0 | CT106: =((AF106*AV106))*BA106 -> 0 | CU106: =AG106 -> 0 | CV106: =(AH106*AV106) -> 0 | CW106: =AI106 -> 0 | CX106: =AJ106 -> 0 | CY106: =S106*(BZ106/100) -> 0 | CZ106: =S106*(CA106/100) -> 0 | DN106: 100 | DO106: 64 | DP106: 1.025 | DQ106: 1 | DU106: =DU105 -> 1009 | DV106: =DV105 -> кг | DW106: =DW105 -> кг | DX106: =DX105 -> 1 | DY106: =DY105 -> 0 | DZ106: =DZ105 -> 0 | EA106: =EA105 -> 0 | EB106: =EB105 -> 0 | ... EM106: =EM105 -> ТСН-2001.3-15-11 | EQ106: 0 | ER106: 0 | ES106: 67 | ET106: 0 | EU106: 0 | EV106: 0 | EW106: 0 | EX106: 0 | FQ106: 0 | FR106: =ROUND(IF(AND(BH106=3,BI106=3),P106,0),2) -> 0 | FS106: 0 | FX106: 0 | FY106: 0 | GA106: 67 / 1 | GG106: 2 | GH106: 0 | GI106: -2 | GJ106: 0 | GK106: =ROUND(R106*(S12)/100,2) -> 0 | GL106: =ROUND(IF(AND(BH106=3,BI106=3,FS106<>0),P106,0),2) -> 0 | GM106: =O106+X106+Y106+GK106 -> 3618 | GN106: =ROUND(IF(OR(BI106=0,BI106=1),O106+X106+Y106+GK106,0),2) -> 3618 | GO106: =ROUND(IF(BI106=2,O106+X106+Y106+GK106,0),2) -> 0 | GP106: =ROUND(IF(BI106=4,O106+X106+Y106+GK106,0),2) -> 0 | GR106: 0
A107: 18 | B107: 1 | C107: 95 | E107: 16,3 | F107: ПРАЙС-ЛИСТ | G107: ОБОИ | H107: м2 | I107: =I102*J107 -> 89.622 | J107: 117 | O107: =ROUND(CP107,2) -> 10396.15 | P107: =ROUND(CQ107*I107,2) -> 10396.15 | Q107: =ROUND(CR107*I107,2) -> 0 | R107: =ROUND(CS107*I107,2) -> 0 | S107: =ROUND(CT107*I107,2) -> 0 | T107: =ROUND(CU107*I107,2) -> 0 | U107: =CV107*I107 -> 0 | V107: =CW107*I107 -> 0 | W107: =ROUND(CX107*I107,2) -> 0 | X107: =ROUND(CY107,2) -> 0 | Y107: =ROUND(CZ107,2) -> 0 | AA107: 22529512 | AB107: =ROUND((AC107+AD107+AF107),6) -> 116 | AC107: =ROUND((ES107),6) -> 116 | AD107: =ROUND((((ET107)-(EU107))+AE107),6) -> 0 | AE107: =ROUND((EU107),6) -> 0 | AF107: =ROUND((EV107),6) -> 0 | AG107: =ROUND((AP107),6) -> 0 | AH107: =(EW107) -> 0 | AI107: =(EX107) -> 0 | AJ107: =ROUND((AS107),6) -> 0 | AK107: 116 | AL107: 116 | AM107: 0 | AN107: 0 | AO107: 0 | AP107: 0 | AQ107: 0 | AR107: 0 | AS107: 0 | AT107: 100 | AU107: 64 | AV107: 1 | AW107: 1 | AZ107: 1 | BA107: 1 | BB107: 1 | BC107: 1 | BH107: 3 | BI107: 1 | BM107: 119 | BN107: 0 | BP107: 0 | BQ107: 30 | BS107: 1 | BT107: 1 | BU107: 1 | BV107: 1 | BW107: 1 | BX107: 1 | BZ107: 100 | CA107: 64 | CF107: 0 | CG107: 0 | CM107: 0 | CO107: 0 | CP107: =(P107+Q107+S107) -> 10396.15 | CQ107: =((AC107*AW107))*BC107 -> 116 | CR107: =((AD107*AV107))*BB107 -> 0 | CS107: =((AE107*AV107))*BS107 -> 0 | CT107: =((AF107*AV107))*BA107 -> 0 | CU107: =AG107 -> 0 | CV107: =(AH107*AV107) -> 0 | CW107: =AI107 -> 0 | CX107: =AJ107 -> 0 | CY107: =((S107*BZ107)/100) -> 0 | CZ107: =((S107*CA107)/100) -> 0 | DN107: 0 | DO107: 0 | DP107: 1 | DQ107: 1 | DU107: 1005 | DV107: м2 | DW107: м2 | DX107: 1 | EE107: 21120809 | EF107: 30 | EG107: Строительные работы | EH107: 0 | EJ107: 1 | EK107: 119 | EL107: ТСН-2001.3-15. 15-127...15-136 | EM107: ТСН-2001.3-15-11 | EQ107: 0 | ER107: 0 | ES107: 116 | ET107: 0 | EU107: 0 | EV107: 0 | EW107: 0 | EX107: 0 | EZ107: 0 | FQ107: 0 | FR107: =ROUND(IF(AND(BH107=3,BI107=3),P107,0),2) -> 0 | FS107: 0 | FX107: 100 | FY107: 64 | GA107: занесена вручную | GG107: 2 | GH107: 0 | GI107: -2 | GJ107: 0 | GK107: =ROUND(R107*(R12)/100,2) -> 0 | GL107: =ROUND(IF(AND(BH107=3,BI107=3,FS107<>0),P107,0),2) -> 0 | GM107: =O107+X107+Y107+GK107 -> 10396.15 | GN107: =ROUND(IF(OR(BI107=0,BI107=1),O107+X107+Y107+GK107,0),2) -> 10396.15 | GO107: =ROUND(IF(BI107=2,O107+X107+Y107+GK107,0),2) -> 0 | GP107: =ROUND(IF(BI107=4,O107+X107+Y107+GK107,0),2) -> 0 | GR107: 0
A108: 18 | B108: 1 | C108: 102 | E108: 16,3 | F108: =F107 -> ПРАЙС-ЛИСТ | G108: =G107 -> ОБОИ | H108: =H107 -> м2 | I108: =I102*J108 -> 89.622 | J108: =J107 -> 117 | O108: =ROUND(CP108,2) -> 10396.15 | P108: =ROUND(CQ108*I108,2) -> 10396.15 | Q108: =ROUND(CR108*I108,2) -> 0 | R108: =ROUND(CS108*I108,2) -> 0 | S108: =ROUND(CT108*I108,2) -> 0 | T108: =ROUND(CU108*I108,2) -> 0 | U108: =CV108*I108 -> 0 | V108: =CW108*I108 -> 0 | W108: =ROUND(CX108*I108,2) -> 0 | X108: =ROUND(CY108,2) -> 0 | Y108: =ROUND(CZ108,2) -> 0 | AA108: 22529510 | AB108: =ROUND((AC108+AD108+AF108),6) -> 116 | AC108: =ROUND((ES108),6) -> 116 | AD108: =ROUND((((ET108)-(EU108))+AE108),6) -> 0 | AE108: =ROUND((EU108),6) -> 0 | AF108: =ROUND((EV108),6) -> 0 | AG108: =ROUND((AP108),6) -> 0 | AH108: =(EW108) -> 0 | AI108: =(EX108) -> 0 | AJ108: =ROUND((AS108),6) -> 0 | AK108: 116 | AL108: 116 | AM108: 0 | AN108: 0 | AO108: 0 | AP108: 0 | AQ108: 0 | AR108: 0 | AS108: 0 | AT108: 0 | AU108: 0 | AV108: 1 | AW108: 1 | AZ108: 1 | BA108: 1 | BB108: 1 | BC108: 1 | BH108: 3 | BI108: 1 | BJ108: =BJ107 | BM108: 119 | BN108: 0 | BP108: 0 | BQ108: 30 | BS108: 1 | BT108: 1 | BU108: 1 | BV108: 1 | BW108: 1 | BX108: 1 | BZ108: 0 | CA108: 0 | CF108: 0 | CG108: 0 | CM108: 0 | CO108: 0 | CP108: =(P108+Q108+S108) -> 10396.15 | CQ108: =((AC108*AW108))*BC108 -> 116 | CR108: =((AD108*AV108))*BB108 -> 0 | CS108: =((AE108*AV108))*BS108 -> 0 | CT108: =((AF108*AV108))*BA108 -> 0 | CU108: =AG108 -> 0 | CV108: =(AH108*AV108) -> 0 | CW108: =AI108 -> 0 | CX108: =AJ108 -> 0 | CY108: =S108*(BZ108/100) -> 0 | CZ108: =S108*(CA108/100) -> 0 | DN108: 100 | DO108: 64 | DP108: 1.025 | DQ108: 1 | DU108: =DU107 -> 1005 | DV108: =DV107 -> м2 | DW108: =DW107 -> м2 | DX108: =DX107 -> 1 | DY108: =DY107 -> 0 | DZ108: =DZ107 -> 0 | EA108: =EA107 -> 0 | EB108: =EB107 -> 0 | ... EM108: =EM107 -> ТСН-2001.3-15-11 | EQ108: 0 | ER108: 0 | ES108: 116 | ET108: 0 | EU108: 0 | EV108: 0 | EW108: 0 | EX108: 0 | FQ108: 0 | FR108: =ROUND(IF(AND(BH108=3,BI108=3),P108,0),2) -> 0 | FS108: 0 | FX108: 0 | FY108: 0 | GA108: 116 / 1 | GG108: 2 | GH108: 0 | GI108: -2 | GJ108: 0 | GK108: =ROUND(R108*(S12)/100,2) -> 0 | GL108: =ROUND(IF(AND(BH108=3,BI108=3,FS108<>0),P108,0),2) -> 0 | GM108: =O108+X108+Y108+GK108 -> 10396.15 | GN108: =ROUND(IF(OR(BI108=0,BI108=1),O108+X108+Y108+GK108,0),2) -> 10396.15 | GO108: =ROUND(IF(BI108=2,O108+X108+Y108+GK108,0),2) -> 0 | GP108: =ROUND(IF(BI108=4,O108+X108+Y108+GK108,0),2) -> 0 | GR108: 0
A109: 17 | B109: 1 | C109: =ROW(SmtRes!A106) -> 106 | D109: =ROW(EtalonRes!A106) -> 106 | E109: 17 | F109: 3.15-96-1 | G109: ПРОСТАЯ ОКРАСКА ПОЛИВИНИЛАЦЕТАТНЫМИ ВОДОЭМУЛЬСИОННЫМИ СОСТАВАМИ СТЕН ПО ШТУКАТУРКЕ И СБОРНЫМ КОНСТРУКЦИЯМ, ПОДГОТОВЛЕННЫМ ПОД ОКРАСКУ | H109: 100 м2 | I109: 0.766 | J109: 0 | O109: =ROUND(CP109,2) -> 154.2 | P109: =ROUND(CQ109*I109,2) -> 0.91 | Q109: =ROUND(CR109*I109,2) -> 15.68 | R109: =ROUND(CS109*I109,2) -> 3.71 | S109: =ROUND(CT109*I109,2) -> 137.61 | T109: =ROUND(CU109*I109,2) -> 0 | U109: =CV109*I109 -> 12.15642 | V109: =CW109*I109 -> 0 | W109: =ROUND(CX109*I109,2) -> 0 | X109: =ROUND(CY109,2) -> 137.61 | Y109: =ROUND(CZ109,2) -> 88.07 | AA109: 22529512 | AB109: =ROUND((AC109+AD109+AF109),6) -> 201.318 | AC109: =ROUND((ES109),6) -> 1.19 | AD109: =ROUND(((((ET109*1.25))-((EU109*1.25)))+AE109),6) -> 20.475 | AE109: =ROUND(((EU109*1.25)),6) -> 4.8375 | AF109: =ROUND(((EV109*1.15)),6) -> 179.653 | AG109: =ROUND((AP109),6) -> 0 | AH109: =((EW109*1.15)) -> 15.87 | AI109: =((EX109*1.25)) -> 0 | AJ109: =ROUND((AS109),6) -> 0 | AK109: 173.79 | AL109: 1.19 | AM109: 16.38 | AN109: 3.87 | AO109: 156.22 | AP109: 0 | AQ109: 13.8 | AR109: 0 | AS109: 0 | AT109: 100 | AU109: 64 | AV109: 1 | AW109: 1 | AZ109: 1 | BA109: 1 | BB109: 1 | BC109: 1 | BH109: 0 | BI109: 1 | BJ109: ТСН-2001.3. База. Сб.15, т.96, поз.1 | BM109: 117 | BN109: 0 | BP109: 0 | BQ109: 30 | BS109: 1 | BT109: 1 | BU109: 1 | BV109: 1 | BW109: 1 | BX109: 1 | BZ109: 100 | CA109: 64 | CF109: 0 | CG109: 0 | CM109: 0 | CO109: 0 | CP109: =(P109+Q109+S109) -> 154.2 | CQ109: =((AC109*AW109))*BC109 -> 1.19 | CR109: =((AD109*AV109))*BB109 -> 20.475 | CS109: =((AE109*AV109))*BS109 -> 4.8375 | CT109: =((AF109*AV109))*BA109 -> 179.653 | CU109: =AG109 -> 0 | CV109: =(AH109*AV109) -> 15.87 | CW109: =AI109 -> 0 | CX109: =AJ109 -> 0 | CY109: =((S109*BZ109)/100) -> 137.61 | CZ109: =((S109*CA109)/100) -> 88.0704 | DE109: )*1,25 | DF109: )*1,25 | DG109: )*1,15 | DI109: )*1,15 | DJ109: )*1,25 | DN109: 0 | DO109: 0 | DP109: 1 | DQ109: 1 | DU109: 1005 | DV109: 100 м2 | DW109: 100 м2 | DX109: 100 | EE109: 21120807 | EF109: 30 | EG109: Строительные работы | EH109: 0 | EJ109: 1 | EK109: 117 | EL109: ТСН-2001.3-15. 15-91-3, 15-91-4, 15-92...15-115 | EM109: ТСН-2001.3-15-9 | EQ109: 0 | ER109: 173.79 | ES109: 1.19 | ET109: 16.38 | EU109: 3.87 | EV109: 156.22 | EW109: 13.8 | EX109: 0 | EY109: 0 | EZ109: 0 | FQ109: 0 | FR109: =ROUND(IF(AND(BH109=3,BI109=3),P109,0),2) -> 0 | FS109: 0 | FX109: 100 | FY109: 64 | GG109: 2 | GH109: 1 | GI109: -2 | GJ109: 0 | GK109: =ROUND(R109*(R12)/100,2) -> 6.49 | GL109: =ROUND(IF(AND(BH109=3,BI109=3,FS109<>0),P109,0),2) -> 0 | GM109: =O109+X109+Y109+GK109 -> 386.37 | GN109: =ROUND(IF(OR(BI109=0,BI109=1),O109+X109+Y109+GK109,0),2) -> 386.37 | GO109: =ROUND(IF(BI109=2,O109+X109+Y109+GK109,0),2) -> 0 | GP109: =ROUND(IF(BI109=4,O109+X109+Y109+GK109,0),2) -> 0 | GR109: 0
A110: 17 | B110: 1 | C110: =ROW(SmtRes!A110) -> 110 | D110: =ROW(EtalonRes!A112) -> 112 | E110: 17 | F110: =F109 -> 3.15-96-1 | G110: =G109 -> ПРОСТАЯ ОКРАСКА ПОЛИВИНИЛАЦЕТАТНЫМИ ВОДОЭМУЛЬСИОННЫМИ СОСТАВАМИ СТЕН ПО ШТУКАТУРКЕ И СБОРНЫМ КОНСТРУКЦИЯМ, ПОДГОТОВЛЕННЫМ ПОД ОКРАСКУ | H110: =H109 -> 100 м2 | I110: =I109 -> 0.766 | J110: =J109 -> 0 | O110: =ROUND(CP110,2) -> 2081.47 | P110: =ROUND(CQ110*I110,2) -> 4.16 | Q110: =ROUND(CR110*I110,2) -> 125.94 | R110: =ROUND(CS110*I110,2) -> 52.54 | S110: =ROUND(CT110*I110,2) -> 1951.37 | T110: =ROUND(CU110*I110,2) -> 0 | U110: =CV110*I110 -> 12.15642 | V110: =CW110*I110 -> 0 | W110: =ROUND(CX110*I110,2) -> 0 | X110: =ROUND(CY110,2) -> 1658.66 | Y110: =ROUND(CZ110,2) -> 858.6 | AA110: 22529510 | AB110: =ROUND((AC110+AD110+AF110),6) -> 201.318 | AC110: =ROUND((ES110),6) -> 1.19 | AD110: =ROUND(((((ET110*1.25))-((EU110*1.25)))+AE110),6) -> 20.475 | AE110: =ROUND(((EU110*1.25)),6) -> 4.8375 | AF110: =ROUND(((EV110*1.15)),6) -> 179.653 | AG110: =ROUND((AP110),6) -> 0 | AH110: =((EW110*1.15)) -> 15.87 | AI110: =((EX110*1.25)) -> 0 | AJ110: =ROUND((AS110),6) -> 0 | AK110: 173.79 | AL110: 1.19 | AM110: 16.38 | AN110: 3.87 | AO110: 156.22 | AP110: 0 | AQ110: 13.8 | AR110: 0 | AS110: 0 | AT110: 85 | AU110: 44 | AV110: 1 | AW110: 1 | AZ110: 1 | BA110: 14.18 | BB110: 8.03 | BC110: 4.56 | BH110: 0 | BI110: 1 | BJ110: =BJ109 -> ТСН-2001.3. База. Сб.15, т.96, поз.1 | BM110: 117 | BN110: 0 | BO110: 3.15-96-1 | BP110: 1 | BQ110: 30 | BS110: 14.18 | BT110: 1 | BU110: 1 | BV110: 1 | BW110: 1 | BX110: 1 | BZ110: 85 | CA110: 44 | CF110: 0 | CG110: 0 | CM110: 0 | CO110: 0 | CP110: =(P110+Q110+S110) -> 2081.47 | CQ110: =((AC110*AW110))*BC110 -> 5.4264 | CR110: =((AD110*AV110))*BB110 -> 164.41425 | CS110: =((AE110*AV110))*BS110 -> 68.59575 | CT110: =((AF110*AV110))*BA110 -> 2547.4795 | CU110: =AG110 -> 0 | CV110: =(AH110*AV110) -> 15.87 | CW110: =AI110 -> 0 | CX110: =AJ110 -> 0 | CY110: =S110*(BZ110/100) -> 1658.6645 | CZ110: =S110*(CA110/100) -> 858.6028 | DE110: )*1,25 | DF110: )*1,25 | DG110: )*1,15 | DI110: )*1,15 | DJ110: )*1,25 | DN110: 100 | DO110: 64 | DP110: 1.025 | DQ110: 1 | DU110: =DU109 -> 1005 | DV110: =DV109 -> 100 м2 | DW110: =DW109 -> 100 м2 | DX110: =DX109 -> 100 | DY110: =DY109 -> 0 | DZ110: =DZ109 -> 0 | EA110: =EA109 -> 0 | EB110: =EB109 -> 0 | ... EM110: =EM109 -> ТСН-2001.3-15-9 | EQ110: 0 | ER110: 173.79 | ES110: 1.19 | ET110: 16.38 | EU110: 3.87 | EV110: 156.22 | EW110: 13.8 | EX110: 0 | EY110: 0 | FQ110: 0 | FR110: =ROUND(IF(AND(BH110=3,BI110=3),P110,0),2) -> 0 | FS110: 0 | FX110: 85 | FY110: 44 | GG110: 2 | GH110: 1 | GI110: 2 | GJ110: 0 | GK110: =ROUND(R110*(S12)/100,2) -> 88.79 | GL110: =ROUND(IF(AND(BH110=3,BI110=3,FS110<>0),P110,0),2) -> 0 | GM110: =O110+X110+Y110+GK110 -> 4687.52 | GN110: =ROUND(IF(OR(BI110=0,BI110=1),O110+X110+Y110+GK110,0),2) -> 4687.52 | GO110: =ROUND(IF(BI110=2,O110+X110+Y110+GK110,0),2) -> 0 | GP110: =ROUND(IF(BI110=4,O110+X110+Y110+GK110,0),2) -> 0 | GR110: 0
A111: 18 | B111: 1 | C111: 106 | E111: 17,1 | F111: ПРАЙС-ЛИСТ | G111: КРАСКА | H111: л | I111: =I110*J111 -> 30.64 | J111: 40 | O111: =ROUND(CP111,2) -> 10724 | P111: =ROUND(CQ111*I111,2) -> 10724 | Q111: =ROUND(CR111*I111,2) -> 0 | R111: =ROUND(CS111*I111,2) -> 0 | S111: =ROUND(CT111*I111,2) -> 0 | T111: =ROUND(CU111*I111,2) -> 0 | U111: =CV111*I111 -> 0 | V111: =CW111*I111 -> 0 | W111: =ROUND(CX111*I111,2) -> 0 | X111: =ROUND(CY111,2) -> 0 | Y111: =ROUND(CZ111,2) -> 0 | AA111: 22529512 | AB111: =ROUND((AC111+AD111+AF111),6) -> 350 | AC111: =ROUND((ES111),6) -> 350 | AD111: =ROUND((((ET111)-(EU111))+AE111),6) -> 0 | AE111: =ROUND((EU111),6) -> 0 | AF111: =ROUND((EV111),6) -> 0 | AG111: =ROUND((AP111),6) -> 0 | AH111: =(EW111) -> 0 | AI111: =(EX111) -> 0 | AJ111: =ROUND((AS111),6) -> 0 | AK111: 350 | AL111: 350 | AM111: 0 | AN111: 0 | AO111: 0 | AP111: 0 | AQ111: 0 | AR111: 0 | AS111: 0 | AT111: 100 | AU111: 64 | AV111: 1 | AW111: 1 | AZ111: 1 | BA111: 1 | BB111: 1 | BC111: 1 | BH111: 3 | BI111: 1 | BM111: 117 | BN111: 0 | BP111: 0 | BQ111: 30 | BS111: 1 | BT111: 1 | BU111: 1 | BV111: 1 | BW111: 1 | BX111: 1 | BZ111: 100 | CA111: 64 | CF111: 0 | CG111: 0 | CM111: 0 | CO111: 0 | CP111: =(P111+Q111+S111) -> 10724 | CQ111: =((AC111*AW111))*BC111 -> 350 | CR111: =((AD111*AV111))*BB111 -> 0 | CS111: =((AE111*AV111))*BS111 -> 0 | CT111: =((AF111*AV111))*BA111 -> 0 | CU111: =AG111 -> 0 | CV111: =(AH111*AV111) -> 0 | CW111: =AI111 -> 0 | CX111: =AJ111 -> 0 | CY111: =((S111*BZ111)/100) -> 0 | CZ111: =((S111*CA111)/100) -> 0 | DN111: 0 | DO111: 0 | DP111: 1 | DQ111: 1 | DU111: 1002 | DV111: л | DW111: л | DX111: 1 | EE111: 21120807 | EF111: 30 | EG111: Строительные работы | EH111: 0 | EJ111: 1 | EK111: 117 | EL111: ТСН-2001.3-15. 15-91-3, 15-91-4, 15-92...15-115 | EM111: ТСН-2001.3-15-9 | EQ111: 0 | ER111: 0 | ES111: 350 | ET111: 0 | EU111: 0 | EV111: 0 | EW111: 0 | EX111: 0 | EZ111: 0 | FQ111: 0 | FR111: =ROUND(IF(AND(BH111=3,BI111=3),P111,0),2) -> 0 | FS111: 0 | FX111: 100 | FY111: 64 | GA111: занесена вручную | GG111: 2 | GH111: 0 | GI111: -2 | GJ111: 0 | GK111: =ROUND(R111*(R12)/100,2) -> 0 | GL111: =ROUND(IF(AND(BH111=3,BI111=3,FS111<>0),P111,0),2) -> 0 | GM111: =O111+X111+Y111+GK111 -> 10724 | GN111: =ROUND(IF(OR(BI111=0,BI111=1),O111+X111+Y111+GK111,0),2) -> 10724 | GO111: =ROUND(IF(BI111=2,O111+X111+Y111+GK111,0),2) -> 0 | GP111: =ROUND(IF(BI111=4,O111+X111+Y111+GK111,0),2) -> 0 | GR111: 0
A112: 18 | B112: 1 | C112: 110 | E112: 17,1 | F112: =F111 -> ПРАЙС-ЛИСТ | G112: =G111 -> КРАСКА | H112: =H111 -> л | I112: =I110*J112 -> 30.64 | J112: =J111 -> 40 | O112: =ROUND(CP112,2) -> 10724 | P112: =ROUND(CQ112*I112,2) -> 10724 | Q112: =ROUND(CR112*I112,2) -> 0 | R112: =ROUND(CS112*I112,2) -> 0 | S112: =ROUND(CT112*I112,2) -> 0 | T112: =ROUND(CU112*I112,2) -> 0 | U112: =CV112*I112 -> 0 | V112: =CW112*I112 -> 0 | W112: =ROUND(CX112*I112,2) -> 0 | X112: =ROUND(CY112,2) -> 0 | Y112: =ROUND(CZ112,2) -> 0 | AA112: 22529510 | AB112: =ROUND((AC112+AD112+AF112),6) -> 350 | AC112: =ROUND((ES112),6) -> 350 | AD112: =ROUND((((ET112)-(EU112))+AE112),6) -> 0 | AE112: =ROUND((EU112),6) -> 0 | AF112: =ROUND((EV112),6) -> 0 | AG112: =ROUND((AP112),6) -> 0 | AH112: =(EW112) -> 0 | AI112: =(EX112) -> 0 | AJ112: =ROUND((AS112),6) -> 0 | AK112: 350 | AL112: 350 | AM112: 0 | AN112: 0 | AO112: 0 | AP112: 0 | AQ112: 0 | AR112: 0 | AS112: 0 | AT112: 0 | AU112: 0 | AV112: 1 | AW112: 1 | AZ112: 1 | BA112: 1 | BB112: 1 | BC112: 1 | BH112: 3 | BI112: 1 | BJ112: =BJ111 | BM112: 117 | BN112: 0 | BP112: 0 | BQ112: 30 | BS112: 1 | BT112: 1 | BU112: 1 | BV112: 1 | BW112: 1 | BX112: 1 | BZ112: 0 | CA112: 0 | CF112: 0 | CG112: 0 | CM112: 0 | CO112: 0 | CP112: =(P112+Q112+S112) -> 10724 | CQ112: =((AC112*AW112))*BC112 -> 350 | CR112: =((AD112*AV112))*BB112 -> 0 | CS112: =((AE112*AV112))*BS112 -> 0 | CT112: =((AF112*AV112))*BA112 -> 0 | CU112: =AG112 -> 0 | CV112: =(AH112*AV112) -> 0 | CW112: =AI112 -> 0 | CX112: =AJ112 -> 0 | CY112: =S112*(BZ112/100) -> 0 | CZ112: =S112*(CA112/100) -> 0 | DN112: 100 | DO112: 64 | DP112: 1.025 | DQ112: 1 | DU112: =DU111 -> 1002 | DV112: =DV111 -> л | DW112: =DW111 -> л | DX112: =DX111 -> 1 | DY112: =DY111 -> 0 | DZ112: =DZ111 -> 0 | EA112: =EA111 -> 0 | EB112: =EB111 -> 0 | ... EM112: =EM111 -> ТСН-2001.3-15-9 | EQ112: 0 | ER112: 0 | ES112: 350 | ET112: 0 | EU112: 0 | EV112: 0 | EW112: 0 | EX112: 0 | FQ112: 0 | FR112: =ROUND(IF(AND(BH112=3,BI112=3),P112,0),2) -> 0 | FS112: 0 | FX112: 0 | FY112: 0 | GA112: 350 / 1 | GG112: 2 | GH112: 0 | GI112: -2 | GJ112: 0 | GK112: =ROUND(R112*(S12)/100,2) -> 0 | GL112: =ROUND(IF(AND(BH112=3,BI112=3,FS112<>0),P112,0),2) -> 0 | GM112: =O112+X112+Y112+GK112 -> 10724 | GN112: =ROUND(IF(OR(BI112=0,BI112=1),O112+X112+Y112+GK112,0),2) -> 10724 | GO112: =ROUND(IF(BI112=2,O112+X112+Y112+GK112,0),2) -> 0 | GP112: =ROUND(IF(BI112=4,O112+X112+Y112+GK112,0),2) -> 0 | GR112: 0
A114: 51 | B114: =B71 -> 1 | C114: =A71 -> 4 | D114: =ROW(A71) -> 71 | F114: =IF(F71<>"",F71,"") -> РАЗДЕЛ 2. | G114: =IF(G71<>"",G71,"") -> Стены и перегородки | O114: =ROUND(AB114,2) -> 54496.66 | P114: =ROUND(AC114,2) -> 51769.79 | Q114: =ROUND(AD114,2) -> 91.62 | R114: =ROUND(AE114,2) -> 11.86 | S114: =ROUND(AF114,2) -> 2635.25 | T114: =ROUND(AG114,2) -> 0 | U114: =AH114 -> 223.79862 | V114: =AI114 -> 0 | W114: =ROUND(AJ114,2) -> 0 | X114: =ROUND(AK114,2) -> 2481.71 | Y114: =ROUND(AL114,2) -> 1792.7 | AB114: =ROUND(SUMIF(AA75:AA112,"=22529512",O75:O112),2) -> 54496.66 | AC114: =ROUND(SUMIF(AA75:AA112,"=22529512",P75:P112),2) -> 51769.79 | AD114: =ROUND(SUMIF(AA75:AA112,"=22529512",Q75:Q112),2) -> 91.62 | AE114: =ROUND(SUMIF(AA75:AA112,"=22529512",R75:R112),2) -> 11.86 | AF114: =ROUND(SUMIF(AA75:AA112,"=22529512",S75:S112),2) -> 2635.25 | AG114: =ROUND(SUMIF(AA75:AA112,"=22529512",T75:T112),2) -> 0 | AH114: =SUMIF(AA75:AA112,"=22529512",U75:U112) -> 223.79862 | AI114: =SUMIF(AA75:AA112,"=22529512",V75:V112) -> 0 | AJ114: =ROUND(SUMIF(AA75:AA112,"=22529512",W75:W112),2) -> 0 | AK114: =ROUND(SUMIF(AA75:AA112,"=22529512",X75:X112),2) -> 2481.71 | AL114: =ROUND(SUMIF(AA75:AA112,"=22529512",Y75:Y112),2) -> 1792.7 | AO114: =ROUND(BB114,2) -> 0 | AP114: =ROUND(BC114,2) -> 0 | AQ114: =ROUND(BD114,2) -> 0 | AR114: =ROUND(BE114,2) -> 58791.82 | AS114: =ROUND(BF114,2) -> 58791.82 | AT114: =ROUND(BG114,2) -> 0 | AU114: =ROUND(BH114,2) -> 0 | BB114: =ROUND(SUMIF(AA75:AA112,"=22529512",FQ75:FQ112),2) -> 0 | BC114: =ROUND(SUMIF(AA75:AA112,"=22529512",FR75:FR112),2) -> 0 | BD114: =ROUND(SUMIF(AA75:AA112,"=22529512",GL75:GL112),2) -> 0 | BE114: =ROUND(SUMIF(AA75:AA112,"=22529512",GM75:GM112),2) -> 58791.82 | BF114: =ROUND(SUMIF(AA75:AA112,"=22529512",GN75:GN112),2) -> 58791.82 | BG114: =ROUND(SUMIF(AA75:AA112,"=22529512",GO75:GO112),2) -> 0 | BH114: =ROUND(SUMIF(AA75:AA112,"=22529512",GP75:GP112),2) -> 0 | BO114: =ROUND(CB114,2) -> 98294.94 | BP114: =ROUND(CC114,2) -> 60191.33 | BQ114: =ROUND(CD114,2) -> 735.77 | BR114: =ROUND(CE114,2) -> 168.21 | BS114: =ROUND(CF114,2) -> 37367.84 | BT114: =ROUND(CG114,2) -> 0 | BU114: =CH114 -> 223.79862 | BV114: =CI114 -> 0 | BW114: =ROUND(CJ114,2) -> 0 | BX114: =ROUND(CK114,2) -> 29830.1 | BY114: =ROUND(CL114,2) -> 16441.84 | CB114: =ROUND(SUMIF(AA75:AA112,"=22529510",O75:O112),2) -> 98294.94 | CC114: =ROUND(SUMIF(AA75:AA112,"=22529510",P75:P112),2) -> 60191.33 | CD114: =ROUND(SUMIF(AA75:AA112,"=22529510",Q75:Q112),2) -> 735.77 | CE114: =ROUND(SUMIF(AA75:AA112,"=22529510",R75:R112),2) -> 168.21 | CF114: =ROUND(SUMIF(AA75:AA112,"=22529510",S75:S112),2) -> 37367.84 | CG114: =ROUND(SUMIF(AA75:AA112,"=22529510",T75:T112),2) -> 0 | CH114: =SUMIF(AA75:AA112,"=22529510",U75:U112) -> 223.79862 | CI114: =SUMIF(AA75:AA112,"=22529510",V75:V112) -> 0 | CJ114: =ROUND(SUMIF(AA75:AA112,"=22529510",W75:W112),2) -> 0 | CK114: =ROUND(SUMIF(AA75:AA112,"=22529510",X75:X112),2) -> 29830.1 | CL114: =ROUND(SUMIF(AA75:AA112,"=22529510",Y75:Y112),2) -> 16441.84 | CO114: =ROUND(DB114,2) -> 0 | CP114: =ROUND(DC114,2) -> 0 | CQ114: =ROUND(DD114,2) -> 0 | CR114: =ROUND(DE114,2) -> 144851.15 | CS114: =ROUND(DF114,2) -> 144851.15 | CT114: =ROUND(DG114,2) -> 0 | CU114: =ROUND(DH114,2) -> 0 | DB114: =ROUND(SUMIF(AA75:AA112,"=22529510",FQ75:FQ112),2) -> 0 | DC114: =ROUND(SUMIF(AA75:AA112,"=22529510",FR75:FR112),2) -> 0 | DD114: =ROUND(SUMIF(AA75:AA112,"=22529510",GL75:GL112),2) -> 0 | DE114: =ROUND(SUMIF(AA75:AA112,"=22529510",GM75:GM112),2) -> 144851.15 | DF114: =ROUND(SUMIF(AA75:AA112,"=22529510",GN75:GN112),2) -> 144851.15 | DG114: =ROUND(SUMIF(AA75:AA112,"=22529510",GO75:GO112),2) -> 0 | DH114: =ROUND(SUMIF(AA75:AA112,"=22529510",GP75:GP112),2) -> 0 | DN114: 0
A116: 50 | B116: 0 | C116: 0 | D116: 1 | E116: 201 | F116: =ROUND(Source!O114,O116) -> 54496.66 | G116: ПЗ | H116: Прямые затраты | K116: 201 | L116: 1 | M116: 3 | O116: 2 | P116: =ROUND(Source!BO114,O116) -> 98294.94
A117: 50 | B117: 0 | C117: 0 | D117: 1 | E117: 202 | F117: =ROUND(Source!P114,O117) -> 51769.79 | G117: СтМат | H117: Стоимость материальных ресурсов | K117: 202 | L117: 2 | M117: 3 | O117: 2 | P117: =ROUND(Source!BP114,O117) -> 60191.33
A118: 50 | B118: 0 | C118: 0 | D118: 1 | E118: 222 | F118: =ROUND(Source!AO114,O118) -> 0 | G118: СтМатЗак | H118: Стоимость материалов заказчика | K118: 222 | L118: 3 | M118: 3 | O118: 2 | P118: =ROUND(Source!CO114,O118) -> 0
A119: 50 | B119: 0 | C119: 0 | D119: 1 | E119: 216 | F119: =ROUND(Source!AP114,O119) -> 0 | G119: Оборуд | H119: Стоимость оборудования | K119: 216 | L119: 4 | M119: 3 | O119: 2 | P119: =ROUND(Source!CP114,O119) -> 0
A120: 50 | B120: 0 | C120: 0 | D120: 1 | E120: 223 | F120: =ROUND(Source!AQ114,O120) -> 0 | G120: ОборудЗак | H120: Стоимость оборудования заказчика | K120: 223 | L120: 5 | M120: 3 | O120: 2 | P120: =ROUND(Source!CQ114,O120) -> 0
A121: 50 | B121: 0 | C121: 0 | D121: 1 | E121: 203 | F121: =ROUND(Source!Q114,O121) -> 91.62 | G121: ЭММ | H121: Эксплуатация машин | K121: 203 | L121: 6 | M121: 3 | O121: 2 | P121: =ROUND(Source!BQ114,O121) -> 735.77
A122: 50 | B122: 0 | C122: 0 | D122: 1 | E122: 204 | F122: =ROUND(Source!R114,O122) -> 11.86 | G122: ЗПМ | H122: ЗП машинистов | K122: 204 | L122: 7 | M122: 3 | O122: 2 | P122: =ROUND(Source!BR114,O122) -> 168.21
A123: 50 | B123: 0 | C123: 0 | D123: 1 | E123: 205 | F123: =ROUND(Source!S114,O123) -> 2635.25 | G123: ОЗП | H123: Основная ЗП рабочих | K123: 205 | L123: 8 | M123: 3 | O123: 2 | P123: =ROUND(Source!BS114,O123) -> 37367.84
A124: 50 | B124: 0 | C124: 0 | D124: 1 | E124: 214 | F124: =ROUND(Source!AS114,O124) -> 58791.82 | G124: Строит | H124: Строительные работы с НР и СП | K124: 214 | L124: 9 | M124: 3 | O124: 2 | P124: =ROUND(Source!CS114,O124) -> 144851.15
A125: 50 | B125: 0 | C125: 0 | D125: 1 | E125: 215 | F125: =ROUND(Source!AT114,O125) -> 0 | G125: Монтаж | H125: Монтажные работы с НР и СП | K125: 215 | L125: 10 | M125: 3 | O125: 2 | P125: =ROUND(Source!CT114,O125) -> 0
A126: 50 | B126: 0 | C126: 0 | D126: 1 | E126: 217 | F126: =ROUND(Source!AU114,O126) -> 0 | G126: Прочие | H126: Прочие работы с НР и СП | K126: 217 | L126: 11 | M126: 3 | O126: 2 | P126: =ROUND(Source!CU114,O126) -> 0
...

Sheet SourceObSm
A1: 0 | B1: Smeta.RU (495) 974-1589 | D1: _OBSM_ | F1: 0 | G1: 0 | H1: 0 | I1: Smeta.RU | K1: 1 | L1: 44960
A12: 1 | B12: 45 | C12: 0 | E12: 0 | F12: Новый объект | G12: 555 | I12: 0 | O12: 0 | P12: 0 | Q12: 0 | R12: 175 | S12: 169 | V12: 0 | BH12: Сметные нормы списания | BI12: Коды ОКП для ТСН-2001 | BJ12: 1 | BK12: 1 | BL12: 0 | BM12: 0 | BN12: 1 | BO12: 0 | BP12: 6 | BQ12: 2 | BR12: 1 | BS12: 1 | BT12: 0 | BU12: 0 | BV12: 0 | BW12: 0 | BX12: 0 | BY12: ТСН 2001- Ремонт | BZ12: Типовой расчет для ТСН-2001 (Ремонт) | CA12: ТСН-2001 | CB12: ТСН-2001 | CC12: ТСН-2001 | CD12: ТСН-2001 | CE12: Поправки для ТСН-2001 | CF12: 0 | CG12: 0 | CH12: 8 | EC12: 0
A14: 22 | B14: 0 | C14: 0 | D14: 22529512 | E14: 22529510 | F14: 3
A16: 3 | B16: 1 | D16: ТЕКУЩИЙ РЕМОНТ В ПОМЕЩЕНИИ №555, КОРПУС 1 | E16: 158.6 | F16: 32.24 | G16: 0 | H16: 0 | I16: 190.84 | J16: 5.42 | T16: 330.27 | U16: 58.66 | V16: 0 | W16: 0 | X16: 388.93 | Y16: 76.82 | AI16: 0 | AJ16: -1 | AN16: 0 | AT16: 181776.26 | AU16: 175852.49 | AV16: 0 | AW16: 0 | AX16: 0 | AY16: 506.33 | AZ16: 77.63 | BA16: 5417.44 | BB16: 158603.4 | BC16: 32240.68 | BD16: 0 | BE16: 0 | BF16: 459.32293 | BG16: 0 | BH16: 0 | BI16: 5316.45 | BJ16: 3615.49 | BK16: 190844.08 | BR16: 290815.68 | BS16: 210439.73 | BT16: 0 | BU16: 0 | BV16: 0 | BW16: 3556.81 | BX16: 1100.72 | BY16: 76819.14 | BZ16: 330271.37 | CA16: 58662.76 | CB16: 0 | CC16: 0 | CD16: 459.32293 | CE16: 0 | CF16: 0 | CG16: 62457.81 | CH16: 33800.44 | CI16: 388934.13
A18: 51 | E18: 158.6 | F18: 32.24 | G18: 0 | H18: 0 | I18: 190.84 | J18: 5.42 | T18: 330.27 | U18: 58.66 | V18: 0 | W18: 0 | X18: 388.93 | Y18: 76.82
A20: 50 | B20: 0 | C20: 0 | D20: 1 | E20: 201 | F20: 181776.26 | G20: ПЗ | H20: Прямые затраты | K20: 201 | L20: 1 | M20: 3 | O20: 2 | P20: 290815.68
A21: 50 | B21: 0 | C21: 0 | D21: 1 | E21: 202 | F21: 175852.49 | G21: СтМат | H21: Стоимость материальных ресурсов | K21: 202 | L21: 2 | M21: 3 | O21: 2 | P21: 210439.73
A22: 50 | B22: 0 | C22: 0 | D22: 1 | E22: 222 | F22: 0 | G22: СтМатЗак | H22: Стоимость материалов заказчика | K22: 222 | L22: 3 | M22: 3 | O22: 2 | P22: 0
A23: 50 | B23: 0 | C23: 0 | D23: 1 | E23: 216 | F23: 0 | G23: Оборуд | H23: Стоимость оборудования | K23: 216 | L23: 4 | M23: 3 | O23: 2 | P23: 0
A24: 50 | B24: 0 | C24: 0 | D24: 1 | E24: 223 | F24: 0 | G24: ОборудЗак | H24: Стоимость оборудования заказчика | K24: 223 | L24: 5 | M24: 3 | O24: 2 | P24: 0
A25: 50 | B25: 0 | C25: 0 | D25: 1 | E25: 203 | F25: 506.33 | G25: ЭММ | H25: Эксплуатация машин | K25: 203 | L25: 6 | M25: 3 | O25: 2 | P25: 3556.81
A26: 50 | B26: 0 | C26: 0 | D26: 1 | E26: 204 | F26: 77.63 | G26: ЗПМ | H26: ЗП машинистов | K26: 204 | L26: 7 | M26: 3 | O26: 2 | P26: 1100.72
A27: 50 | B27: 0 | C27: 0 | D27: 1 | E27: 205 | F27: 5417.44 | G27: ОЗП | H27: Основная ЗП рабочих | K27: 205 | L27: 8 | M27: 3 | O27: 2 | P27: 76819.14
A28: 50 | B28: 0 | C28: 0 | D28: 1 | E28: 214 | F28: 158603.4 | G28: Строит | H28: Строительные работы с НР и СП | K28: 214 | L28: 9 | M28: 3 | O28: 2 | P28: 330271.37
A29: 50 | B29: 0 | C29: 0 | D29: 1 | E29: 215 | F29: 32240.68 | G29: Монтаж | H29: Монтажные работы с НР и СП | K29: 215 | L29: 10 | M29: 3 | O29: 2 | P29: 58662.76
A30: 50 | B30: 0 | C30: 0 | D30: 1 | E30: 217 | F30: 0 | G30: Прочие | H30: Прочие работы с НР и СП | K30: 217 | L30: 11 | M30: 3 | O30: 2 | P30: 0
A31: 50 | B31: 0 | C31: 0 | D31: 1 | E31: 206 | F31: 0 | G31: ВозврМат | H31: Возврат материалов | K31: 206 | L31: 12 | M31: 3 | O31: 2 | P31: 0
... A40: 50 | B40: 1 | C40: 0 | D40: 2 | E40: 213 | F40: 225188.65 | G40: итого | H40: Итого с НДС | K40: 212 | L40: 21 | M40: 0 | O40: 2 | P40: 458916.31
A42: -1
A45: 75 | B45: Базовый уровень цен | C45: 2000 | D45: 0 | E45: 1 | F45: 0 | G45: 0 | H45: 1 | I45: 0 | J45: 1 | K45: 98 | L45: 77 | M45: 0 | N45: 22529512 | O45: 1
A46: 75 | B46: Уровень цен | C46: 2013 | D46: 0 | E46: 6 | F46: 0 | G46: 0 | H46: 2 | I46: 1 | J46: 1 | K46: 99 | L46: 70 | M46: 1 | N46: 22529510 | O46: 2
A47: 1 | B47: Сборник индексов | C47: ТСН-2001 ремонт | D47: 2013 | E47: 6 | F47: 1 | G47: 1 | H47: 0 | I47: 2 | J47: 1 | K47: 1 | L47: 1 | M47: 1 | N47: 1 | O47: 1 | P47: 1 | Q47: 1

Sheet SmtRes
A1: =ROW(Source!A28) -> 28 | B1: 22529512 | C1: 22529873 | D1: 7157835 | E1: 7157832 | F1: 1 | G1: 7157832 | H1: 1 | I1: 9999990008 | K1: ТРУДОЗАТРАТЫ РАБОЧИХ (ЭСН) | L1: 1191 | N1: 1013 | O1: чел.-ч. | P1: чел.-ч. | Q1: 1 | Y1: 196.03 | AA1: 0 | AB1: 0 | AC1: 0 | AD1: 0 | AN1: 0 | AO1: 1 | AP1: 0 | AQ1: 0 | AR1: 0 | AT1: 196.03 | AV1: 1 | AW1: 2 | AX1: 22541960 | AY1: 1 | AZ1: 0 | BA1: 1 | BB1: 0 | BC1: 0 | BD1: 0 | BE1: 0 | BF1: 0 | BG1: 0 | BH1: 0 | BI1: 0 | BJ1: 0 | BK1: 0 | BL1: 0 | BM1: 0 | BN1: 0 | BO1: 0 | BP1: 0 | BQ1: 0 | BR1: 0 | BS1: 0 | BT1: 0 | BU1: 0 | BV1: 0 | BW1: 0 | CB1: 0
A2: =ROW(Source!A28) -> 28 | B2: 22529512 | C2: 22529873 | D2: 7182702 | E2: 7157832 | F2: 1 | G2: 7157832 | H2: 3 | I2: 0.0-0-0 | K2: МАССА МУСОРА | L2: 1348 | N2: 1009 | O2: т | P2: т | Q2: 1000 | Y2: 10.5 | AA2: 0 | AB2: 0 | AC2: 0 | AD2: 0 | AN2: 0 | AO2: 1 | AP2: 0 | AQ2: 0 | AR2: 0 | AT2: 10.5 | AV2: 0 | AW2: 2 | AX2: 22541961 | AY2: 1 | AZ2: 0 | BA2: 2 | BB2: 0 | BC2: 0 | BD2: 0 | BE2: 0 | BF2: 0 | BG2: 0 | BH2: 0 | BI2: 0 | BJ2: 0 | BK2: 0 | BL2: 0 | BM2: 0 | BN2: 0 | BO2: 0 | BP2: 0 | BQ2: 0 | BR2: 0 | BS2: 0 | BT2: 0 | BU2: 0 | BV2: 0 | BW2: 0 | CB2: 0
A3: =ROW(Source!A29) -> 29 | B3: 22529510 | C3: 22529873 | D3: 7157835 | E3: 7157832 | F3: 1 | G3: 7157832 | H3: 1 | I3: 9999990008 | K3: ТРУДОЗАТРАТЫ РАБОЧИХ (ЭСН) | L3: 1191 | N3: 1013 | O3: чел.-ч. | P3: чел.-ч. | Q3: 1 | Y3: 196.03 | AA3: 0 | AB3: 0 | AC3: 0 | AD3: 0 | AN3: 0 | AO3: 1 | AP3: 0 | AQ3: 0 | AR3: 0 | AT3: 196.03 | AV3: 1 | AW3: 2 | AX3: 22541960 | AY3: 1 | AZ3: 0 | BA3: 3 | BB3: 0 | BC3: 0 | BD3: 0 | BE3: 0 | BF3: 0 | BG3: 0 | BH3: 0 | BI3: 0 | BJ3: 0 | BK3: 0 | BL3: 0 | BM3: 0 | BN3: 0 | BO3: 0 | BP3: 0 | BQ3: 0 | BR3: 0 | BS3: 0 | BT3: 0 | BU3: 0 | BV3: 0 | BW3: 0
A4: =ROW(Source!A29) -> 29 | B4: 22529510 | C4: 22529873 | D4: 7182702 | E4: 7157832 | F4: 1 | G4: 7157832 | H4: 3 | I4: 0.0-0-0 | K4: МАССА МУСОРА | L4: 1348 | N4: 1009 | O4: т | P4: т | Q4: 1000 | Y4: 10.5 | AA4: 0 | AB4: 0 | AC4: 0 | AD4: 0 | AN4: 0 | AO4: 1 | AP4: 0 | AQ4: 0 | AR4: 0 | AT4: 10.5 | AV4: 0 | AW4: 2 | AX4: 22541961 | AY4: 1 | AZ4: 0 | BA4: 4 | BB4: 0 | BC4: 0 | BD4: 0 | BE4: 0 | BF4: 0 | BG4: 0 | BH4: 0 | BI4: 0 | BJ4: 0 | BK4: 0 | BL4: 0 | BM4: 0 | BN4: 0 | BO4: 0 | BP4: 0 | BQ4: 0 | BR4: 0 | BS4: 0 | BT4: 0 | BU4: 0 | BV4: 0 | BW4: 0
A5: =ROW(Source!A30) -> 30 | B5: 22529512 | C5: 22530589 | D5: 7157835 | E5: 7157832 | F5: 1 | G5: 7157832 | H5: 1 | I5: 9999990008 | K5: ТРУДОЗАТРАТЫ РАБОЧИХ (ЭСН) | L5: 1191 | N5: 1013 | O5: чел.-ч. | P5: чел.-ч. | Q5: 1 | Y5: 4.21 | AA5: 0 | AB5: 0 | AC5: 0 | AD5: 0 | AN5: 0 | AO5: 1 | AP5: 0 | AQ5: 0 | AR5: 0 | AT5: 4.21 | AV5: 1 | AW5: 2 | AX5: 22530590 | AY5: 1 | AZ5: 0 | BA5: 5 | BB5: 0 | BC5: 0 | BD5: 0 | BE5: 0 | BF5: 0 | BG5: 0 | BH5: 0 | BI5: 0 | BJ5: 0 | BK5: 0 | BL5: 0 | BM5: 0 | BN5: 0 | BO5: 0 | BP5: 0 | BQ5: 0 | BR5: 0 | BS5: 0 | BT5: 0 | BU5: 0 | BV5: 0 | BW5: 0 | CB5: 0
A6: =ROW(Source!A30) -> 30 | B6: 22529512 | C6: 22530589 | D6: 7182702 | E6: 7157832 | F6: 1 | G6: 7157832 | H6: 3 | I6: 0.0-0-0 | K6: МАССА МУСОРА | L6: 1348 | N6: 1009 | O6: т | P6: т | Q6: 1000 | Y6: 0.4 | AA6: 0 | AB6: 0 | AC6: 0 | AD6: 0 | AN6: 0 | AO6: 1 | AP6: 0 | AQ6: 0 | AR6: 0 | AT6: 0.4 | AV6: 0 | AW6: 2 | AX6: 22530591 | AY6: 1 | AZ6: 0 | BA6: 6 | BB6: 0 | BC6: 0 | BD6: 0 | BE6: 0 | BF6: 0 | BG6: 0 | BH6: 0 | BI6: 0 | BJ6: 0 | BK6: 0 | BL6: 0 | BM6: 0 | BN6: 0 | BO6: 0 | BP6: 0 | BQ6: 0 | BR6: 0 | BS6: 0 | BT6: 0 | BU6: 0 | BV6: 0 | BW6: 0 | CB6: 0
A7: =ROW(Source!A31) -> 31 | B7: 22529510 | C7: 22530589 | D7: 7157835 | E7: 7157832 | F7: 1 | G7: 7157832 | H7: 1 | I7: 9999990008 | K7: ТРУДОЗАТРАТЫ РАБОЧИХ (ЭСН) | L7: 1191 | N7: 1013 | O7: чел.-ч. | P7: чел.-ч. | Q7: 1 | Y7: 4.21 | AA7: 0 | AB7: 0 | AC7: 0 | AD7: 0 | AN7: 0 | AO7: 1 | AP7: 0 | AQ7: 0 | AR7: 0 | AT7: 4.21 | AV7: 1 | AW7: 2 | AX7: 22530590 | AY7: 1 | AZ7: 0 | BA7: 7 | BB7: 0 | BC7: 0 | BD7: 0 | BE7: 0 | BF7: 0 | BG7: 0 | BH7: 0 | BI7: 0 | BJ7: 0 | BK7: 0 | BL7: 0 | BM7: 0 | BN7: 0 | BO7: 0 | BP7: 0 | BQ7: 0 | BR7: 0 | BS7: 0 | BT7: 0 | BU7: 0 | BV7: 0 | BW7: 0
A8: =ROW(Source!A31) -> 31 | B8: 22529510 | C8: 22530589 | D8: 7182702 | E8: 7157832 | F8: 1 | G8: 7157832 | H8: 3 | I8: 0.0-0-0 | K8: МАССА МУСОРА | L8: 1348 | N8: 1009 | O8: т | P8: т | Q8: 1000 | Y8: 0.4 | AA8: 0 | AB8: 0 | AC8: 0 | AD8: 0 | AN8: 0 | AO8: 1 | AP8: 0 | AQ8: 0 | AR8: 0 | AT8: 0.4 | AV8: 0 | AW8: 2 | AX8: 22530591 | AY8: 1 | AZ8: 0 | BA8: 8 | BB8: 0 | BC8: 0 | BD8: 0 | BE8: 0 | BF8: 0 | BG8: 0 | BH8: 0 | BI8: 0 | BJ8: 0 | BK8: 0 | BL8: 0 | BM8: 0 | BN8: 0 | BO8: 0 | BP8: 0 | BQ8: 0 | BR8: 0 | BS8: 0 | BT8: 0 | BU8: 0 | BV8: 0 | BW8: 0
A9: =ROW(Source!A32) -> 32 | B9: 22529512 | C9: 22529876 | D9: 7157835 | E9: 7157832 | F9: 1 | G9: 7157832 | H9: 1 | I9: 9999990008 | K9: ТРУДОЗАТРАТЫ РАБОЧИХ (ЭСН) | L9: 1191 | N9: 1013 | O9: чел.-ч. | P9: чел.-ч. | Q9: 1 | Y9: 165.39 | AA9: 0 | AB9: 0 | AC9: 0 | AD9: 0 | AN9: 0 | AO9: 1 | AP9: 0 | AQ9: 0 | AR9: 0 | AT9: 165.39 | AV9: 1 | AW9: 2 | AX9: 22529878 | AY9: 1 | AZ9: 0 | BA9: 9 | BB9: 0 | BC9: 0 | BD9: 0 | BE9: 0 | BF9: 0 | BG9: 0 | BH9: 0 | BI9: 0 | BJ9: 0 | BK9: 0 | BL9: 0 | BM9: 0 | BN9: 0 | BO9: 0 | BP9: 0 | BQ9: 0 | BR9: 0 | BS9: 0 | BT9: 0 | BU9: 0 | BV9: 0 | BW9: 0 | CB9: 0
A10: =ROW(Source!A33) -> 33 | B10: 22529510 | C10: 22529876 | D10: 7157835 | E10: 7157832 | F10: 1 | G10: 7157832 | H10: 1 | I10: 9999990008 | K10: ТРУДОЗАТРАТЫ РАБОЧИХ (ЭСН) | L10: 1191 | N10: 1013 | O10: чел.-ч. | P10: чел.-ч. | Q10: 1 | Y10: 165.39 | AA10: 0 | AB10: 0 | AC10: 0 | AD10: 0 | AN10: 0 | AO10: 1 | AP10: 0 | AQ10: 0 | AR10: 0 | AT10: 165.39 | AV10: 1 | AW10: 2 | AX10: 22529878 | AY10: 1 | AZ10: 0 | BA10: 10 | BB10: 0 | BC10: 0 | BD10: 0 | BE10: 0 | BF10: 0 | BG10: 0 | BH10: 0 | BI10: 0 | BJ10: 0 | BK10: 0 | BL10: 0 | BM10: 0 | BN10: 0 | BO10: 0 | BP10: 0 | BQ10: 0 | BR10: 0 | BS10: 0 | BT10: 0 | BU10: 0 | BV10: 0 | BW10: 0
A11: =ROW(Source!A34) -> 34 | B11: 22529512 | C11: 22529879 | D11: 7157835 | E11: 7157832 | F11: 1 | G11: 7157832 | H11: 1 | I11: 9999990008 | K11: ТРУДОЗАТРАТЫ РАБОЧИХ (ЭСН) | L11: 1191 | N11: 1013 | O11: чел.-ч. | P11: чел.-ч. | Q11: 1 | Y11: 52.97 | AA11: 0 | AB11: 0 | AC11: 0 | AD11: 0 | AN11: 0 | AO11: 1 | AP11: 0 | AQ11: 0 | AR11: 0 | AT11: 52.97 | AV11: 1 | AW11: 2 | AX11: 22541962 | AY11: 1 | AZ11: 0 | BA11: 11 | BB11: 0 | BC11: 0 | BD11: 0 | BE11: 0 | BF11: 0 | BG11: 0 | BH11: 0 | BI11: 0 | BJ11: 0 | BK11: 0 | BL11: 0 | BM11: 0 | BN11: 0 | BO11: 0 | BP11: 0 | BQ11: 0 | BR11: 0 | BS11: 0 | BT11: 0 | BU11: 0 | BV11: 0 | BW11: 0 | CB11: 0
A12: =ROW(Source!A34) -> 34 | B12: 22529512 | C12: 22529879 | D12: 7182702 | E12: 7157832 | F12: 1 | G12: 7157832 | H12: 3 | I12: 0.0-0-0 | K12: МАССА МУСОРА | L12: 1348 | N12: 1009 | O12: т | P12: т | Q12: 1000 | Y12: 2.95 | AA12: 0 | AB12: 0 | AC12: 0 | AD12: 0 | AN12: 0 | AO12: 1 | AP12: 0 | AQ12: 0 | AR12: 0 | AT12: 2.95 | AV12: 0 | AW12: 2 | AX12: 22541963 | AY12: 1 | AZ12: 0 | BA12: 12 | BB12: 0 | BC12: 0 | BD12: 0 | BE12: 0 | BF12: 0 | BG12: 0 | BH12: 0 | BI12: 0 | BJ12: 0 | BK12: 0 | BL12: 0 | BM12: 0 | BN12: 0 | BO12: 0 | BP12: 0 | BQ12: 0 | BR12: 0 | BS12: 0 | BT12: 0 | BU12: 0 | BV12: 0 | BW12: 0 | CB12: 0
A13: =ROW(Source!A35) -> 35 | B13: 22529510 | C13: 22529879 | D13: 7157835 | E13: 7157832 | F13: 1 | G13: 7157832 | H13: 1 | I13: 9999990008 | K13: ТРУДОЗАТРАТЫ РАБОЧИХ (ЭСН) | L13: 1191 | N13: 1013 | O13: чел.-ч. | P13: чел.-ч. | Q13: 1 | Y13: 52.97 | AA13: 0 | AB13: 0 | AC13: 0 | AD13: 0 | AN13: 0 | AO13: 1 | AP13: 0 | AQ13: 0 | AR13: 0 | AT13: 52.97 | AV13: 1 | AW13: 2 | AX13: 22541962 | AY13: 1 | AZ13: 0 | BA13: 13 | BB13: 0 | BC13: 0 | BD13: 0 | BE13: 0 | BF13: 0 | BG13: 0 | BH13: 0 | BI13: 0 | BJ13: 0 | BK13: 0 | BL13: 0 | BM13: 0 | BN13: 0 | BO13: 0 | BP13: 0 | BQ13: 0 | BR13: 0 | BS13: 0 | BT13: 0 | BU13: 0 | BV13: 0 | BW13: 0
A14: =ROW(Source!A35) -> 35 | B14: 22529510 | C14: 22529879 | D14: 7182702 | E14: 7157832 | F14: 1 | G14: 7157832 | H14: 3 | I14: 0.0-0-0 | K14: МАССА МУСОРА | L14: 1348 | N14: 1009 | O14: т | P14: т | Q14: 1000 | Y14: 2.95 | AA14: 0 | AB14: 0 | AC14: 0 | AD14: 0 | AN14: 0 | AO14: 1 | AP14: 0 | AQ14: 0 | AR14: 0 | AT14: 2.95 | AV14: 0 | AW14: 2 | AX14: 22541963 | AY14: 1 | AZ14: 0 | BA14: 14 | BB14: 0 | BC14: 0 | BD14: 0 | BE14: 0 | BF14: 0 | BG14: 0 | BH14: 0 | BI14: 0 | BJ14: 0 | BK14: 0 | BL14: 0 | BM14: 0 | BN14: 0 | BO14: 0 | BP14: 0 | BQ14: 0 | BR14: 0 | BS14: 0 | BT14: 0 | BU14: 0 | BV14: 0 | BW14: 0
A15: =ROW(Source!A36) -> 36 | B15: 22529512 | C15: 22530628 | D15: 7157835 | E15: 7157832 | F15: 1 | G15: 7157832 | H15: 1 | I15: 9999990008 | K15: ТРУДОЗАТРАТЫ РАБОЧИХ (ЭСН) | L15: 1191 | N15: 1013 | O15: чел.-ч. | P15: чел.-ч. | Q15: 1 | Y15: 87.5 | AA15: 0 | AB15: 0 | AC15: 0 | AD15: 0 | AN15: 0 | AO15: 1 | AP15: 0 | AQ15: 0 | AR15: 0 | AT15: 87.5 | AV15: 1 | AW15: 2 | AX15: 22530629 | AY15: 1 | AZ15: 0 | BA15: 15 | BB15: 0 | BC15: 0 | BD15: 0 | BE15: 0 | BF15: 0 | BG15: 0 | BH15: 0 | BI15: 0 | BJ15: 0 | BK15: 0 | BL15: 0 | BM15: 0 | BN15: 0 | BO15: 0 | BP15: 0 | BQ15: 0 | BR15: 0 | BS15: 0 | BT15: 0 | BU15: 0 | BV15: 0 | BW15: 0 | CB15: 0
A16: =ROW(Source!A36) -> 36 | B16: 22529512 | C16: 22530628 | D16: 7159942 | E16: 7157832 | F16: 1 | G16: 7157832 | H16: 2 | I16: 2.0-0-0 | K16: СТОИМОСТЬ ПРОЧИХ МАШИН (ЭСН) | L16: 1344 | N16: 1008 | O16: руб. | P16: руб. | Q16: 1 | Y16: 4.53 | AA16: 0 | AB16: 1 | AC16: 0 | AD16: 0 | AN16: 0 | AO16: 1 | AP16: 0 | AQ16: 0 | AR16: 0 | AT16: 4.53 | AV16: 0 | AW16: 2 | AX16: 22530630 | AY16: 1 | AZ16: 0 | BA16: 16 | BB16: 0 | BC16: 0 | BD16: 0 | BE16: 0 | BF16: 0 | BG16: 0 | BH16: 0 | BI16: 0 | BJ16: 0 | BK16: 0 | BL16: 0 | BM16: 0 | BN16: 0 | BO16: 0 | BP16: 0 | BQ16: 0 | BR16: 0 | BS16: 0 | BT16: 0 | BU16: 0 | BV16: 0 | BW16: 0 | CB16: 0
A17: =ROW(Source!A36) -> 36 | B17: 22529512 | C17: 22530628 | D17: 7182702 | E17: 7157832 | F17: 1 | G17: 7157832 | H17: 3 | I17: 0.0-0-0 | K17: МАССА МУСОРА | L17: 1348 | N17: 1009 | O17: т | P17: т | Q17: 1000 | Y17: 7.1 | AA17: 0 | AB17: 0 | AC17: 0 | AD17: 0 | AN17: 0 | AO17: 1 | AP17: 0 | AQ17: 0 | AR17: 0 | AT17: 7.1 | AV17: 0 | AW17: 2 | AX17: 22530631 | AY17: 1 | AZ17: 0 | BA17: 17 | BB17: 0 | BC17: 0 | BD17: 0 | BE17: 0 | BF17: 0 | BG17: 0 | BH17: 0 | BI17: 0 | BJ17: 0 | BK17: 0 | BL17: 0 | BM17: 0 | BN17: 0 | BO17: 0 | BP17: 0 | BQ17: 0 | BR17: 0 | BS17: 0 | BT17: 0 | BU17: 0 | BV17: 0 | BW17: 0 | CB17: 0
A18: =ROW(Source!A37) -> 37 | B18: 22529510 | C18: 22530628 | D18: 7157835 | E18: 7157832 | F18: 1 | G18: 7157832 | H18: 1 | I18: 9999990008 | K18: ТРУДОЗАТРАТЫ РАБОЧИХ (ЭСН) | L18: 1191 | N18: 1013 | O18: чел.-ч. | P18: чел.-ч. | Q18: 1 | Y18: 87.5 | AA18: 0 | AB18: 0 | AC18: 0 | AD18: 0 | AN18: 0 | AO18: 1 | AP18: 0 | AQ18: 0 | AR18: 0 | AT18: 87.5 | AV18: 1 | AW18: 2 | AX18: 22530629 | AY18: 1 | AZ18: 0 | BA18: 18 | BB18: 0 | BC18: 0 | BD18: 0 | BE18: 0 | BF18: 0 | BG18: 0 | BH18: 0 | BI18: 0 | BJ18: 0 | BK18: 0 | BL18: 0 | BM18: 0 | BN18: 0 | BO18: 0 | BP18: 0 | BQ18: 0 | BR18: 0 | BS18: 0 | BT18: 0 | BU18: 0 | BV18: 0 | BW18: 0
A19: =ROW(Source!A37) -> 37 | B19: 22529510 | C19: 22530628 | D19: 7159942 | E19: 7157832 | F19: 1 | G19: 7157832 | H19: 2 | I19: 2.0-0-0 | K19: СТОИМОСТЬ ПРОЧИХ МАШИН (ЭСН) | L19: 1344 | N19: 1008 | O19: руб. | P19: руб. | Q19: 1 | Y19: 4.53 | AA19: 0 | AB19: 1 | AC19: 0 | AD19: 0 | AN19: 0 | AO19: 1 | AP19: 0 | AQ19: 0 | AR19: 0 | AT19: 4.53 | AV19: 0 | AW19: 2 | AX19: 22530630 | AY19: 1 | AZ19: 0 | BA19: 19 | BB19: 0 | BC19: 0 | BD19: 0 | BE19: 0 | BF19: 0 | BG19: 0 | BH19: 0 | BI19: 0 | BJ19: 0 | BK19: 0 | BL19: 0 | BM19: 0 | BN19: 0 | BO19: 0 | BP19: 0 | BQ19: 0 | BR19: 0 | BS19: 0 | BT19: 0 | BU19: 0 | BV19: 0 | BW19: 0
A20: =ROW(Source!A37) -> 37 | B20: 22529510 | C20: 22530628 | D20: 7182702 | E20: 7157832 | F20: 1 | G20: 7157832 | H20: 3 | I20: 0.0-0-0 | K20: МАССА МУСОРА | L20: 1348 | N20: 1009 | O20: т | P20: т | Q20: 1000 | Y20: 7.1 | AA20: 0 | AB20: 0 | AC20: 0 | AD20: 0 | AN20: 0 | AO20: 1 | AP20: 0 | AQ20: 0 | AR20: 0 | AT20: 7.1 | AV20: 0 | AW20: 2 | AX20: 22530631 | AY20: 1 | AZ20: 0 | BA20: 20 | BB20: 0 | BC20: 0 | BD20: 0 | BE20: 0 | BF20: 0 | BG20: 0 | BH20: 0 | BI20: 0 | BJ20: 0 | BK20: 0 | BL20: 0 | BM20: 0 | BN20: 0 | BO20: 0 | BP20: 0 | BQ20: 0 | BR20: 0 | BS20: 0 | BT20: 0 | BU20: 0 | BV20: 0 | BW20: 0
A21: =ROW(Source!A38) -> 38 | B21: 22529512 | C21: 22529880 | D21: 7157835 | E21: 7157832 | F21: 1 | G21: 7157832 | H21: 1 | I21: 9999990008 | K21: ТРУДОЗАТРАТЫ РАБОЧИХ (ЭСН) | L21: 1191 | N21: 1013 | O21: чел.-ч. | P21: чел.-ч. | Q21: 1 | Y21: 3.77 | AA21: 0 | AB21: 0 | AC21: 0 | AD21: 0 | AN21: 0 | AO21: 1 | AP21: 0 | AQ21: 0 | AR21: 0 | AT21: 3.77 | AV21: 1 | AW21: 2 | AX21: 22529883 | AY21: 1 | AZ21: 0 | BA21: 21 | BB21: 0 | BC21: 0 | BD21: 0 | BE21: 0 | BF21: 0 | BG21: 0 | BH21: 0 | BI21: 0 | BJ21: 0 | BK21: 0 | BL21: 0 | BM21: 0 | BN21: 0 | BO21: 0 | BP21: 0 | BQ21: 0 | BR21: 0 | BS21: 0 | BT21: 0 | BU21: 0 | BV21: 0 | BW21: 0 | CB21: 0
A22: =ROW(Source!A38) -> 38 | B22: 22529512 | C22: 22529880 | D22: 7182702 | E22: 7157832 | F22: 1 | G22: 7157832 | H22: 3 | I22: 0.0-0-0 | K22: МАССА МУСОРА | L22: 1348 | N22: 1009 | O22: т | P22: т | Q22: 1000 | Y22: 0.11 | AA22: 0 | AB22: 0 | AC22: 0 | AD22: 0 | AN22: 0 | AO22: 1 | AP22: 0 | AQ22: 0 | AR22: 0 | AT22: 0.11 | AV22: 0 | AW22: 2 | AX22: 22529884 | AY22: 1 | AZ22: 0 | BA22: 22 | BB22: 0 | BC22: 0 | BD22: 0 | BE22: 0 | BF22: 0 | BG22: 0 | BH22: 0 | BI22: 0 | BJ22: 0 | BK22: 0 | BL22: 0 | BM22: 0 | BN22: 0 | BO22: 0 | BP22: 0 | BQ22: 0 | BR22: 0 | BS22: 0 | BT22: 0 | BU22: 0 | BV22: 0 | BW22: 0 | CB22: 0
A23: =ROW(Source!A39) -> 39 | B23: 22529510 | C23: 22529880 | D23: 7157835 | E23: 7157832 | F23: 1 | G23: 7157832 | H23: 1 | I23: 9999990008 | K23: ТРУДОЗАТРАТЫ РАБОЧИХ (ЭСН) | L23: 1191 | N23: 1013 | O23: чел.-ч. | P23: чел.-ч. | Q23: 1 | Y23: 3.77 | AA23: 0 | AB23: 0 | AC23: 0 | AD23: 0 | AN23: 0 | AO23: 1 | AP23: 0 | AQ23: 0 | AR23: 0 | AT23: 3.77 | AV23: 1 | AW23: 2 | AX23: 22529883 | AY23: 1 | AZ23: 0 | BA23: 23 | BB23: 0 | BC23: 0 | BD23: 0 | BE23: 0 | BF23: 0 | BG23: 0 | BH23: 0 | BI23: 0 | BJ23: 0 | BK23: 0 | BL23: 0 | BM23: 0 | BN23: 0 | BO23: 0 | BP23: 0 | BQ23: 0 | BR23: 0 | BS23: 0 | BT23: 0 | BU23: 0 | BV23: 0 | BW23: 0
A24: =ROW(Source!A39) -> 39 | B24: 22529510 | C24: 22529880 | D24: 7182702 | E24: 7157832 | F24: 1 | G24: 7157832 | H24: 3 | I24: 0.0-0-0 | K24: МАССА МУСОРА | L24: 1348 | N24: 1009 | O24: т | P24: т | Q24: 1000 | Y24: 0.11 | AA24: 0 | AB24: 0 | AC24: 0 | AD24: 0 | AN24: 0 | AO24: 1 | AP24: 0 | AQ24: 0 | AR24: 0 | AT24: 0.11 | AV24: 0 | AW24: 2 | AX24: 22529884 | AY24: 1 | AZ24: 0 | BA24: 24 | BB24: 0 | BC24: 0 | BD24: 0 | BE24: 0 | BF24: 0 | BG24: 0 | BH24: 0 | BI24: 0 | BJ24: 0 | BK24: 0 | BL24: 0 | BM24: 0 | BN24: 0 | BO24: 0 | BP24: 0 | BQ24: 0 | BR24: 0 | BS24: 0 | BT24: 0 | BU24: 0 | BV24: 0 | BW24: 0
A25: =ROW(Source!A40) -> 40 | B25: 22529512 | C25: 22529885 | D25: 7157835 | E25: 7157832 | F25: 1 | G25: 7157832 | H25: 1 | I25: 9999990008 | K25: ТРУДОЗАТРАТЫ РАБОЧИХ (ЭСН) | L25: 1191 | N25: 1013 | O25: чел.-ч. | P25: чел.-ч. | Q25: 1 | Y25: 40.55 | AA25: 0 | AB25: 0 | AC25: 0 | AD25: 0 | AN25: 0 | AO25: 1 | AP25: 0 | AQ25: 0 | AR25: 0 | AT25: 40.55 | AV25: 1 | AW25: 2 | AX25: 22541964 | AY25: 1 | AZ25: 0 | BA25: 25 | BB25: 0 | BC25: 0 | BD25: 0 | BE25: 0 | BF25: 0 | BG25: 0 | BH25: 0 | BI25: 0 | BJ25: 0 | BK25: 0 | BL25: 0 | BM25: 0 | BN25: 0 | BO25: 0 | BP25: 0 | BQ25: 0 | BR25: 0 | BS25: 0 | BT25: 0 | BU25: 0 | BV25: 0 | BW25: 0 | CB25: 0
A26: =ROW(Source!A40) -> 40 | B26: 22529512 | C26: 22529885 | D26: 7182702 | E26: 7157832 | F26: 1 | G26: 7157832 | H26: 3 | I26: 0.0-0-0 | K26: МАССА МУСОРА | L26: 1348 | N26: 1009 | O26: т | P26: т | Q26: 1000 | Y26: 2.9 | AA26: 0 | AB26: 0 | AC26: 0 | AD26: 0 | AN26: 0 | AO26: 1 | AP26: 0 | AQ26: 0 | AR26: 0 | AT26: 2.9 | AV26: 0 | AW26: 2 | AX26: 22541965 | AY26: 1 | AZ26: 0 | BA26: 26 | BB26: 0 | BC26: 0 | BD26: 0 | BE26: 0 | BF26: 0 | BG26: 0 | BH26: 0 | BI26: 0 | BJ26: 0 | BK26: 0 | BL26: 0 | BM26: 0 | BN26: 0 | BO26: 0 | BP26: 0 | BQ26: 0 | BR26: 0 | BS26: 0 | BT26: 0 | BU26: 0 | BV26: 0 | BW26: 0 | CB26: 0
A27: =ROW(Source!A41) -> 41 | B27: 22529510 | C27: 22529885 | D27: 7157835 | E27: 7157832 | F27: 1 | G27: 7157832 | H27: 1 | I27: 9999990008 | K27: ТРУДОЗАТРАТЫ РАБОЧИХ (ЭСН) | L27: 1191 | N27: 1013 | O27: чел.-ч. | P27: чел.-ч. | Q27: 1 | Y27: 40.55 | AA27: 0 | AB27: 0 | AC27: 0 | AD27: 0 | AN27: 0 | AO27: 1 | AP27: 0 | AQ27: 0 | AR27: 0 | AT27: 40.55 | AV27: 1 | AW27: 2 | AX27: 22541964 | AY27: 1 | AZ27: 0 | BA27: 27 | BB27: 0 | BC27: 0 | BD27: 0 | BE27: 0 | BF27: 0 | BG27: 0 | BH27: 0 | BI27: 0 | BJ27: 0 | BK27: 0 | BL27: 0 | BM27: 0 | BN27: 0 | BO27: 0 | BP27: 0 | BQ27: 0 | BR27: 0 | BS27: 0 | BT27: 0 | BU27: 0 | BV27: 0 | BW27: 0
A28: =ROW(Source!A41) -> 41 | B28: 22529510 | C28: 22529885 | D28: 7182702 | E28: 7157832 | F28: 1 | G28: 7157832 | H28: 3 | I28: 0.0-0-0 | K28: МАССА МУСОРА | L28: 1348 | N28: 1009 | O28: т | P28: т | Q28: 1000 | Y28: 2.9 | AA28: 0 | AB28: 0 | AC28: 0 | AD28: 0 | AN28: 0 | AO28: 1 | AP28: 0 | AQ28: 0 | AR28: 0 | AT28: 2.9 | AV28: 0 | AW28: 2 | AX28: 22541965 | AY28: 1 | AZ28: 0 | BA28: 28 | BB28: 0 | BC28: 0 | BD28: 0 | BE28: 0 | BF28: 0 | BG28: 0 | BH28: 0 | BI28: 0 | BJ28: 0 | BK28: 0 | BL28: 0 | BM28: 0 | BN28: 0 | BO28: 0 | BP28: 0 | BQ28: 0 | BR28: 0 | BS28: 0 | BT28: 0 | BU28: 0 | BV28: 0 | BW28: 0
A29: =ROW(Source!A42) -> 42 | B29: 22529512 | C29: 22529901 | D29: 7157835 | E29: 7157832 | F29: 1 | G29: 7157832 | H29: 1 | I29: 9999990008 | K29: ТРУДОЗАТРАТЫ РАБОЧИХ (ЭСН) | L29: 1191 | N29: 1013 | O29: чел.-ч. | P29: чел.-ч. | Q29: 1 | Y29: 58.6 | AA29: 0 | AB29: 0 | AC29: 0 | AD29: 0 | AN29: 0 | AO29: 1 | AP29: 0 | AQ29: 0 | AR29: 0 | AT29: 58.6 | AV29: 1 | AW29: 2 | AX29: 22541966 | AY29: 1 | AZ29: 0 | BA29: 29 | BB29: 0 | BC29: 0 | BD29: 0 | BE29: 0 | BF29: 0 | BG29: 0 | BH29: 0 | BI29: 0 | BJ29: 0 | BK29: 0 | BL29: 0 | BM29: 0 | BN29: 0 | BO29: 0 | BP29: 0 | BQ29: 0 | BR29: 0 | BS29: 0 | BT29: 0 | BU29: 0 | BV29: 0 | BW29: 0 | CB29: 0
A30: =ROW(Source!A42) -> 42 | B30: 22529512 | C30: 22529901 | D30: 7159942 | E30: 7157832 | F30: 1 | G30: 7157832 | H30: 2 | I30: 2.0-0-0 | K30: СТОИМОСТЬ ПРОЧИХ МАШИН (ЭСН) | L30: 1344 | N30: 1008 | O30: руб. | P30: руб. | Q30: 1 | Y30: 2.5 | AA30: 0 | AB30: 1 | AC30: 0 | AD30: 0 | AN30: 0 | AO30: 1 | AP30: 0 | AQ30: 0 | AR30: 0 | AT30: 2.5 | AV30: 0 | AW30: 2 | AX30: 22541967 | AY30: 1 | AZ30: 0 | BA30: 30 | BB30: 0 | BC30: 0 | BD30: 0 | BE30: 0 | BF30: 0 | BG30: 0 | BH30: 0 | BI30: 0 | BJ30: 0 | BK30: 0 | BL30: 0 | BM30: 0 | BN30: 0 | BO30: 0 | BP30: 0 | BQ30: 0 | BR30: 0 | BS30: 0 | BT30: 0 | BU30: 0 | BV30: 0 | BW30: 0 | CB30: 0
A31: =ROW(Source!A43) -> 43 | B31: 22529510 | C31: 22529901 | D31: 7157835 | E31: 7157832 | F31: 1 | G31: 7157832 | H31: 1 | I31: 9999990008 | K31: ТРУДОЗАТРАТЫ РАБОЧИХ (ЭСН) | L31: 1191 | N31: 1013 | O31: чел.-ч. | P31: чел.-ч. | Q31: 1 | Y31: 58.6 | AA31: 0 | AB31: 0 | AC31: 0 | AD31: 0 | AN31: 0 | AO31: 1 | AP31: 0 | AQ31: 0 | AR31: 0 | AT31: 58.6 | AV31: 1 | AW31: 2 | AX31: 22541966 | AY31: 1 | AZ31: 0 | BA31: 31 | BB31: 0 | BC31: 0 | BD31: 0 | BE31: 0 | BF31: 0 | BG31: 0 | BH31: 0 | BI31: 0 | BJ31: 0 | BK31: 0 | BL31: 0 | BM31: 0 | BN31: 0 | BO31: 0 | BP31: 0 | BQ31: 0 | BR31: 0 | BS31: 0 | BT31: 0 | BU31: 0 | BV31: 0 | BW31: 0
A32: =ROW(Source!A43) -> 43 | B32: 22529510 | C32: 22529901 | D32: 7159942 | E32: 7157832 | F32: 1 | G32: 7157832 | H32: 2 | I32: 2.0-0-0 | K32: СТОИМОСТЬ ПРОЧИХ МАШИН (ЭСН) | L32: 1344 | N32: 1008 | O32: руб. | P32: руб. | Q32: 1 | Y32: 2.5 | AA32: 0 | AB32: 1 | AC32: 0 | AD32: 0 | AN32: 0 | AO32: 1 | AP32: 0 | AQ32: 0 | AR32: 0 | AT32: 2.5 | AV32: 0 | AW32: 2 | AX32: 22541967 | AY32: 1 | AZ32: 0 | BA32: 32 | BB32: 0 | BC32: 0 | BD32: 0 | BE32: 0 | BF32: 0 | BG32: 0 | BH32: 0 | BI32: 0 | BJ32: 0 | BK32: 0 | BL32: 0 | BM32: 0 | BN32: 0 | BO32: 0 | BP32: 0 | BQ32: 0 | BR32: 0 | BS32: 0 | BT32: 0 | BU32: 0 | BV32: 0 | BW32: 0
A33: =ROW(Source!A44) -> 44 | B33: 22529512 | C33: 22529912 | D33: 7157835 | E33: 7157832 | F33: 1 | G33: 7157832 | H33: 1 | I33: 9999990008 | K33: ТРУДОЗАТРАТЫ РАБОЧИХ (ЭСН) | L33: 1191 | N33: 1013 | O33: чел.-ч. | P33: чел.-ч. | Q33: 1 | Y33: 17.89 | AA33: 0 | AB33: 0 | AC33: 0 | AD33: 0 | AN33: 0 | AO33: 1 | AP33: 0 | AQ33: 0 | AR33: 0 | AT33: 17.89 | AV33: 1 | AW33: 2 | AX33: 22529914 | AY33: 1 | AZ33: 0 | BA33: 33 | BB33: 0 | BC33: 0 | BD33: 0 | BE33: 0 | BF33: 0 | BG33: 0 | BH33: 0 | BI33: 0 | BJ33: 0 | BK33: 0 | BL33: 0 | BM33: 0 | BN33: 0 | BO33: 0 | BP33: 0 | BQ33: 0 | BR33: 0 | BS33: 0 | BT33: 0 | BU33: 0 | BV33: 0 | BW33: 0 | CB33: 0
A34: =ROW(Source!A45) -> 45 | B34: 22529510 | C34: 22529912 | D34: 7157835 | E34: 7157832 | F34: 1 | G34: 7157832 | H34: 1 | I34: 9999990008 | K34: ТРУДОЗАТРАТЫ РАБОЧИХ (ЭСН) | L34: 1191 | N34: 1013 | O34: чел.-ч. | P34: чел.-ч. | Q34: 1 | Y34: 17.89 | AA34: 0 | AB34: 0 | AC34: 0 | AD34: 0 | AN34: 0 | AO34: 1 | AP34: 0 | AQ34: 0 | AR34: 0 | AT34: 17.89 | AV34: 1 | AW34: 2 | AX34: 22529914 | AY34: 1 | AZ34: 0 | BA34: 34 | BB34: 0 | BC34: 0 | BD34: 0 | BE34: 0 | BF34: 0 | BG34: 0 | BH34: 0 | BI34: 0 | BJ34: 0 | BK34: 0 | BL34: 0 | BM34: 0 | BN34: 0 | BO34: 0 | BP34: 0 | BQ34: 0 | BR34: 0 | BS34: 0 | BT34: 0 | BU34: 0 | BV34: 0 | BW34: 0
A35: =ROW(Source!A46) -> 46 | B35: 22529512 | C35: 22529915 | D35: 7157835 | E35: 7157832 | F35: 1 | G35: 7157832 | H35: 1 | I35: 9999990008 | K35: ТРУДОЗАТРАТЫ РАБОЧИХ (ЭСН) | L35: 1191 | N35: 1013 | O35: чел.-ч. | P35: чел.-ч. | Q35: 1 | Y35: 5.84 | AA35: 0 | AB35: 0 | AC35: 0 | AD35: 0 | AN35: 0 | AO35: 1 | AP35: 0 | AQ35: 0 | AR35: 0 | AT35: 5.84 | AV35: 1 | AW35: 2 | AX35: 22529917 | AY35: 1 | AZ35: 0 | BA35: 35 | BB35: 0 | BC35: 0 | BD35: 0 | BE35: 0 | BF35: 0 | BG35: 0 | BH35: 0 | BI35: 0 | BJ35: 0 | BK35: 0 | BL35: 0 | BM35: 0 | BN35: 0 | BO35: 0 | BP35: 0 | BQ35: 0 | BR35: 0 | BS35: 0 | BT35: 0 | BU35: 0 | BV35: 0 | BW35: 0 | CB35: 0
A36: =ROW(Source!A47) -> 47 | B36: 22529510 | C36: 22529915 | D36: 7157835 | E36: 7157832 | F36: 1 | G36: 7157832 | H36: 1 | I36: 9999990008 | K36: ТРУДОЗАТРАТЫ РАБОЧИХ (ЭСН) | L36: 1191 | N36: 1013 | O36: чел.-ч. | P36: чел.-ч. | Q36: 1 | Y36: 5.84 | AA36: 0 | AB36: 0 | AC36: 0 | AD36: 0 | AN36: 0 | AO36: 1 | AP36: 0 | AQ36: 0 | AR36: 0 | AT36: 5.84 | AV36: 1 | AW36: 2 | AX36: 22529917 | AY36: 1 | AZ36: 0 | BA36: 36 | BB36: 0 | BC36: 0 | BD36: 0 | BE36: 0 | BF36: 0 | BG36: 0 | BH36: 0 | BI36: 0 | BJ36: 0 | BK36: 0 | BL36: 0 | BM36: 0 | BN36: 0 | BO36: 0 | BP36: 0 | BQ36: 0 | BR36: 0 | BS36: 0 | BT36: 0 | BU36: 0 | BV36: 0 | BW36: 0
A37: =ROW(Source!A75) -> 75 | B37: 22529512 | C37: 22613928 | D37: 7157835 | E37: 7157832 | F37: 1 | G37: 7157832 | H37: 1 | I37: 9999990008 | K37: ТРУДОЗАТРАТЫ РАБОЧИХ (ЭСН) | L37: 1191 | N37: 1013 | O37: чел.-ч. | P37: чел.-ч. | Q37: 1 | Y37: 29.67 | AA37: 0 | AB37: 0 | AC37: 0 | AD37: 0 | AN37: 0 | AO37: 1 | AP37: 1 | AQ37: 0 | AR37: 0 | AT37: 25.8 | AU37: )*1,15 | AV37: 1 | AW37: 2 | AX37: 22613931 | AY37: 1 | AZ37: 0 | BA37: 37 | BB37: 0 | BC37: 0 | BD37: 0 | BE37: 0 | BF37: 0 | BG37: 0 | BH37: 0 | BI37: 0 | BJ37: 0 | BK37: 0 | BL37: 0 | BM37: 0 | BN37: 0 | BO37: 0 | BP37: 0 | BQ37: 0 | BR37: 0 | BS37: 0 | BT37: 0 | BU37: 0 | BV37: 0 | BW37: 0 | CB37: 0
A38: =ROW(Source!A75) -> 75 | B38: 22529512 | C38: 22613928 | D38: 7231421 | E38: 1 | F38: 1 | G38: 7157832 | H38: 2 | I38: 2.1-18-7 | J38: ТСН-2001.2. База. п.1-18-7 (183001) | K38: АВТОМОБИЛИ ГРУЗОВЫЕ БОРТОВЫЕ, ГРУЗОПОДЪЕМНОСТЬ ДО 5 Т | L38: 1368 | N38: 1011 | O38: маш.-ч | P38: маш.-ч | Q38: 1 | Y38: 1.125 | AA38: 0 | AB38: 74.44 | AC38: 17.59 | AD38: 0 | AN38: 0 | AO38: 1 | AP38: 1 | AQ38: 0 | AR38: 0 | AT38: 0.9 | AU38: )*1,25 | AV38: 0 | AW38: 2 | AX38: 22613932 | AY38: 1 | AZ38: 0 | BA38: 38 | BB38: 0 | BC38: 0 | BD38: 0 | BE38: 0 | BF38: 0 | BG38: 0 | BH38: 0 | BI38: 0 | BJ38: 0 | BK38: 0 | BL38: 0 | BM38: 0 | BN38: 0 | BO38: 0 | BP38: 0 | BQ38: 0 | BR38: 0 | BS38: 0 | BT38: 0 | BU38: 0 | BV38: 0 | BW38: 0 | CB38: 0
A39: =ROW(Source!A75) -> 75 | B39: 22529512 | C39: 22613928 | D39: 0 | E39: 0 | F39: 1 | G39: 7157832 | H39: 3 | I39: ПРАЙС-ЛИСТ | K39: ПЛИТЫ ТЕПЛОИЗОЛЯЦИОННЫЕ МИНЕРАЛОВАТНЫЕ | L39: 1327 | N39: 1005 | O39: м2 | P39: м2 | Q39: 1 | Y39: 100 | AA39: 195 | AB39: 0 | AC39: 0 | AD39: 0 | AN39: 0 | AO39: 0 | AP39: 0 | AQ39: 0 | AR39: 0 | AT39: 100 | AV39: 0 | AW39: 1 | AX39: -1 | AY39: 0 | AZ39: 0 | BB39: 0 | BC39: 0 | BD39: 0 | BE39: 0 | BF39: 0 | BG39: 0 | BH39: 0 | BI39: 0 | BJ39: 0 | BK39: 0 | BL39: 0 | BM39: 0 | BN39: 0 | BO39: 0 | BP39: 0 | BQ39: 0 | BR39: 0 | BS39: 0 | BT39: 0 | BU39: 0 | BV39: 0 | BW39: 0 | CB39: 0
A40: =ROW(Source!A76) -> 76 | B40: 22529510 | C40: 22613928 | D40: 7157835 | E40: 7157832 | F40: 1 | G40: 7157832 | H40: 1 | I40: 9999990008 | K40: ТРУДОЗАТРАТЫ РАБОЧИХ (ЭСН) | L40: 1191 | N40: 1013 | O40: чел.-ч. | P40: чел.-ч. | Q40: 1 | Y40: 29.67 | AA40: 0 | AB40: 0 | AC40: 0 | AD40: 0 | AN40: 0 | AO40: 1 | AP40: 1 | AQ40: 0 | AR40: 0 | AT40: 25.8 | AU40: )*1,15 | AV40: 1 | AW40: 2 | AX40: 22613931 | AY40: 1 | AZ40: 0 | BA40: 40 | BB40: 0 | BC40: 0 | BD40: 0 | BE40: 0 | BF40: 0 | BG40: 0 | BH40: 0 | BI40: 0 | BJ40: 0 | BK40: 0 | BL40: 0 | BM40: 0 | BN40: 0 | BO40: 0 | BP40: 0 | BQ40: 0 | BR40: 0 | BS40: 0 | BT40: 0 | BU40: 0 | BV40: 0 | BW40: 0
A41: =ROW(Source!A76) -> 76 | B41: 22529510 | C41: 22613928 | D41: 7231421 | E41: 1 | F41: 1 | G41: 7157832 | H41: 2 | I41: 2.1-18-7 | J41: ТСН-2001.2. База. п.1-18-7 (183001) | K41: АВТОМОБИЛИ ГРУЗОВЫЕ БОРТОВЫЕ, ГРУЗОПОДЪЕМНОСТЬ ДО 5 Т | L41: 1368 | N41: 1011 | O41: маш.-ч | P41: маш.-ч | Q41: 1 | Y41: 1.125 | AA41: 0 | AB41: 74.44 | AC41: 17.59 | AD41: 0 | AN41: 0 | AO41: 1 | AP41: 1 | AQ41: 0 | AR41: 0 | AT41: 0.9 | AU41: )*1,25 | AV41: 0 | AW41: 2 | AX41: 22613932 | AY41: 1 | AZ41: 0 | BA41: 41 | BB41: 0 | BC41: 0 | BD41: 0 | BE41: 0 | BF41: 0 | BG41: 0 | BH41: 0 | BI41: 0 | BJ41: 0 | BK41: 0 | BL41: 0 | BM41: 0 | BN41: 0 | BO41: 0 | BP41: 0 | BQ41: 0 | BR41: 0 | BS41: 0 | BT41: 0 | BU41: 0 | BV41: 0 | BW41: 0
A42: =ROW(Source!A76) -> 76 | B42: 22529510 | C42: 22613928 | D42: 0 | E42: 0 | F42: 1 | G42: 7157832 | H42: 3 | I42: ПРАЙС-ЛИСТ | K42: ПЛИТЫ ТЕПЛОИЗОЛЯЦИОННЫЕ МИНЕРАЛОВАТНЫЕ | L42: 1327 | N42: 1005 | O42: м2 | P42: м2 | Q42: 1 | Y42: 100 | AA42: 195 | AB42: 0 | AC42: 0 | AD42: 0 | AN42: 0 | AO42: 0 | AP42: 0 | AQ42: 0 | AR42: 0 | AT42: 100 | AV42: 0 | AW42: 1 | AX42: -1 | AY42: 0 | AZ42: 0 | BB42: 0 | BC42: 0 | BD42: 0 | BE42: 0 | BF42: 0 | BG42: 0 | BH42: 0 | BI42: 0 | BJ42: 0 | BK42: 0 | BL42: 0 | BM42: 0 | BN42: 0 | BO42: 0 | BP42: 0 | BQ42: 0 | BR42: 0 | BS42: 0 | BT42: 0 | BU42: 0 | BV42: 0 | BW42: 0
A43: =ROW(Source!A79) -> 79 | B43: 22529512 | C43: 22529946 | D43: 7157835 | E43: 7157832 | F43: 1 | G43: 7157832 | H43: 1 | I43: 9999990008 | K43: ТРУДОЗАТРАТЫ РАБОЧИХ (ЭСН) | L43: 1191 | N43: 1013 | O43: чел.-ч. | P43: чел.-ч. | Q43: 1 | Y43: 218.5 | AA43: 0 | AB43: 0 | AC43: 0 | AD43: 0 | AN43: 0 | AO43: 1 | AP43: 1 | AQ43: 0 | AR43: 0 | AT43: 190 | AU43: )*1,15 | AV43: 1 | AW43: 2 | AX43: 22542022 | AY43: 1 | AZ43: 0 | BA43: 43 | BB43: 0 | BC43: 0 | BD43: 0 | BE43: 0 | BF43: 0 | BG43: 0 | BH43: 0 | BI43: 0 | BJ43: 0 | BK43: 0 | BL43: 0 | BM43: 0 | BN43: 0 | BO43: 0 | BP43: 0 | BQ43: 0 | BR43: 0 | BS43: 0 | BT43: 0 | BU43: 0 | BV43: 0 | BW43: 0 | CB43: 0
A44: =ROW(Source!A79) -> 79 | B44: 22529512 | C44: 22529946 | D44: 7159942 | E44: 7157832 | F44: 1 | G44: 7157832 | H44: 2 | I44: 2.0-0-0 | K44: СТОИМОСТЬ ПРОЧИХ МАШИН (ЭСН) | L44: 1344 | N44: 1008 | O44: руб. | P44: руб. | Q44: 1 | Y44: 75.75 | AA44: 0 | AB44: 1 | AC44: 0 | AD44: 0 | AN44: 0 | AO44: 1 | AP44: 1 | AQ44: 0 | AR44: 0 | AT44: 60.6 | AU44: )*1,25 | AV44: 0 | AW44: 2 | AX44: 22542023 | AY44: 1 | AZ44: 0 | BA44: 44 | BB44: 0 | BC44: 0 | BD44: 0 | BE44: 0 | BF44: 0 | BG44: 0 | BH44: 0 | BI44: 0 | BJ44: 0 | BK44: 0 | BL44: 0 | BM44: 0 | BN44: 0 | BO44: 0 | BP44: 0 | BQ44: 0 | BR44: 0 | BS44: 0 | BT44: 0 | BU44: 0 | BV44: 0 | BW44: 0 | CB44: 0
A45: =ROW(Source!A79) -> 79 | B45: 22529512 | C45: 22529946 | D45: 7232679 | E45: 1 | F45: 1 | G45: 7157832 | H45: 3 | I45: 1.1-1-1003 | J45: ТСН-2001.1. База. Р.1, о.1, поз.1003 | K45: РЕЗИНА ТЕХНИЧЕСКАЯ ПРЕССОВАННАЯ | L45: 1348 | N45: 1009 | O45: т | P45: т | Q45: 1000 | Y45: 0.01005 | AA45: 23120.53 | AB45: 0 | AC45: 0 | AD45: 0 | AN45: 0 | AO45: 1 | AP45: 0 | AQ45: 0 | AR45: 0 | AT45: 0.01005 | AV45: 0 | AW45: 2 | AX45: 22542024 | AY45: 1 | AZ45: 0 | BA45: 45 | BB45: 0 | BC45: 0 | BD45: 0 | BE45: 0 | BF45: 0 | BG45: 0 | BH45: 0 | BI45: 0 | BJ45: 0 | BK45: 0 | BL45: 0 | BM45: 0 | BN45: 0 | BO45: 0 | BP45: 0 | BQ45: 0 | BR45: 0 | BS45: 0 | BT45: 0 | BU45: 0 | BV45: 0 | BW45: 0 | CB45: 0
A46: =ROW(Source!A79) -> 79 | B46: 22529512 | C46: 22529946 | D46: 7232761 | E46: 1 | F46: 1 | G46: 7157832 | H46: 3 | I46: 1.1-1-1092 | J46: ТСН-2001.1. База. Р.1, о.1, поз.1092 | K46: СТАЛЬ ПОЛОСОВАЯ, МАРКА СТ1СП - СТ6СП, СПОКОЙНАЯ | L46: 1348 | N46: 1009 | O46: т | P46: т | Q46: 1000 | Y46: 0.00548 | AA46: 7254.88 | AB46: 0 | AC46: 0 | AD46: 0 | AN46: 0 | AO46: 1 | AP46: 0 | AQ46: 0 | AR46: 0 | AT46: 0.00548 | AV46: 0 | AW46: 2 | AX46: 22542025 | AY46: 1 | AZ46: 0 | BA46: 46 | BB46: 0 | BC46: 0 | BD46: 0 | BE46: 0 | BF46: 0 | BG46: 0 | BH46: 0 | BI46: 0 | BJ46: 0 | BK46: 0 | BL46: 0 | BM46: 0 | BN46: 0 | BO46: 0 | BP46: 0 | BQ46: 0 | BR46: 0 | BS46: 0 | BT46: 0 | BU46: 0 | BV46: 0 | BW46: 0 | CB46: 0
A47: =ROW(Source!A79) -> 79 | B47: 22529512 | C47: 22529946 | D47: 7171107 | E47: 7157832 | F47: 1 | G47: 7157832 | H47: 3 | I47: 1.1-1-117 | K47: ВИНТЫ САМОНАРЕЗАЮЩИЕ ОЦИНКОВАННЫЕ, МАРКА СМ1 - 35, ДЛИНА 35 ММ | L47: 1348 | N47: 1009 | O47: т | P47: т | Q47: 1000 | Y47: 0.006 | AA47: 63880.001 | AB47: 0 | AC47: 0 | AD47: 0 | AN47: 0 | AO47: 1 | AP47: 0 | AQ47: 0 | AR47: 0 | AT47: 0.006 | AV47: 0 | AW47: 2 | AX47: 22542029 | AY47: 1 | AZ47: 0 | BA47: 47 | BB47: 0 | BC47: 0 | BD47: 0 | BE47: 0 | BF47: 0 | BG47: 0 | BH47: 0 | BI47: 0 | BJ47: 0 | BK47: 0 | BL47: 0 | BM47: 0 | BN47: 0 | BO47: 0 | BP47: 0 | BQ47: 0 | BR47: 0 | BS47: 0 | BT47: 0 | BU47: 0 | BV47: 0 | BW47: 0 | CB47: 0
A48: =ROW(Source!A79) -> 79 | B48: 22529512 | C48: 22529946 | D48: 7231889 | E48: 1 | F48: 1 | G48: 7157832 | H48: 3 | I48: 1.1-1-181 | J48: ТСН-2001.1. База. Р.1, о.1, поз.181 | K48: ДИСПЕРСИЯ ПОЛИВИНИЛАЦЕТАТНАЯ, ГОМОПОЛИМЕРНАЯ, ГРУБОДИСПЕРСНАЯ, ПЛАСТИФИЦИРОВАННАЯ, (ЭМУЛЬСИЯ ПОЛИВИНИЛАЦЕТАТНАЯ), МАРКА ДБ | L48: 1348 | N48: 1009 | O48: т | P48: т | Q48: 1000 | Y48: 0.01 | AA48: 39052.85 | AB48: 0 | AC48: 0 | AD48: 0 | AN48: 0 | AO48: 1 | AP48: 0 | AQ48: 0 | AR48: 0 | AT48: 0.01 | AV48: 0 | AW48: 2 | AX48: 22542026 | AY48: 1 | AZ48: 0 | BA48: 48 | BB48: 0 | BC48: 0 | BD48: 0 | BE48: 0 | BF48: 0 | BG48: 0 | BH48: 0 | BI48: 0 | BJ48: 0 | BK48: 0 | BL48: 0 | BM48: 0 | BN48: 0 | BO48: 0 | BP48: 0 | BQ48: 0 | BR48: 0 | BS48: 0 | BT48: 0 | BU48: 0 | BV48: 0 | BW48: 0 | CB48: 0
A49: =ROW(Source!A79) -> 79 | B49: 22529512 | C49: 22529946 | D49: 7231947 | E49: 1 | F49: 1 | G49: 7157832 | H49: 3 | I49: 1.1-1-237 | J49: ТСН-2001.1. База. Р.1, о.1, поз.237 | K49: ДЮБЕЛИ С ПАТРОНАМИ | L49: 1354 | N49: 1010 | O49: шт. | P49: шт. | Q49: 1 | Y49: 418 | AA49: 3.86 | AB49: 0 | AC49: 0 | AD49: 0 | AN49: 0 | AO49: 1 | AP49: 0 | AQ49: 0 | AR49: 0 | AT49: 418 | AV49: 0 | AW49: 2 | AX49: 22542027 | AY49: 1 | AZ49: 0 | BA49: 49 | BB49: 0 | BC49: 0 | BD49: 0 | BE49: 0 | BF49: 0 | BG49: 0 | BH49: 0 | BI49: 0 | BJ49: 0 | BK49: 0 | BL49: 0 | BM49: 0 | BN49: 0 | BO49: 0 | BP49: 0 | BQ49: 0 | BR49: 0 | BS49: 0 | BT49: 0 | BU49: 0 | BV49: 0 | BW49: 0 | CB49: 0
A50: =ROW(Source!A79) -> 79 | B50: 22529512 | C50: 22529946 | D50: 7164478 | E50: 7157832 | F50: 1 | G50: 7157832 | H50: 3 | I50: 1.1-1-395 | K50: КЛЕЙ МАСТИКА, КН-3 | L50: 1346 | N50: 1009 | O50: кг | P50: кг | Q50: 1 | Y50: 10.2 | AA50: 11.3736 | AB50: 0 | AC50: 0 | AD50: 0 | AN50: 0 | AO50: 1 | AP50: 0 | AQ50: 0 | AR50: 0 | AT50: 10.2 | AV50: 0 | AW50: 2 | AX50: 22542028 | AY50: 1 | AZ50: 0 | BA50: 50 | BB50: 0 | BC50: 0 | BD50: 0 | BE50: 0 | BF50: 0 | BG50: 0 | BH50: 0 | BI50: 0 | BJ50: 0 | BK50: 0 | BL50: 0 | BM50: 0 | BN50: 0 | BO50: 0 | BP50: 0 | BQ50: 0 | BR50: 0 | BS50: 0 | BT50: 0 | BU50: 0 | BV50: 0 | BW50: 0 | CB50: 0
A51: =ROW(Source!A79) -> 79 | B51: 22529512 | C51: 22529946 | D51: 7238368 | E51: 1 | F51: 1 | G51: 7157832 | H51: 3 | I51: 1.7-4-15 | J51: ТСН-2001.1. База. Р.7, о.4, поз.15 | K51: ПРОФИЛИ НАПРАВЛЯЮЩИХ МЕТАЛЛИЧЕСКИЕ ДЛЯ МОНТАЖА ГИПСОВЫХ ПЕРЕГОРОДОК И ПОДВЕСНЫХ ПОТОЛКОВ СТАЛЬНЫЕ, ОЦИНКОВАННЫЕ, МАРКА ПН-2, СЕЧЕНИЕ 50Х40Х0,55 ММ | L51: 1348 | N51: 1009 | O51: т | P51: т | Q51: 1000 | Y51: 0.019 | AA51: 29325.93 | AB51: 0 | AC51: 0 | AD51: 0 | AN51: 0 | AO51: 0 | AP51: 0 | AQ51: 0 | AR51: 0 | AT51: 0.019 | AV51: 0 | AW51: 1 | AX51: -1 | AY51: 0 | AZ51: 0 | BB51: 0 | BC51: 0 | BD51: 0 | BE51: 0 | BF51: 0 | BG51: 0 | BH51: 0 | BI51: 0 | BJ51: 0 | BK51: 0 | BL51: 0 | BM51: 0 | BN51: 0 | BO51: 0 | BP51: 0 | BQ51: 0 | BR51: 0 | BS51: 0 | BT51: 0 | BU51: 0 | BV51: 0 | BW51: 0 | CB51: 0
A52: =ROW(Source!A79) -> 79 | B52: 22529512 | C52: 22529946 | D52: 7238377 | E52: 1 | F52: 1 | G52: 7157832 | H52: 3 | I52: 1.7-4-24 | J52: ТСН-2001.1. База. Р.7, о.4, поз.24 | K52: ПРОФИЛИ МЕТАЛЛИЧЕСКИЕ ДЛЯ МОНТАЖА ГИПСОВЫХ ПЕРЕГОРОДОК И ПОДВЕСНЫХ ПОТОЛКОВ СТАЛЬНЫЕ, ОЦИНКОВАННЫЕ, МАРКА ПУ-2, ПРОФИЛЬ УГЛОВОЙ, СЕЧЕНИЕ 31Х31Х0,55 ММ | L52: 1348 | N52: 1009 | O52: т | P52: т | Q52: 1000 | Y52: 0.058 | AA52: 60883.49 | AB52: 0 | AC52: 0 | AD52: 0 | AN52: 0 | AO52: 0 | AP52: 0 | AQ52: 0 | AR52: 0 | AT52: 0.058 | AV52: 0 | AW52: 1 | AX52: -1 | AY52: 0 | AZ52: 0 | BB52: 0 | BC52: 0 | BD52: 0 | BE52: 0 | BF52: 0 | BG52: 0 | BH52: 0 | BI52: 0 | BJ52: 0 | BK52: 0 | BL52: 0 | BM52: 0 | BN52: 0 | BO52: 0 | BP52: 0 | BQ52: 0 | BR52: 0 | BS52: 0 | BT52: 0 | BU52: 0 | BV52: 0 | BW52: 0 | CB52: 0
A53: =ROW(Source!A79) -> 79 | B53: 22529512 | C53: 22529946 | D53: 7238358 | E53: 1 | F53: 1 | G53: 7157832 | H53: 3 | I53: 1.7-4-5 | J53: ТСН-2001.1. База. Р.7, о.4, поз.5 | K53: ПРОФИЛИ СТОЕК МЕТАЛЛИЧЕСКИЕ ДЛЯ МОНТАЖА ГИПСОВЫХ ПЕРЕГОРОДОК И ПОДВЕСНЫХ ПОТОЛКОВ СТАЛЬНЫЕ, ОЦИНКОВАННЫЕ, МАРКА ПС-2, СЕЧЕНИЕ 50Х50Х0,55 ММ | L53: 1348 | N53: 1009 | O53: т | P53: т | Q53: 1000 | Y53: 0.233 | AA53: 27726.65 | AB53: 0 | AC53: 0 | AD53: 0 | AN53: 0 | AO53: 0 | AP53: 0 | AQ53: 0 | AR53: 0 | AT53: 0.233 | AV53: 0 | AW53: 1 | AX53: -1 | AY53: 0 | AZ53: 0 | BB53: 0 | BC53: 0 | BD53: 0 | BE53: 0 | BF53: 0 | BG53: 0 | BH53: 0 | BI53: 0 | BJ53: 0 | BK53: 0 | BL53: 0 | BM53: 0 | BN53: 0 | BO53: 0 | BP53: 0 | BQ53: 0 | BR53: 0 | BS53: 0 | BT53: 0 | BU53: 0 | BV53: 0 | BW53: 0 | CB53: 0
